 Dungeon Crawl Stone Soup version 0.26-a0-996-g6b303dbc09 (webtiles) character file.

Game seed: 4190041566008173687

1727999 Myrdon the Conqueror (level 27, 0/214 HPs)
             Began as a Gargoyle Earth Elementalist on Dec 5, 2020.
             Was the Champion of Vehumet.
             Killed by divine providence
             ... invoked by a balrug
              (12 damage)
             ... on level 25 of a ziggurat on Dec 6, 2020.
             The game lasted 09:25:19 (111477 turns).

Myrdon the Conqueror (GrEE)                       Turns: 111477, Time: 09:25:19

Health: 0/214      AC: 65    Str: 26    XL:     27
Magic:  63/63      EV: 31    Int: 31    God:    Vehumet [******]
Gold:   28334      SH: 18    Dex: 14    Spells: 3/80 levels left

rFire    + + +     SeeInvis +   P - +3 Elemental Staff {rElec rF++ rC++ MR++ AC+5}
rCold    + + .     Faith    .   u - +3 warlock's mirror {reflect}
rNeg     + + +     Spirit   .   z - +4 faerie dragon scales {rCorr Int+2 Dex+2}
rPois    ∞         Reflect  +   O - +1 hat of Axeh {+Inv rN+ Int+3}
rElec    +         Harm     .   E - +3 cloak "Foidemp" {Str+4}
rCorr    +         Rampage  .   A - +1 pair of gloves of Ben Vots {Str+7}
MR       ++++.                  L - +1 pair of boots of Siawol {rF+ rN+ Stlth+}
Stlth    +++++++++.             C - amulet of Vitality {Regen+ HP+15}
HPRegen  0.85/turn              k - ring of Robustness {AC+8}
MPRegen  0.38/turn              Q - ring of the Endless Expanse {rN+ MP+9 SInv}

@: death's door cooldown, flying, very slightly contaminated, invisible
A: big wings, large bone plates 1, molten scales 1, agile 1, blurry vision 1,
negative energy resistance 1, electricity resistance, unbreathing, petrification
resistance, rot immunity, sturdy frame 1, AC +20
}: 11/15 runes: decaying, serpentine, slimy, silver, golden, abyssal, demonic,
glowing, magical, fiery, dark
a: Stop Flying, Renounce Religion, Evoke Invisibility


You were on level 25 of a ziggurat.
You worshipped Vehumet.
Vehumet was exalted by your worship.
You visited 13 branches of the dungeon, and saw 61 of its levels.
You visited Pandemonium 1 time, and saw 13 of its levels.
You visited the Abyss 1 time.
You visited 7 ziggurats (completing 6), and saw 187 of their levels.
You also visited: Sewer, Gauntlet and Volcano.

You collected 30713 gold pieces.
You spent 2379 gold pieces at shops.

Inventory:

Hand Weapons
 l - the +18 lance "Wyrmbane" {slay drac, rPois rF+ rC+ AC+3}
   (You found it on level 21 of a ziggurat)

   It affects your AC (+3).
   It protects you from fire.
   It protects you from cold.
   It protects you from poison.
 P - the +3 Elemental Staff (weapon) {rElec rF++ rC++ MR++ AC+5}
   (You acquired it on level 13 of the Dungeon)

   It affects your AC (+5).
   It greatly protects you from fire.
   It greatly protects you from cold.
   It insulates you from electricity.
   It affects your resistance to hostile enchantments.
Armour
 r - a +2 hat of magic resistance
 u - the +3 warlock's mirror (worn) {reflect}
   (You found it on level 21 of a ziggurat)
 z - the +4 faerie dragon scales (worn) {rCorr Int+2 Dex+2}
   (You took it off the Enchantress on level 1 of the Depths)

   It affects your intelligence (+2).
   It affects your dexterity (+2).
   It provides partial protection from all sources of acid and corrosion.
 A - the +1 pair of gloves of Ben Vots (worn) {Str+7}
   (You found it on level 3 of the Tomb of the Ancients)

   It affects your strength (+7).
 E - the +3 cloak "Foidemp" (worn) {Str+4}
   (You found it on level 25 of a ziggurat)

   It affects your strength (+4).
 I - the cursed +0 helmet of the First Snow {Int+7}
   (You found it on level 8 of a ziggurat)

   It affects your intelligence (+7).
   It has a curse placed upon it.
 L - the +1 pair of boots of Siawol (worn) {rF+ rN+ Stlth+}
   (You acquired it on level 1 of the Swamp)

   It protects you from fire.
   It protects you from negative energy.
   It makes you more stealthy.
 O - the +1 hat of Axeh (worn) {+Inv rN+ Int+3}
   (You acquired it on level 19 of a ziggurat)

   It affects your intelligence (+3).
   It protects you from negative energy.
   It lets you turn invisible.
 U - a scarf of invisibility
Jewellery
 j - the amulet "Murph" {Reflect MP+9 Dex+7 SH+5}
   (You found it on level 26 of a ziggurat)

   [amulet of reflection]

   It shields you and reflects attacks.
   It affects your dexterity (+7).
   It affects your magic capacity (+9).
   It affects your SH (+5).
 k - the ring of Robustness (left hand) {AC+8}
   (You found it on level 13 of a ziggurat)

   [ring of protection]

   It affects your AC (+8).
 w - the ring of Vocyrgh {+Blink rN+ Int+6}
   (You found it on level 21 of a ziggurat)

   [ring of intelligence]

   It affects your intelligence (+6).
   It protects you from negative energy.
   It lets you blink.
 y - the ring of Phasing {EV+8}
   (You found it on level 7 of a ziggurat)

   [ring of evasion]

   It affects your evasion (+8).
 C - the amulet of Vitality (around neck) {Regen+ HP+15}
   (You found it on level 14 of a ziggurat)

   [amulet of regeneration]

   It affects your health (+15).
   It increases your rate of regeneration.
 K - the ring of Liberalism {rN++ MR- rCorr Int+8 Stlth-}
   (You found it on level 9 of a ziggurat)

   [ring of resist corrosion]

   It affects your intelligence (+8).
   It greatly protects you from negative energy.
   It affects your resistance to hostile enchantments.
   It provides partial protection from all sources of acid and corrosion.
   It makes you less stealthy.
 N - the ring of Moderation {*Contam +Fly rElec rPois rC+}
   (You found it on level 19 of a ziggurat)

   [ring of flight]

   It protects you from cold.
   It insulates you from electricity.
   It protects you from poison.
   It lets you fly.
   It causes magical contamination when unequipped.
 Q - the ring of the Endless Expanse (right hand) {rN+ MP+9 SInv}
   (You found it on level 5 of the Pits of Slime)

   [ring of see invisible]

   It protects you from negative energy.
   It affects your magic capacity (+9).
   It lets you see invisible.
Wands
 H - a wand of acid (67)
Scrolls
 c - 34 scrolls of identify
 e - 156 scrolls of remove curse
 g - 16 scrolls of blinking
 m - 33 scrolls of magic mapping
 o - 143 scrolls of teleportation
 q - 35 scrolls of amnesia
 v - 9 scrolls of holy word
 B - 91 scrolls of fog
 W - 9 scrolls of summoning
Potions
 b - 6 potions of ambrosia
 d - 56 potions of magic
 f - 7 potions of brilliance
 h - 33 potions of heal wounds
 i - 21 potions of cancellation
 n - 30 potions of curing
 p - 134 potions of mutation
 s - 9 potions of resistance
 x - 2 potions of invisibility
 G - 11 potions of berserk rage
 R - 16 potions of haste
 S - 15 potions of might
Miscellaneous
 a - a phantom mirror
 D - a tin of tremorstones (2/2)
 F - a condenser vane
 J - a box of beasts


   Skills:
 O Level 27 Fighting
 O Level 27 Short Blades
 O Level 27 Long Blades
 O Level 27 Axes
 O Level 27 Maces & Flails
 O Level 27 Polearms
 O Level 27 Staves
 O Level 27 Slings
 + Level 24.0 Bows
 O Level 27 Crossbows
 O Level 27 Throwing
 O Level 27 Armour
 O Level 27 Dodging
 O Level 27 Stealth
 O Level 27 Shields
 O Level 27 Unarmed Combat
 O Level 27 Spellcasting
 O Level 27 Conjurations
 O Level 27 Hexes
 O Level 27 Summonings
 O Level 27 Necromancy
 + Level 22.1 Translocations
 O Level 27 Transmutations
 O Level 27 Fire Magic
 O Level 27 Ice Magic
 O Level 27 Air Magic
 O Level 27 Earth Magic
 + Level 23.7 Poison Magic
 + Level 25.4 Invocations
 O Level 27 Evocations


You had 3 spell levels left.
You knew the following spells:

 Your Spells              Type           Power        Failure   Level
a - Shatter               Erth           ########..   1%          9
b - Tornado               Air            ########..   1%          9
c - Discord               Hex            ########..   1%          8
d - Lehudib's Crystal Sp  Conj/Erth      ########..   1%          8
e - Absolute Zero         Ice            ########..   1%          9
f - Fire Storm            Conj/Fire      ########..   1%          9
g - Ignition              Fire           ########..   1%          8
h - Necromutation         Tmut/Necr      ########..   1%          8
i - Death's Door          Necr           ########..   1%          9

Your spell library contained the following spells:

 Spells                   Type           Power        Failure   Level
 Animate Skeleton         Necr           ######       0%          1
 Apportation              Tloc           ######       0%          1
 Beastly Appendage        Tmut           ######       0%          1
 Corona                   Hex            #######      0%          1
 Foxfire                  Conj/Fire      ####         0%          1
 Freeze                   Ice            ####         0%          1
 Magic Dart               Conj           ####         0%          1
 Pain                     Necr           ####         0%          1
 Sandblast                Erth           ######       0%          1
 Shock                    Conj/Air       ####         0%          1
 Sting                    Tmut/Pois      ####         0%          1
 Summon Small Mammal      Summ           ####         0%          1
 Blink                    Tloc           N/A          0%          2
 Call Imp                 Summ           ########     0%          2
 Corpse Rot               Necr/Air       N/A          0%          2
 Ensorcelled Hibernation  Hex/Ice        ######       0%          2
 Passwall                 Tmut/Erth      ########     0%          2
 Poisonous Vapours        Pois/Air       ######       0%          2
 Searing Ray              Conj           ######       0%          2
 Slow                     Hex            ########     0%          2
 Swiftness                Air            ########     0%          2
 Wereblood                Tmut           ########     0%          2
 Call Canine Familiar     Summ           ########     0%          3
 Confusing Touch          Hex            ########     0%          3
 Conjure Flame            Conj/Fire      ########     0%          3
 Dazzling Flash           Conj/Hex       ######       0%          3
 Frozen Ramparts          Ice            ######       0%          3
 Gell's Gravitas          Tloc           ########..   0%          3
 Ignite Poison            Fire/Tmut/Pois ########     0%          3
 Inner Flame              Hex/Fire       ########     0%          3
 Lesser Beckoning         Tloc           ########..   0%          3
 Mephitic Cloud           Conj/Pois/Air  ########     0%          3
 Ozocubu's Armour         Ice            ########     0%          3
 Portal Projectile        Hex/Tloc       ######       0%          3
 Spider Form              Tmut/Pois      ########..   0%          3
 Static Discharge         Conj/Air       ########     0%          3
 Stone Arrow              Conj/Erth      ######       0%          3
 Summon Guardian Golem    Hex/Summ       ########     0%          3
 Teleport Other           Tloc           ########     0%          3
 Tukima's Dance           Hex            ########     0%          3
 Vampiric Draining        Necr           ########..   0%          3
 Airstrike                Air            ########..   0%          4
 Animate Dead             Necr           ########..   0%          4
 Cause Fear               Hex            ########..   0%          4
 Dispel Undead            Necr           ########     0%          4
 Fulminant Prism          Conj/Hex       ########..   0%          4
 Hailstorm                Conj/Ice       ########     0%          4
 Ice Form                 Ice/Tmut       ########     0%          4
 Iskenderun's Mystic Bla  Conj/Tloc      ########     0%          4
 Leda's Liquefaction      Hex/Erth       ########..   0%          4
 Olgreb's Toxic Radiance  Pois           ########     0%          4
 Passage of Golubria      Tloc           N/A          0%          4
 Petrify                  Tmut/Erth      ########     0%          4
 Sticky Flame             Conj/Fire      ########     0%          4
 Summon Ice Beast         Ice/Summ       ########     0%          4
 Summon Lightning Spire   Summ/Air       ########     0%          4
 Agony                    Necr           ########     0%          5
 Alistair's Intoxication  Tmut/Pois      ########.    0%          5
 Blade Hands              Tmut           ########..   0%          5
 Bolt of Magma            Conj/Fire/Erth #########.   0%          5
 Borgnjor's Vile Clutch   Necr/Erth      ########..   0%          5
 Excruciating Wounds      Necr           ########..   0%          5
 Fireball                 Conj/Fire      ########..   0%          5
 Irradiate                Conj/Tmut      ########..   0%          5
 Iskenderun's Battlesphe  Conj           ########     0%          5
 Lee's Rapid Deconstruct  Erth           ########..   0%          5
 Lightning Bolt           Conj/Air       ########..   0%          5
 Metabolic Englaciation   Hex/Ice        ########..   0%          5
 Silence                  Hex/Air        ########..   0%          5
 Summon Demon             Summ           ########..   0%          5
 Summon Forest            Summ/Tloc      ########..   0%          5
 Summon Mana Viper        Hex/Summ       ########     0%          5
 Yara's Violent Unravell  Hex/Tmut       ########..   0%          5
 Conjure Ball Lightning   Conj/Air       ########..   0%          6
 Death Channel            Necr           ########..   0%          6
 Dispersal                Tloc           ########..   0%          6
 Eringya's Noxious Bog    Tmut/Pois      ########..   0%          6
 Freezing Cloud           Conj/Ice/Air   #########.   0%          6
 Hydra Form               Tmut           ########..   0%          6
 Invisibility             Hex            ########     0%          6
 Iron Shot                Conj/Erth      ########..   0%          6
 Ozocubu's Refrigeration  Ice            ########..   0%          6
 Shadow Creatures         Summ           N/A          0%          6
 Simulacrum               Ice/Necr       ########..   0%          6
 Starburst                Conj/Fire      ########..   0%          6
 Dragon Form              Tmut           ########..   0%          7
 Haunt                    Necr/Summ      ########..   0%          7
 Monstrous Menagerie      Summ           ########..   0%          7
 Orb of Destruction       Conj           ########..   0%          7
 Spellforged Servitor     Conj/Summ      ########..   0%          7
 Summon Greater Demon     Summ           ########..   0%          7
 Summon Hydra             Summ           ########..   0%          7
 Malign Gateway           Summ/Tloc      ########..   1%          7
 Borgnjor's Revivificati  Necr           ########..   1%          8
 Chain Lightning          Conj/Air       ########..   1%          8
 Disjunction              Tloc           ########..   1%          8
 Infestation              Necr           ########..   1%          8
 Summon Horrible Things   Summ           ########..   1%          8
 Dragon's Call            Summ           ########..   1%          9
 Sublimation of Blood     Necr           Unusable     N/A         2
 Statue Form              Tmut/Erth      Unusable     N/A         6

Dungeon Overview and Level Annotations

Branches:
Dungeon (15/15)            Temple (1/1) D:6            Lair (6/6) D:10
  Swamp (4/4) Lair:3        Snake (4/4) Lair:2        Slime (5/5) Lair:6
    Orc (2/2) D:10            Elf (3/3) Orc:2        Vaults (5/5) D:13
  Crypt (3/3) Vaults:2       Tomb (3/3) Crypt:3      Depths (5/5) D:15
    Zot (5/5) Depths:5      Sewer (visited)         Volcano (visited)
Gauntlet (visited)

Altars:
Ashenzari
Cheibriados
Dithmenos
Elyvilon
Fedhas
Gozag
Hepliaklqana
Kikubaaqudgha
Makhleb
Nemelex Xobeh
Okawaru
Qazlal
Ru
Sif Muna
Trog
Uskayaw
Vehumet
Wu Jian
Xom
Yredelemnul
Zin
The Shining One
Beogh
Jiyva

Shops:
D:4 *   D:9 (   D:10 :   D:12 ?   D:13 ?   Orc:2 (:**   Elf:1 *   Elf:2 ?
Snake:2 :![   Snake:3 }==   Vaults:1 }   Vaults:2 ?

Portals:
Hell: Depths:1 Depths:2 Depths:3 Depths:4 Depths:5
Abyss: Depths:1 Depths:2 Depths:3 Depths:4 Depths:5
Pandemonium: Depths:1 Depths:2 Depths:3 Depths:4
Ziggurat: D:15

Annotations:
Elf:2 3 runed translucent doors
Zot:1 2 transporters


Innate Abilities, Weirdness & Mutations

You are resistant to torment.
Your stone body is resilient. (AC +20)
You are immune to poison.
Your large and strong wings let you fly indefinitely.
You resist negative energy. (rN+)
You are resistant to electric shocks. (rElec)
You can survive without breathing.
You are immune to petrification.
You are immune to rotting.
You are partially covered in large bone plates. (SH +4)
You are partially covered in molten scales. (AC +2)
You are agile. (Dex +2)
Scrolls take you a little longer to read.
Your movements are slightly less encumbered by armour. (ER -2)


Message History

You kill the Ice Fiend!
Vehumet accepts your kill.
The balrug is heavily wounded.
The cacodemon is lightly wounded.
You kill the smoke demon!
Vehumet accepts your kill.
You kill the ynoxinul!
Vehumet accepts your kill.
You kill the infernal blood saint!
Vehumet accepts your kill.
You kill the smoke demon!
Vehumet accepts your kill.
Your life is in your own hands again!
You hear a shout!
You hear a roar!
A tormentor comes into view.
A green death comes into view.
A large abomination comes into view.
A green death comes into view.
A Brimstone Fiend comes into view.
An Ice Fiend comes into view.
The balrug gestures at you. Something smites you!
You die...

................)).....[
................)....).)
.............)))...))[.)
..............[.....).[.
..................).[)2.
..............).....)))X
................)....[2)
...............(@..)))2)
..............)......[)2
.................)..[)[1
...................[..)2
....................)))1
........................
.................).....)
.....................[..


You could see a Brimstone Fiend, an Ice Fiend, a cacodemon (black mark), a
balrug (black mark), 2 green deaths, a large abomination (wandering, black mark)
and a tormentor (black mark).

Vanquished Creatures
  Cerebov (Pan)
  the Royal Jelly (Slime:5)
  Gloorx Vloq (Pan)
  The ghost of Sobuoh the Slayer, a legendary GrEE of Vehumet (Zig:16)
  The ghost of Zorhyraw the Slayer, a legendary GrEE of Vehumet (Zig:16)
  Mnoleg (Pan)
  The ghost of Ygonacw the Petrodigitator, a legendary GrEE of Vehumet (Zig:16)
  The ghost of Wougrad the Conqueror, a legendary GrEE of Vehumet (Zig:16)
  The ghost of Rotwopom the Cloud Mage, a legendary NaVM of Cheibriados (Zig:16)
  The ghost of Rotwopom the Cloud Mage, a legendary NaVM of Cheibriados (Zig:16)
  The ghost of Rotwopom the Cloud Mage, a legendary NaVM of Cheibriados (Zig:16)
  Lom Lobon (Pan)
  The ghost of Cygay the Pyromancer, a legendary GrEE of Vehumet (Zig:16)
  The ghost of Doptycau the Warrior, a legendary OpEE of Gozag (Zot:1)
  The ghost of Doptycau the Warrior, a legendary OpEE of Gozag (Zot:3)
  The ghost of Umoqal the Sorcerer, a legendary DEEE of Vehumet (Zig:16)
  The ghost of Erhaimih the Impregnable, a legendary DDNe of Makhleb (Zig:16)
  The ghost of Erhaimih the Impregnable, a legendary DDNe of Makhleb (Zig:16)
  180 ancient liches
  Mennas (Tomb:1)
  5 orbs of fire (Zot:5)
  Mara (Elf:3)
  The ghost of Muffal the Impregnable, a legendary FoFi of the Shining One (Zig:16)
  The ghost of voshxx the Cryomancer, a legendary GrEE of Sif Muna (Zot:5)
  39 juggernauts
  The ghost of Saonuxt the Cutthroat, a legendary DsFi of Uskayaw (Zig:16)
  The ghost of Saonuxt the Cutthroat, a legendary DsFi of Uskayaw (Zig:16)
  The ghost of Xiorchab the Archmage, a legendary VSFi of Wu Jian (Zig:16)
  The ghost of Xiorchab the Archmage, a legendary VSFi of Wu Jian (Zig:16)
  226 royal mummies
  The ghost of Gishoal the Imperceptible, a legendary KoBr of Wu Jian (Zig:16)
  The ghost of Gishoal the Imperceptible, a legendary KoBr of Wu Jian (Zig:16)
  22 shard shrikes
  44 Killer Klowns
  Boris (4 times) (Vaults:3 Vaults:5 Depths:3 Depths:5)
  the Lernaean hydra (Swamp:4)
  The ghost of Ihoic the Archmage, a legendary SpEn of Dithmenos (Zig:16)
  The ghost of Ihoic the Archmage, a legendary SpEn of Dithmenos (Zig:16)
  Xtahua (Depths:5)
  Saint Roka (Depths:5)
  Margery (Crypt:1)
  5 curse toes
  The ghost of Icuofef the Sorcerer, a veteran SpEn of Dithmenos (Zig:20)
  The ghost of Icuofef the Sorcerer, a veteran SpEn of Dithmenos (Zig:16)
  The ghost of Icuofef the Sorcerer, a veteran SpEn of Dithmenos (Zig:20)
  47 caustic shrikes
  201 golden dragons
  71 pandemonium lords
  30 profane servitors
  55 bone dragons
  the Enchantress (Depths:1)
  31 iron giants
  3 doom hounds (Zig:12)
  50 Tzitzimimeh
  The ghost of Xootouk the Archmage, a master SpEn of Dithmenos (Zig:20)
  The ghost of Xootouk the Archmage, a master SpEn of Dithmenos (Zig:20)
  The ghost of Xootouk the Archmage, a master SpEn of Dithmenos (Zig:20)
  12 electric golems
  84 Brimstone Fiends
  81 Hell Sentinels
  Jorgrun (D:12)
  83 liches
  41 hellephants
  114 tentacled monstrosities
  57 Ice Fiends
  25 Orb Guardians (Zot:5)
  32 deep elf blademasters
  62 quicksilver dragons
  37 deep elf master archers
  358 acid blobs
  108 titans
  2 quicksilver dragons (shapeshifter)
  69 Executioners
  53 sphinxes
  13 death cobs
  97 ancient champions
  21 tentacled starspawn
  Frances (Snake:1)
  48 shadow dragons
  Agnes (Snake:3)
  12 thorn hunters
  34 tengu reavers
  48 storm dragons
  105 revenants
  224 nagarajas
  2 azure jellies (shapeshifter) (Zig:17)
  The ghost of Zarkath the Lord of Darkness, an adept DsNe of Kikubaaqudgha (Snake:3)
  A shadow dragon (shapeshifter) (Zig:17)
  2 fire giants (shapeshifter) (Zig:17)
  The ghost of TheWayOfAllFlesh the Quickloader, an adept GnDe of Cheibriados (Swamp:4)
  A daeva (Zig:18)
  6 fenstrider witches
  A fenstrider witch (shapeshifter) (Zig:18)
  42 draconian monks
  16 fire giants
  38 frost giants
  61 draconian scorchers
  43 emperor scorpions
  162 azure jellies
  76 ghost moths
  60 draconian knights
  26 caustic shrike zombies
  Louise (D:14)
  60 warmongers
  A frost giant (shapeshifter) (Zig:18)
  58 cacodemons
  59 vault wardens
  3 emperor scorpions (shapeshifter)
  47 iron dragons
  79 corrupters
  148 balrugs
  113 orc warlords
  32 juggernaut zombies
  24 deep elf sorcerers
  Aizul (Snake:4)
  48 draconian shifters
  166 reapers
  41 draconian stormcallers
  51 very ugly things
  21 ghouls
  3 angels
  8 deep elf elementalists
  A spectral Killer Klown (Zot:1)
  88 curse skulls
  80 stone giants
  61 ironheart preservers
  2 ophanim
  96 vampire knights
  77 draconian annihilators
  18 caustic shrike skeletons
  61 war gargoyles
  5 spriggan defenders
  29 juggernaut skeletons
  84 blood saints
  2 apis (Zig:4)
  62 black suns
  42 green draconians
  33 bunyips
  47 lorocyprocas
  34 red draconians
  27 black draconians
  61 deep elf annihilators
  Nessos (D:14)
  40 bennus
  38 deep elf demonologists
  A minotaur (Gauntlet)
  A bunyip (shapeshifter) (Zig:26)
  A minotaur (shapeshifter) (Zig:26)
  29 yellow draconians
  30 dire elephants
  46 entropy weavers
  A spark wasp (shapeshifter) (Zig:26)
  28 spark wasps
  2 dire elephants (shapeshifter) (Zig:18)
  37 white draconians
  37 eleionomae
  40 purple draconians
  134 green deaths
  40 merfolk impalers
  28 small abominations
  86 eidola
  3 eleionomae (shapeshifter)
  39 deep elf death magi
  112 blizzard demons
  15 quicksilver dragon zombies
  6 crystal guardians
  162 mummy priests
  32 fire dragons
  75 merfolk javelineers
  33 death oozes
  61 shambling mangroves
  30 ettins
  9 jiangshi
  61 naga warriors
  39 yaktaur captains
  13 rakshasas
  78 great orbs of eyes
  35 vault guards
  7 quicksilver dragon skeletons
  36 deep elf high priests
  Fannar (Lair:2)
  33 hell beasts
  163 hydras
  57 ice dragons
  3 juggernaut simulacra
  39 spriggan air magi
  2 caustic shrike simulacra
  3 boulder beetles (shapeshifter)
  Erica (D:9)
  11 monstrous demonspawn
  45 anacondas
  5 alligator snapping turtles (shapeshifter)
  13 death knights
  34 boulder beetles
  An anaconda (shapeshifter) (Zig:21)
  145 merfolk aquamancers
  29 catoblepae
  16 merfolk avatars
  85 death scarabs
  32 ghost crabs
  50 two-headed ogres
  6 two-headed ogres (shapeshifter)
  A queen ant (shapeshifter) (Zig:26)
  32 alligators
  15 death yaks
  10 deep troll shamans
  43 ogre magi
  9 satyrs
  124 dancing weapons
  2 Killer Klown simulacra (Zot:1)
  19 centaur warriors
  28 alligator snapping turtles
  4 satyrs (shapeshifter)
  2 queen ants
  14 tengu warriors
  102 vampire magi
  11 spriggan berserkers
  34 titan zombies
  75 naga sharpshooters
  25 hell hogs
  73 shock serpents
  8 deep troll earth magi
  30 sun demons
  13 thrashing horrors
  2 holy swine (Pan)
  25 storm dragon zombies
  56 hell knights
  128 orc high priests
  30 titan skeletons
  85 deep elf knights
  55 soul eaters
  Sonja (D:11)
  An iron golem (Zig:23)
  6 shock serpents (shapeshifter)
  A fire crab (shapeshifter) (Zig:18)
  28 wretched stars
  50 spriggans
  48 iron trolls
  A fire crab (Zig:14)
  3 spark wasp zombies
  29 golden dragon zombies
  22 salamander mystics
  2 iron trolls (shapeshifter) (Zig:13)
  4 death drakes (shapeshifter)
  81 skeletal warriors
  35 sea snakes
  A goliath frog (shapeshifter) (Zig:13)
  24 sixfirhies
  41 shadow wraiths
  2 cherubim (Zig:19)
  2 unseen horrors (shapeshifter)
  28 glowing orange brains
  15 storm dragon skeletons
  56 spriggan druids
  13 spatial maelstroms
  20 goliath frogs
  6 gelid demonspawn
  17 bog bodies
  34 naga ritualists
  2 quicksilver dragon simulacra
  23 deep trolls
  8 unseen horrors
  2 glowing orange brains (shapeshifter)
  69 flayed ghosts
  A deep troll (shapeshifter) (Zig:20)
  80 death drakes
  14 wizards
  2 sea snakes (shapeshifter)
  70 deep elf archers
  137 swamp dragons
  47 ironbrand convokers
  4 swamp dragons (shapeshifter)
  40 shadow demons
  26 shadow dragon zombies
  11 infernal demonspawn
  8 torturous demonspawn
  Pikel (D:5)
  10 orange crystal statues
  2 spectral hydras (Gauntlet)
  21 tengu zombies
  47 phantasmal warriors
  6 obsidian statues
  64 harpies
  A wolf spider zombie (D:10)
  32 golden dragon skeletons
  29 necromancers
  60 orb spiders
  65 orc knights
  An anaconda skeleton (Crypt:3)
  A harpy (shapeshifter) (Zig:21)
  2 lindwurms (shapeshifter)
  3 orb spiders (shapeshifter)
  24 oklob plants
  24 sphinx zombies
  10 frost giant zombies
  5 fire giant zombies
  70 orc sorcerers
  234 deep elf magi
  A shining eye (shapeshifter) (Zig:27)
  8 lindwurms
  20 iron dragon zombies
  21 shadow dragon skeletons
  4 mana vipers (shapeshifter)
  25 mana vipers
  20 fauns
  16 cyclopes
  2 wolf spiders (shapeshifter)
  2 stone giant zombies
  70 ugly things
  A glowing shapeshifter (Vaults:5)
  3 manticores (shapeshifter)
  63 wolf spiders
  32 will-o-the-wisps
  76 guardian serpents
  2 moths of wrath (shapeshifter)
  5 cyclopes (shapeshifter)
  4 fauns (shapeshifter)
  29 elephants
  30 salamanders
  76 shining eyes
  18 tengu skeletons
  A stone giant skeleton (Pan)
  42 manticores
  13 sphinx skeletons
  A salamander (shapeshifter) (Zig:13)
  53 eyes of devastation
  31 merfolk sirens
  3 worldbinders
  15 iron dragon skeletons
  130 moths of wrath
  2 guardian serpents (shapeshifter)
  183 black mambas
  A shock serpent zombie (Crypt:3)
  31 spriggan zombies
  6 fire giant skeletons
  84 rust devils
  4 centaur zombies
  7 elephants (shapeshifter)
  97 naga magi
  54 vault sentinels
  5 eyes of devastation (shapeshifter)
  37 cane toads
  38 orange demons
  41 torpor snails
  15 ice statues
  116 water nymphs
  25 apocalypse crabs
  A titan simulacrum (Zig:20)
  5 frost giant skeletons
  22 spriggan skeletons
  46 smoke demons
  2 gargoyles
  2 storm dragon simulacra
  2 water nymphs (shapeshifter)
  2 dire elephant skeletons (Crypt:3)
  4 torpor snails (shapeshifter)
  3 cane toads (shapeshifter)
  An alligator snapping turtle zombie (Crypt:2)
  A redback zombie (D:10)
  122 hellions
  41 rime drakes
  4 komodo dragons (shapeshifter)
  An emperor scorpion zombie (Abyss:1)
  31 komodo dragons
  92 elf zombies
  54 freezing wraiths
  102 tormentors
  2 yaktaurs (shapeshifter)
  32 demonic crawlers
  54 yaktaurs
  65 ice devils
  2 spark wasp simulacra
  11 efreet
  2 yaktaur zombies
  2 golden dragon simulacra
  10 ancient zymes
  33 hellwings
  56 red devils
  327 guardian mummies
  6 merfolk (shapeshifter)
  6 tengu conjurers
  2 harpy zombies
  5 silent spectres (Zig:12)
  A yaktaur skeleton (Zig:3)
  4 queen bees (shapeshifter)
  7 polar bears
  2 jumping spiders (shapeshifter)
  A meliai (Zig:9)
  128 merfolk
  2 tyrant leeches (shapeshifter)
  40 wind drakes
  2 meliai (shapeshifter)
  45 jumping spiders
  85 large abominations
  14 bloated husks
  2 shadow dragon simulacra
  2 tengu simulacra
  46 trolls
  19 tyrant leeches
  A tarantella zombie (Crypt:1)
  5 slime creatures (shapeshifter)
  4 hornets (shapeshifter)
  146 hornets
  2 wind drakes (shapeshifter)
  26 blink frogs
  2 fire dragon zombies (Crypt:3)
  36 snapping turtles
  A deep troll zombie (Zig:3)
  Grinder (D:5)
  24 raiju
  373 slime creatures
  A blink frog (shapeshifter) (Zig:13)
  2 raiju (shapeshifter)
  3 iron dragon simulacra
  A sphinx simulacrum (Zig:18)
  2 hydra skeletons (Crypt:3)
  18 dream sheep
  3 dream sheep (shapeshifter)
  A fire giant simulacrum (Zig:11)
  6 snapping turtles (shapeshifter)
  A meliai zombie (D:10)
  44 redbacks
  2 ettin skeletons
  Sigmund (D:4)
  237 flying skulls
  43 starcursed masses
  57 water elementals
  3 deep troll skeletons
  A fire dragon skeleton (Tomb:3)
  36 tarantellas
  28 air elementals
  A centaur simulacrum (D:15)
  An ice dragon skeleton (Crypt:1)
  6 redbacks (shapeshifter)
  20 shadows
  4 tarantellas (shapeshifter)
  82 wraiths
  31 ynoxinuls
  21 wyverns
  A yak (shapeshifter) (Zig:26)
  137 ushabtiu
  27 fire elementals
  82 yaks
  A spriggan simulacrum (Zig:20)
  A hog (shapeshifter) (Zig:22)
  20 humans (D:13)
  16 fire bats
  A golden eye (shapeshifter) (Depths:3)
  46 chaos spawn
  7 vampire mosquitoes
  36 golden eyes
  14 basilisks
  17 steam dragons
  Grum (D:10)
  5 swamp worms (shapeshifter)
  47 elf skeletons
  25 neqoxecs
  A warg (shapeshifter) (Zig:19)
  39 wargs
  Menkaure (D:6)
  89 nagas
  2 spatial vortices (Abyss:1)
  17 swamp worms
  13 acid dragons
  6 insubstantial wisps
  Edmund (D:4)
  A soldier ant (shapeshifter) (Zig:22)
  27 soldier ants
  A human zombie (Zig:6)
  41 water moccasins
  A water moccasin (shapeshifter) (Zig:13)
  26 floating eyes
  45 hell hounds
  Duvessa (D:6)
  A torturous demonspawn skeleton (Crypt:1)
  3 floating eyes (shapeshifter)
  236 orc warriors
  27 swamp drakes
  10 sky beasts
  7 phantoms
  An elf simulacrum (Zig:20)
  15 ice beasts
  3 black bears
  A blink frog zombie (Crypt:1)
  23 necrophages
  A snapping turtle zombie (Tomb:1)
  An ettin simulacrum (Zig:5)
  An ogre (shapeshifter) (Depths:2)
  10 wolves
  2 eyes of draining (shapeshifter)
  139 ogres
  92 eyes of draining
  38 centaurs
  19 boggarts
  A snapping turtle skeleton (Tomb:3)
  A big kobold (shapeshifter) (Zig:26)
  5 big kobolds
  18 bullfrogs
  33 earth elementals
  A wyvern zombie (D:10)
  3 glowing shapeshifter simulacra
  A gnoll sergeant (Zig:13)
  Dowan (D:6)
  A water moccasin skeleton (D:12)
  3 scorpions
  A troll zombie (Crypt:1)
  2 human simulacra
  6 killer bees (D:9)
  36 wights
  6 howler monkeys
  2 electric eels
  11 lava snakes
  A crimson imp (Depths:3)
  A quasit (Abyss:1)
  7 centaur skeletons
  42 orc priests
  5 hounds
  7 jellies
  4 bullfrog zombies
  2 bullfrog skeletons
  50 orc wizards
  2 human skeletons
  77 iron imps
  A gnoll shaman (Zig:23)
  5 iguanas
  7 lightning spires
  5 hell rats
  31 worker ants
  A naga zombie (Crypt:2)
  An acid dragon skeleton (Crypt:1)
  A demigod skeleton (Crypt:2)
  A felid skeleton (Crypt:2)
  567 mummies
  14 adders
  12 gnolls
  2 howler monkey skeletons
  3 river rats
  16 shadow imps
  4 white imps
  2 ufetubi
  12 oozes
  2 adder zombies
  An adder skeleton (D:6)
  8 worms
  16 ball lightnings
  A barachi skeleton (Crypt:2)
  8 leopard geckos
  109 orcs
  A ball python (Sewer)
  7 bats
  A bat skeleton (Crypt:2)
  4 giant cockroaches
  A giant cockroach (shapeshifter) (Zig:26)
  7 goblins
  7 hobgoblins
  15 jackals
  12 kobolds
  7 quokkas
  A river rat zombie (Crypt:2)
  A dart slug zombie (Crypt:2)
  3 frilled lizards
  A goblin skeleton (Crypt:2)
  2 jackal zombies (D:5)
  A leopard gecko skeleton (Crypt:1)
  A leopard gecko zombie (D:7)
  An orc skeleton (Crypt:3)
  A quokka zombie (D:7)
  13 rats
  125 blocks of ice
  51 briar patches
  29 crawling corpses
  143 fire vortices
  2 lurking horrors
  A plant (Zig:19)
  8 starspawn tentacles
17837 creatures vanquished.

Vanquished Creatures (collateral kills)
  4 pandemonium lords (Zig:17)
  An ancient lich (Zig:4)
  A Killer Klown (Zig:17)
  8 royal mummies
  A shard shrike (Zig:20)
  A caustic shrike (Zig:14)
  A Tzitzimitl (Zig:25)
  A bone dragon (Zig:18)
  A tentacled monstrosity (Zig:3)
  2 hellephants (Zig:14)
  17 acid blobs
  A sphinx (shapeshifter) (Zig:17)
  3 azure jellies
  A tentacled starspawn (Zig:11)
  A revenant (Zig:12)
  7 nagarajas
  A fire giant (shapeshifter) (Zig:17)
  2 black suns
  2 cacodemons
  2 juggernaut zombies
  An emperor scorpion (Zig:7)
  A draconian shifter (Zig:8)
  3 reapers
  A draconian stormcaller (Zig:6)
  2 juggernaut skeletons
  A bennu (Zig:15)
  A white draconian (Zig:6)
  Snorg (D:13)
  2 dire elephants (Zig:14)
  An eidolon (Zig:16)
  A blizzard demon (Zig:10)
  A green death (Zig:26)
  5 mummy priests (Zig:15)
  2 merfolk javelineers (Zig:24)
  An ice dragon (Zig:23)
  8 hydras (Zig:14)
  A boulder beetle (D:12)
  2 catoblepae (Zig:14)
  5 merfolk aquamancers (Zig:24)
  3 dancing weapons (Zig:9)
  A death yak (Zig:14)
  An orc high priest (Zig:13)
  2 deep elf knights (Zig:9)
  3 shock serpents
  4 naga sharpshooters
  A skeletal warrior (Zig:12)
  A wretched star (Zig:11)
  A golden dragon zombie (Zig:6)
  4 sea snakes (Zig:24)
  A sixfirhy (Zig:18)
  A glowing orange brain (Zig:22)
  A shadow demon (Zig:12)
  A golden dragon skeleton (Zig:22)
  A glowing orange brain (shapeshifter) (Zig:9)
  A naga ritualist (Zig:20)
  3 harpies (Zig:24)
  2 deep elf magi (Zig:9)
  A sphinx zombie (Zig:18)
  A phantasmal warrior (Zig:10)
  3 fire giant zombies (Zig:11)
  6 manticores (Zig:24)
  An ugly thing (Zig:17)
  A tengu skeleton (Zig:16)
  3 shining eyes
  A mana viper (Zig:7)
  A worldbinder (Zig:11)
  A large abomination (Zig:25)
  2 salamanders (Zig:20)
  A moth of wrath (Zig:13)
  A sphinx skeleton (Zig:18)
  6 guardian serpents
  A fire giant skeleton (Zig:15)
  An eye of devastation (Zig:13)
  A spriggan zombie (Zig:18)
  15 black mambas
  2 apocalypse crabs (Zig:17)
  A torpor snail (Zig:14)
  8 water nymphs (Zig:24)
  A smoke demon (Zig:10)
  6 naga magi
  A cane toad (Zig:14)
  A hellion (Zig:24)
  A freezing wraith (Zig:12)
  2 elf zombies
  An ice devil (Zig:12)
  3 tormentors
  4 merfolk (Zig:24)
  A wind drake (Zig:24)
  2 blink frogs (Zig:14)
  8 slime creatures
  An air elemental (Zig:8)
  2 flying skulls
  A tarantella (Zig:18)
  2 ynoxinuls
  A yak (Zig:14)
  A fire bat (shapeshifter) (Zig:9)
  3 elf skeletons
  A wyvern (Zig:14)
  A water elemental (Zig:24)
  2 wraiths
  3 ushabtiu
  2 golden eyes
  A basilisk (Zig:14)
  5 water moccasins (Zig:14)
  A naga (Zig:7)
  4 floating eyes
  An orc warrior (Zig:13)
  2 eyes of draining
  A centaur (Zig:24)
  3 iron imps (Zig:10)
  15 mummies
  A ball lightning (Zig:17)
273 creatures vanquished.

Vanquished Creatures (others)
  The ghost of Sobuoh the Slayer, a legendary GrEE of Vehumet (Zig:16)
  The ghost of Qumaaz the Conqueror, a legendary HuIE of Hepliaklqana (Zig:16)
  The ghost of Cygay the Pyromancer, a legendary GrEE of Vehumet (Zig:20)
  The ghost of Cygay the Pyromancer, a legendary GrEE of Vehumet (Zig:16)
  The ghost of Cygay the Pyromancer, a legendary GrEE of Vehumet (Zig:16)
  The ghost of Erhaimih the Impregnable, a legendary DDNe of Makhleb (Zig:16)
  The ghost of Xiorchab the Archmage, a legendary VSFi of Wu Jian (Zig:16)
  4 pandemonium lords
  The ghost of Gishoal the Imperceptible, a legendary KoBr of Wu Jian (Zig:16)
  The ghost of Ereufydu the Archmage, a legendary VSGl of Wu Jian (Zig:16)
  The ghost of Ereufydu the Archmage, a legendary VSGl of Wu Jian (Zig:16)
  The ghost of Ihoic the Archmage, a legendary SpEn of Dithmenos (Zig:16)
  The ghost of Ihoic the Archmage, a legendary SpEn of Dithmenos (Zig:20)
  The ghost of Icuofef the Sorcerer, a veteran SpEn of Dithmenos (Zig:20)
  3 curse toes
  A caustic shrike (Zig:15)
  A golden dragon (Zig:26)
  A doom hound (Zig:12)
  A hellephant (Zig:14)
  3 tentacled monstrosities
  An Ice Fiend (Zig:23)
  A shadow dragon (shapeshifter) (Zig:18)
  A shadow dragon (Zig:20)
  5 revenants (Zig:16)
  A fenstrider witch (shapeshifter) (Zig:17)
  2 nagarajas (Zig:27)
  A deep elf sorcerer (Zig:24)
  An iron dragon (Zig:23)
  4 balrugs
  2 corrupters
  An emperor scorpion (Zig:23)
  2 warmongers
  A caustic shrike zombie (Zig:23)
  5 curse skulls (Zig:20)
  A reaper (Zig:12)
  A cacodemon (Zig:23)
  A draconian annihilator (Zig:6)
  A war gargoyle (Zig:22)
  2 blood saints
  5 bennus (Zig:15)
  2 deep elf annihilators
  2 spark wasps (Zig:8)
  4 black suns
  A bunyip (Zig:5)
  A dire elephant (Zig:14)
  A merfolk javelineer (Zig:24)
  2 deep elf death magi (Zig:16)
  An eidolon (Zig:16)
  2 mummy priests
  A green death (Zig:25)
  3 hydras
  A naga warrior (Zig:20)
  An alligator snapping turtle (shapeshifter) (Zig:13)
  5 ghost crabs
  2 merfolk aquamancers (Zig:24)
  An alligator snapping turtle (Zig:23)
  A dancing weapon (Zig:21)
  2 alligators
  A hell hog (Zig:22)
  A sun demon (Pan)
  3 soul eaters
  2 naga sharpshooters (Zig:20)
  A storm dragon zombie (Zig:23)
  A deep elf knight (Zig:9)
  A skeletal warrior (Zig:12)
  2 swamp dragons (Zig:14)
  2 death drakes (Zig:24)
  2 sea snakes (Zig:24)
  A quicksilver dragon simulacrum (Depths:4)
  A spriggan druid (Zig:14)
  A shadow demon (Zig:12)
  A harpy (Zig:24)
  A bog body (Zig:25)
  A glowing orange brain (Depths:4)
  2 cane toads (Zig:14)
  A phantasmal warrior (Zig:16)
  An ugly thing (Zig:17)
  4 deep elf magi
  A worldbinder (Zig:11)
  2 manticores (Zig:24)
  A moth of wrath (Zig:19)
  3 black mambas
  A spriggan zombie (Zig:27)
  A naga mage (Zig:27)
  A moth of wrath (shapeshifter) (Zig:18)
  A guardian serpent (Zig:20)
  2 apocalypse crabs (Zig:17)
  A water nymph (Zig:24)
  A merfolk siren (Zig:24)
  A rust devil (Zig:10)
  An orange demon (Zig:18)
  A smoke demon (Zig:11)
  A torpor snail (Zig:14)
  2 hellions
  A tormentor (Zig:12)
  A rime drake (Zig:15)
  A komodo dragon (Zig:14)
  A queen bee (shapeshifter) (Zig:11)
  An ice devil (Zig:10)
  5 guardian mummies
  A tyrant leech (Zig:24)
  2 merfolk (Zig:24)
  A polar bear (Zig:14)
  5 hornets
  A bloated husk (Swamp:2)
  A wind drake (Zig:24)
  A blink frog (Lair:6)
  2 raiju (Zig:8)
  A flying skull (Zig:15)
  A yak (Zig:14)
  A spriggan (shapeshifter) (Zig:13)
  A tarantella (Zig:25)
  An air elemental (Zig:14)
  A wyvern (Zig:23)
  2 ynoxinuls
  2 shadows (Zig:27)
  A fire bat (Abyss:3)
  3 wraiths
  A water elemental (Zig:9)
  An elf skeleton (Zig:18)
  A neqoxec (Zig:18)
  A golden eye (shapeshifter) (Depths:4)
  A chaos spawn (Zig:18)
  A water moccasin (Zig:14)
  A hell hound (Zig:10)
  3 nagas
  A floating eye (shapeshifter) (Zig:21)
  3 ettin simulacra (Depths:4)
  2 necrophages
  A small abomination (Abyss:1)
  An ogre (Vaults:5)
  4 iron imps
  14 mummies (Zig:15)
  26 ball lightnings
  161 blocks of ice
  943 fire vortices
  41 foxfires
  17 fungi
  74 plants
  13 starspawn tentacles
  6 withered plants (D:10)
1505 creatures vanquished.

Grand Total: 19615 creatures vanquished

Notes
Turn   | Place    | Note
-------+----------+-------------------------------------------
     0 | D:1      | Myrdon the Gargoyle Earth Elementalist began the quest for
                  | the Orb.
     0 | D:1      | Reached XP level 1. HP: 10/10 MP: 3/3
    59 | D:1      | Reached XP level 2. HP: 15/15 MP: 1/5
  1209 | D:2      | Reached XP level 3. HP: 19/19 MP: 1/7
  1269 | D:2      | Learned a level 3 spell: Stone Arrow
  1946 | D:2      | Reached skill level 1 in Conjurations
  1946 | D:2      | Reached XP level 4. HP: 24/24 MP: 6/8
  2533 | D:3      | Reached skill level 5 in Earth Magic
  2695 | D:3      | You fall into a shaft and drop 1 floor!
  2713 | D:3      | Reached XP level 5. HP: 25/28 MP: 9/9
  2728 | D:3      | Learned a level 5 spell: Lee's Rapid Deconstruction
  3610 | D:4      | Found Teish's Assorted Antiques.
  3616 | D:4      | Bought a coiled tin ring for 120 gold pieces
  3616 | D:4      | Bought a ruby potion for 21 gold pieces
  3616 | D:4      | Identified the ring of Zuriyxoa {Wiz rElec rF+ rC- Dex+2}
                  | (You bought it in a shop on level 4 of the Dungeon)
  3621 | D:4      | Noticed Sigmund
  3629 | D:4      | Killed Sigmund
  3630 | D:4      | Reached XP level 6. HP: 26/32 MP: 3/12
  4339 | D:4      | Found a broken altar of Ashenzari.
  4349 | D:4      | Reached XP level 7. HP: 28/36 MP: 13/13
  4721 | D:4      | Noticed Edmund
  4731 | D:4      | Killed Edmund
  4983 | D:5      | Entered Level 5 of the Dungeon
  4985 | D:5      | Got a fine amber ring
  4987 | D:5      | Identified the ring "Jewnev" {Wiz rPois rN+ SInv} (You
                  | found it on level 5 of the Dungeon)
  5006 | D:5      | Noticed Pikel
  5027 | D:5      | Killed Pikel
  5028 | D:5      | Reached skill level 5 in Spellcasting
  5028 | D:5      | Reached skill level 5 in Conjurations
  5028 | D:5      | Reached XP level 8. HP: 19/41 MP: 15/16
  5450 | D:5      | Found a glowing drain.
  5455 | Sewer    | Entered a sewer
  6154 | Sewer    | Reached skill level 1 in Fighting
  6461 | Sewer    | Reached skill level 1 in Armour
  6493 | Sewer    | Reached skill level 1 in Maces & Flails
  6914 | D:5      | Reached XP level 9. HP: 48/48 MP: 15/18
  7535 | D:5      | Noticed Grinder
  7540 | D:5      | Killed Grinder
  8327 | D:6      | Noticed Menkaure
  8331 | D:6      | Killed Menkaure
  8380 | D:6      | Noticed Duvessa
  8380 | D:6      | Noticed Dowan
  8392 | D:6      | Killed Duvessa
  8397 | D:6      | Killed Dowan
  8507 | D:6      | Found a staircase to the Ecumenical Temple.
  8533 | Temple   | Entered the Ecumenical Temple
  8727 | Temple   | Became a worshipper of Vehumet
  9611 | D:7      | Reached XP level 10. HP: 52/56 MP: 19/19
  9818 | D:7      | Found an ancient bone altar of Kikubaaqudgha.
 10081 | D:7      | Reached * piety under Vehumet
 10081 | D:7      | Offered knowledge of Freeze by Vehumet.
 10422 | D:8      | Noticed a two-headed ogre
 10428 | D:8      | Killed a two-headed ogre
 10429 | D:8      | Reached skill level 1 in Evocations
 11202 | D:8      | Noticed an unseen horror
 11211 | D:8      | Killed an unseen horror
 12177 | D:9      | Reached skill level 5 in Fighting
 12198 | D:9      | Found Jemisaqu's Weapon Boutique.
 12213 | D:9      | Noticed Erica
 12224 | D:9      | Killed Erica
 12225 | D:9      | Reached skill level 5 in Armour
 12225 | D:9      | Reached XP level 11. HP: 42/64 MP: 10/21
 12772 | D:9      | Reached ** piety under Vehumet
 12772 | D:9      | Offered knowledge of Shock by Vehumet.
 12775 | D:9      | Reached skill level 5 in Maces & Flails
 12781 | D:9      | Reached skill level 10 in Earth Magic
 13023 | D:9      | Noticed a queen ant
 13055 | D:9      | Killed a queen ant
 13324 | D:9      | Offered knowledge of Dazzling Flash by Vehumet.
 13511 | D:9      | Got a sparkling pewter ring
 13512 | D:9      | Identified the ring of Nenwing {Ice rPois MR- SInv Stlth+}
                  | (You found it on level 9 of the Dungeon)
 13541 | D:9      | Reached skill level 5 in Dodging
 13602 | D:10     | Entered Level 10 of the Dungeon
 13612 | D:10     | Reached *** piety under Vehumet
 13785 | D:10     | Found a staircase to the Orcish Mines.
 13785 | D:10     | Noticed Grum
 13798 | D:10     | Killed Grum
 13816 | D:10     | Offered knowledge of Airstrike by Vehumet.
 14097 | D:10     | Found Qyrghupunk's Book Emporium.
 14171 | D:10     | Reached XP level 12. HP: 70/71 MP: 23/23
 14522 | D:10     | Gained mutation: Armour fits poorly on your strangely
                  | shaped body. [potion of mutation]
 14522 | D:10     | Gained mutation: Your large and strong wings let you fly
                  | indefinitely. [potion of mutation]
 14522 | D:10     | Gained mutation: You have supernaturally acute eyesight.
                  | (SInv) [potion of mutation]
 14725 | D:10     | Found a staircase to the Lair.
 14982 | D:10     | Reached **** piety under Vehumet
 15239 | D:11     | Offered knowledge of Ignite Poison by Vehumet.
 15868 | D:11     | Noticed Sonja
 15870 | D:11     | Killed Sonja
 15875 | D:11     | Reached ***** piety under Vehumet
 15875 | D:11     | Offered knowledge of Hailstorm by Vehumet.
 15893 | D:11     | Reached skill level 5 in Evocations
 16538 | D:12     | Noticed a boulder beetle
 16687 | D:12     | Found Xutucot's Magic Scroll Boutique.
 16693 | D:12     | Noticed an eight-headed hydra
 16706 | D:12     | Killed an eight-headed hydra
 16707 | D:12     | Reached XP level 13. HP: 63/78 MP: 24/25
 16713 | D:12     | Bought a scroll of acquirement for 572 gold pieces
 16715 | D:12     | Acquired a book of Annihilations
 16717 | D:12     | Bought a scroll of identify for 22 gold pieces
 16717 | D:12     | Bought a scroll of magic mapping for 38 gold pieces
 17725 | D:12     | Noticed Jorgrun
 17735 | D:12     | Killed Jorgrun
 17736 | D:12     | Reached skill level 10 in Conjurations
 19074 | D:13     | Found Ciqil's Magic Scroll Shop.
 19083 | D:13     | Bought a scroll of identify for 34 gold pieces
 19083 | D:13     | Bought a scroll of magic mapping for 59 gold pieces
 19710 | D:13     | Offered knowledge of Bolt of Magma by Vehumet.
 19714 | D:13     | Noticed a vault guard
 19721 | D:13     | Killed a vault guard
 19726 | D:13     | Noticed a vault guard
 19835 | D:12     | Bought a scroll of teleportation for 33 gold pieces
 19989 | D:13     | Mutation became permanent: Your large and strong wings let
                  | you fly indefinitely. [Gargoyle growth]
 19989 | D:13     | Gained mutation: Your large and strong wings let you fly
                  | indefinitely. [Gargoyle growth]
 19989 | D:13     | Reached XP level 14. HP: 48/84 MP: 11/27
 20213 | D:13     | Learned a level 5 spell: Bolt of Magma
 20546 | D:13     | Noticed Snorg
 20562 | D:13     | Killed Snorg
 21145 | D:13     | Found a gate to the Vaults.
 21212 | D:13     | Acquired the +3 Elemental Staff {rElec rF++ rC++ MR++ AC+5}
 21213 | D:13     | Found the +3 Elemental Staff {rElec rF++ rC++ MR++ AC+5}
 21645 | D:14     | Reached skill level 1 in Staves
 21867 | D:14     | Noticed Louise
 21875 | D:14     | Killed Louise
 22241 | D:14     | Noticed Nessos
 22260 | D:14     | Killed Nessos
 22959 | Lair:1   | Entered Level 1 of the Lair of Beasts
 22970 | Lair:1   | Reached skill level 10 in Spellcasting
 23354 | Lair:1   | Found a hazy altar of Hepliaklqana.
 23919 | Lair:1   | Offered knowledge of Iron Shot by Vehumet.
 23929 | Lair:1   | Learned a level 6 spell: Iron Shot
 24296 | Lair:2   | Noticed Fannar
 24301 | Lair:2   | Killed Fannar
 24304 | Lair:2   | Reached skill level 10 in Fighting
 24452 | Lair:2   | Found a staircase to the Snake Pit.
 24476 | Lair:2   | Reached XP level 15. HP: 80/92 MP: 29/29
 25225 | Lair:3   | Found a gate leading to a gauntlet.
 25227 | Lair:3   | Got a scorched copper amulet
 25238 | Gauntlet | Entered a Gauntlet
 25238 | Gauntlet | Found a transporter.
 25240 | Gauntlet | Identified the amulet "Ylevu" {Acrobat SInv} (You found it
                  | on level 3 of the Lair of Beasts)
 25247 | Gauntlet | Found a transporter.
 25251 | Gauntlet | Found a transporter.
 25263 | Gauntlet | Found a transporter.
 25263 | Gauntlet | Found a transporter.
 25272 | Gauntlet | Found a transporter.
 25275 | Gauntlet | Found a transporter.
 25283 | Gauntlet | Found a transporter.
 25287 | Gauntlet | Found a transporter.
 25293 | Gauntlet | Found a runed translucent gate.
 25293 | Gauntlet | Found a runed translucent gate.
 25293 | Gauntlet | Found a runed translucent gate.
 25295 | Gauntlet | Found a transporter.
 25328 | Gauntlet | Found a transporter.
 25340 | Gauntlet | Found a transporter.
 25352 | Gauntlet | Found a transporter.
 25364 | Gauntlet | Found a transporter.
 25698 | Lair:3   | Found a dark tunnel.
 25704 | Volcano  | Entered a volcano
 25957 | Volcano  | Found a burning altar of Makhleb.
 26167 | Lair:3   | Got a twitching iron ring
 26168 | Lair:3   | Identified the ring "Wanif" {MP+9 Str+3 Int+4} (You found
                  | it on level 3 of the Lair of Beasts)
 26445 | Lair:3   | Found a staircase to the Swamp.
 26667 | Lair:4   | Offered knowledge of Conjure Ball Lightning by Vehumet.
 27109 | Lair:4   | Acquired a +0 pair of gloves of strength
 27295 | Lair:4   | You are sucked into a shaft and drop 2 floors!
 27295 | Lair:6   | Entered Level 6 of the Lair of Beasts
 27668 | Lair:5   | Reached skill level 5 in Staves
 28640 | Lair:6   | Reached skill level 1 in Fire Magic
 28824 | Lair:6   | Reached XP level 16. HP: 87/99 MP: 28/30
 29289 | Lair:6   | Found a staircase to the Slime Pits.
 30019 | Orc:1    | Entered Level 1 of the Orcish Mines
 30036 | Orc:1    | Learned a level 5 spell: Fireball
 30126 | Orc:2    | Entered Level 2 of the Orcish Mines
 30447 | Orc:2    | Found a staircase to the Elven Halls.
 30476 | Orc:2    | Reached ****** piety under Vehumet
 30507 | Orc:1    | Found a roughly hewn altar of Beogh.
 30794 | Orc:2    | Offered knowledge of Freezing Cloud by Vehumet.
 30943 | Orc:2    | Found Nuvef's Antique Weapon Emporium.
 30943 | Orc:2    | Found Luaboawn's Book Shop.
 31001 | Orc:2    | Found a roughly hewn altar of Beogh.
 31015 | Orc:2    | Found Kophai's General Store.
 31015 | Orc:2    | Found Tellas's Assorted Antiques.
 31093 | Orc:2    | Bought a potion of invisibility for 96 gold pieces
 31093 | Orc:2    | Bought a potion of curing for 36 gold pieces
 31108 | Orc:2    | Bought a scroll of blinking for 210 gold pieces
 31108 | Orc:2    | Bought a scroll of identify for 56 gold pieces
 31108 | Orc:2    | Bought a potion of invisibility for 224 gold pieces
 31453 | Orc:2    | Found a shimmering blue altar of Sif Muna.
 31477 | Orc:2    | Identified Sif Muna's Guide on Stones
 31615 | D:15     | Entered Level 15 of the Dungeon
 31615 | D:15     | Found a blossoming altar of Fedhas.
 32152 | D:15     | Found a staircase to the Depths.
 32239 | D:15     | Reached skill level 5 in Fire Magic
 32697 | D:15     | Found a broken altar of Ashenzari.
 33060 | Snake:1  | Entered Level 1 of the Snake Pit
 33216 | Snake:1  | Offered knowledge of Irradiate by Vehumet.
 33216 | Snake:1  | Noticed Frances
 33365 | Snake:1  | Killed Frances
 33621 | Snake:1  | Reached XP level 17. HP: 105/105 MP: 32/32
 33936 | Snake:1  | Learned a level 5 spell: Irradiate
 34912 | Snake:2  | Lost mutation: Armour fits poorly on your strangely shaped
                  | body. [potion of mutation]
 34912 | Snake:2  | Lost mutation: You have supernaturally acute eyesight.
                  | (SInv) [potion of mutation]
 34912 | Snake:2  | Gained mutation: You evolve. [potion of mutation]
 34912 | Snake:2  | Gained mutation: You tend to lose your temper in combat.
                  | [potion of mutation]
 34912 | Snake:2  | Gained mutation: Your flesh is heat resistant. (rF+)
                  | [potion of mutation]
 34940 | Snake:2  | Gained mutation: You are partially covered in icy blue
                  | scales. (AC +2) [evolution]
 35083 | Snake:2  | Found Osoalag's Antique Armour Boutique.
 35089 | Snake:2  | Found Pazufrit's Distillery.
 35093 | Snake:2  | Found Coikhis's Book Boutique.
 35124 | Snake:2  | Bought a potion of curing for 39 gold pieces
 35124 | Snake:2  | Bought a potion of cancellation for 104 gold pieces
 35124 | Snake:2  | Bought a potion of curing for 39 gold pieces
 35124 | Snake:2  | Bought a potion of curing for 39 gold pieces
 35124 | Snake:2  | Bought a potion of curing for 39 gold pieces
 35124 | Snake:2  | Bought a potion of mutation for 104 gold pieces
 35124 | Snake:2  | Bought a potion of heal wounds for 65 gold pieces
 35124 | Snake:2  | Bought a potion of curing for 39 gold pieces
 35124 | Snake:2  | Bought a potion of resistance for 130 gold pieces
 36913 | Snake:3  | Found a runed translucent door.
 36916 | Snake:3  | Noticed Zarkath's ghost (adept DsNe)
 37388 | Snake:3  | Noticed Agnes
 37395 | Snake:3  | Killed Agnes
 37552 | Snake:3  | Offered knowledge of Ignition by Vehumet.
 37753 | Snake:3  | Learned a level 8 spell: Ignition
 38282 | Snake:3  | Found Uzen's Jewellery Shop.
 38283 | Snake:3  | Found Jenaw's Gadget Shoppe.
 38284 | Snake:3  | Found Ixum's Jewellery Shop.
 38441 | Swamp:1  | Entered Level 1 of the Swamp
 38568 | Swamp:1  | Acquired the +1 pair of boots of Siawol {rF+ rN+ Stlth+}
 38903 | Swamp:1  | Reached skill level 10 in Fire Magic
 38903 | Swamp:1  | Reached XP level 18. HP: 112/112 MP: 33/33
 40399 | Swamp:3  | Acquired the ring of Badwuq {rCorr Int+6}
 40565 | Swamp:3  | Offered knowledge of Shatter by Vehumet.
 40565 | Swamp:3  | Offered knowledge of Tornado by Vehumet.
 41504 | Swamp:4  | Entered Level 4 of the Swamp
 41705 | Swamp:4  | Found a runed translucent gate.
 41705 | Swamp:4  | Noticed TheWayOfAllFlesh's ghost (adept GnDe)
 41721 | Swamp:4  | Found a runed translucent gate.
 41722 | Swamp:4  | Found a runed translucent gate.
 41747 | Swamp:4  | Killed TheWayOfAllFlesh's ghost
 42163 | Swamp:4  | Noticed the 27-headed Lernaean hydra
 42171 | Swamp:4  | Killed the 27-headed Lernaean hydra
 42172 | Swamp:4  | Reached XP level 19. HP: 38/116 MP: 17/34
 42329 | Swamp:4  | Reached skill level 15 in Fire Magic
 42711 | Swamp:4  | Got a decaying rune of Zot
 42942 | Snake:3  | Killed Zarkath's ghost
 42951 | Snake:3  | Got a pitted double sword
 42952 | Snake:3  | Identified the +2 double sword of Vyetoap {speed, rElec}
                  | (You found it on level 3 of the Snake Pit)
 43001 | Snake:4  | Entered Level 4 of the Snake Pit
 43083 | Snake:4  | Noticed Aizul
 43104 | Snake:4  | Killed Aizul
 43412 | Snake:4  | Reached skill level 15 in Earth Magic
 43952 | Snake:4  | Identified the cursed +2 shortbow of the Establishment
                  | {flame, rF+ rN+ Dex-2}
 44163 | Snake:4  | Reached skill level 10 in Evocations
 44513 | Snake:4  | Reached skill level 10 in Dodging
 45018 | Snake:4  | Reached XP level 20. HP: 124/124 MP: 36/36
 45026 | Snake:4  | Got a serpentine rune of Zot
 45430 | Vaults:1 | Entered Level 1 of the Vaults
 45527 | Vaults:1 | Acquired 407 gold pieces
 46803 | Vaults:1 | Gained mutation: Your muscles are strong. (Str +2)
                  | [evolution]
 46882 | Vaults:1 | Found Hyfubanaem's Gadget Boutique.
 47189 | Vaults:2 | Found a staircase to the Crypt.
 47189 | Vaults:2 | Found an ancient bone altar of Kikubaaqudgha.
 47189 | Vaults:2 | Found a basalt altar of Yredelemnul.
 48076 | Vaults:2 | Found Ustyrousau's Magic Scroll Boutique.
 48088 | Vaults:2 | Bought a scroll of blinking for 105 gold pieces
 48417 | Vaults:2 | Reached XP level 21. HP: 129/129 MP: 26/37
 49418 | Vaults:3 | Noticed Boris
 49423 | Vaults:3 | Killed Boris
 50634 | Vaults:4 | Lost mutation: You tend to lose your temper in combat.
                  | [evolution]
 50842 | Vaults:4 | Learned a level 9 spell: Shatter
 51007 | Vaults:4 | Reached skill level 10 in Staves
 51105 | Vaults:4 | Found a huge runed gate.
 51105 | Vaults:4 | Found a huge runed gate.
 51105 | Vaults:4 | Found a huge runed gate.
 51106 | Vaults:4 | Found a huge runed gate.
 51106 | Vaults:4 | Found a huge runed gate.
 51106 | Vaults:4 | Found a huge runed gate.
 51115 | Vaults:4 | Reached XP level 22. HP: 137/137 MP: 38/39
 51127 | Vaults:4 | Reached skill level 15 in Conjurations
 51181 | Vaults:4 | Found a huge runed gate.
 51181 | Vaults:4 | Found a huge runed gate.
 51190 | Vaults:4 | Noticed an ancient lich
 51190 | Vaults:4 | Noticed an ancient lich
 51191 | Vaults:4 | Noticed an ancient lich
 51193 | Vaults:4 | Killed an ancient lich
 51193 | Vaults:4 | Killed an ancient lich
 51194 | Vaults:4 | Killed an ancient lich
 52109 | Vaults:5 | Entered Level 5 of the Vaults
 52114 | Vaults:5 | Reached XP level 23. HP: 143/143 MP: 40/40
 52375 | Elf:1    | Entered Level 1 of the Elven Halls
 52567 | Elf:1    | Gained mutation: Your flesh is very heat resistant. (rF++)
                  | [evolution]
 52658 | Elf:1    | Found Keilamev's Assorted Antiques.
 52857 | Elf:1    | Identified the Compendium of Arcane Weapons and Creation
 53103 | Elf:1    | Bought a scroll of identify for 36 gold pieces
 53449 | Elf:2    | Found Xuawk's Magic Scroll Boutique.
 53459 | Elf:2    | Bought a scroll of teleportation for 51 gold pieces
 53459 | Elf:2    | Bought a scroll of identify for 34 gold pieces
 53459 | Elf:2    | Bought a scroll of identify for 34 gold pieces
 53505 | Elf:2    | Found a runed translucent gate.
 53505 | Elf:2    | Found a runed translucent gate.
 53507 | Elf:2    | Found a runed translucent gate.
 54146 | Elf:3    | Entered Level 3 of the Elven Halls
 54172 | Elf:3    | Noticed Mara
 54179 | Elf:3    | Killed Mara
 54180 | Elf:3    | Reached skill level 15 in Fighting
 55210 | Elf:3    | Reached XP level 24. HP: 128/151 MP: 24/41
 55404 | Elf:3    | Got a clouded pewter ring
 55405 | Elf:3    | Identified the ring "Oleub" {MP+9 Int+3} (You found it on
                  | level 3 of the Elven Halls)
 55449 | Elf:3    | Identified the Papyrus of Transmutation
 55513 | Elf:3    | Identified the +0 robe of Precision Catastrophes {rElec
                  | rF+++ Str+2 Dex-5} (You found it on level 3 of the Elven
                  | Halls)
 55610 | Elf:3    | Upgraded the game from 0.26-a0-976-gd3b5134375 to
                  | 0.26-a0-996-g6b303dbc09
 55962 | Vaults:5 | Noticed Boris
 55965 | Vaults:5 | Killed Boris
 55971 | Vaults:5 | Identified the +0 kite shield of the Serpent {Str+7}
 56250 | Vaults:5 | Reached XP level 25. HP: 136/157 MP: 22/41
 56578 | Vaults:5 | Identified the +6 glaive "Ajean" {vorpal, Str-5 Int+5}
 56747 | Vaults:5 | Reached skill level 15 in Spellcasting
 56750 | Vaults:5 | Identified the cursed +1 plate armour of Lilacs {rF+}
 56757 | Vaults:5 | Identified the +3 plate armour of the Gastropod {rF+ rCorr
                  | Dex-4 Slay+5}
 57548 | Vaults:5 | Got a silver rune of Zot
 57559 | Vaults:5 | Identified Sif Muna's Advanced Guide to the Hermit's
                  | Heritage
 58213 | Crypt:1  | Entered Level 1 of the Crypt
 58252 | Crypt:1  | Noticed Margery
 58256 | Crypt:1  | Killed Margery
 58424 | Crypt:1  | Gained mutation: Potions are less effective at restoring
                  | your health. [evolution]
 58703 | Crypt:1  | Found the +12 Vampire's Tooth {vamp}
 59886 | Crypt:3  | Entered Level 3 of the Crypt
 60476 | Crypt:3  | Reached XP level 26. HP: 144/165 MP: 42/42
 60496 | Crypt:3  | Noticed an ancient lich
 60499 | Crypt:3  | Killed an ancient lich
 60503 | Crypt:3  | Found an ancient bone altar of Kikubaaqudgha.
 60517 | Crypt:3  | Found the +8 demon blade "Leech" {vamp, *Rage +Rage rN+}
 60517 | Crypt:3  | Found the +5 scythe "Finisher" {speed, eviscerate}
 60586 | Crypt:3  | Found a staircase to the Tomb.
 60859 | Crypt:3  | Identified Kikubaaqudgha's Grimoire of Evil Rites
 61288 | Depths:1 | Entered Level 1 of the Depths
 61288 | Depths:1 | Found a one-way gate leading to the halls of Pandemonium.
 61299 | Depths:1 | Found a one-way gate to the infinite horrors of the Abyss.
 61302 | Depths:1 | Noticed the Enchantress
 61305 | Depths:1 | Killed the Enchantress
 61492 | Depths:1 | You are sucked into a shaft and drop 1 floor!
 61522 | Depths:1 | Found a gateway to Hell.
 61537 | Depths:1 | Lost mutation: You evolve. [end of evolution]
 63007 | Depths:2 | Reached XP level 27. HP: 172/172 MP: 43/43
 63244 | Depths:2 | Found a glowing golden altar of the Shining One.
 63700 | Depths:2 | You are sucked into a shaft and drop 2 floors!
 63716 | Depths:4 | Identified the +11 long sword of Bodily Harmony {holy,
                  | rElec rF+ Stlth+}
 63765 | Depths:4 | Found a radiant altar of Vehumet.
 63968 | Depths:4 | Found a sparkling altar of Nemelex Xobeh.
 64203 | Depths:4 | Identified the +2 leather armour "Viakisap" {Dex+3} (You
                  | found it on level 4 of the Depths)
 64524 | Depths:4 | Found a stormy altar of Qazlal.
 64660 | Depths:4 | Found a white marble altar of Elyvilon.
 64815 | Depths:4 | Acquired 743 gold pieces
 64817 | Depths:4 | Acquired 736 gold pieces
 65107 | Depths:3 | Noticed Boris
 65112 | Depths:3 | Killed Boris
 65197 | Depths:3 | Reached skill level 15 in Dodging
 65202 | Depths:3 | Identified the +2 leather armour "Emelic" {rN+ Dex+2}
 65373 | Depths:3 | Identified the +6 falchion "Wicrol" {vorpal, rN+ MR+}
 65382 | Depths:3 | Identified the cursed +3 halberd of the Ageing Shrike
                  | {flame, rElec rF- rC+ Str+3}
 65575 | Depths:3 | Found a gateway to a ziggurat.
 66810 | Depths:5 | Entered Level 5 of the Depths
 66829 | Depths:5 | Noticed Saint Roka
 66840 | Depths:5 | Killed Saint Roka
 67185 | Depths:5 | Found a gate to the Realm of Zot.
 67375 | Depths:5 | Noticed Xtahua
 67379 | Depths:5 | Killed Xtahua
 67570 | Depths:5 | Noticed Boris
 67576 | Depths:5 | Killed Boris
 67817 | Depths:5 | Noticed a juggernaut
 67824 | Depths:5 | Killed a juggernaut
 68172 | Depths:5 | Learned a level 9 spell: Fire Storm
 68518 | Slime:1  | Entered Level 1 of the Pits of Slime
 68775 | Slime:5  | Entered Level 5 of the Pits of Slime
 68781 | Slime:5  | Reached skill level 1 in Transmutations
 68785 | Slime:5  | Gained mutation: You are dopey. (Int -2) [a shining eye]
 68787 | Slime:5  | Gained mutation: Your muscles are very strong. (Str +4) [a
                  | shining eye]
 68788 | Slime:5  | Gained mutation: You have a pair of small antennae on your
                  | head. [a shining eye]
 69189 | Slime:5  | Found a viscous altar of Jiyva.
 69209 | Slime:5  | Gained mutation: Potions are poor at restoring your health.
                  | [a shining eye]
 69666 | Slime:5  | Noticed the Royal Jelly
 69670 | Slime:5  | Killed the Royal Jelly
 69723 | Slime:5  | Got a slimy rune of Zot
 69758 | Slime:5  | Got a warped zirconium amulet
 69759 | Slime:5  | Identified the amulet "Soiretatz" {Spirit Dex+5} (You found
                  | it on level 5 of the Pits of Slime)
 69769 | Slime:5  | Identified Ihirisiz's Incunabulum of the Glacial Compass
 69787 | Slime:5  | Identified the cursed +0 leather armour "Pakyira" {rElec
                  | MR++ Dex-4} (You found it on level 5 of the Pits of Slime)
 69824 | Slime:5  | Identified Gukyur's Collected Works on Fascination
 69836 | Slime:5  | Got a scintillating steel ring
 69837 | Slime:5  | Identified the ring of the Endless Expanse {rN+ MP+9 SInv}
                  | (You found it on level 5 of the Pits of Slime)
 70077 | D:10     | Lost mutation: Your muscles are very strong. (Str +4)
                  | [potion of mutation]
 70077 | D:10     | Lost mutation: You are partially covered in icy blue
                  | scales. (AC +2) [potion of mutation]
 70077 | D:10     | Lost mutation: You have a pair of small antennae on your
                  | head. [potion of mutation]
 70077 | D:10     | Lost mutation: Potions are poor at restoring your health.
                  | [potion of mutation]
 70077 | D:10     | Gained mutation: Your body sometimes deteriorates upon
                  | taking damage. [potion of mutation]
 70077 | D:10     | Gained mutation: Armour fits poorly on your strangely
                  | shaped body. [potion of mutation]
 70077 | D:10     | Gained mutation: You have an increased reservoir of magic.
                  | (+10% MP) [potion of mutation]
 70077 | D:10     | Gained mutation: Your muscles are very strong. (Str +4)
                  | [potion of mutation]
 70078 | D:10     | Lost mutation: Armour fits poorly on your strangely shaped
                  | body. [potion of mutation]
 70078 | D:10     | Lost mutation: Your muscles are very strong. (Str +4)
                  | [potion of mutation]
 70078 | D:10     | Lost mutation: Your muscles are strong. (Str +2) [potion of
                  | mutation]
 70078 | D:10     | Gained mutation: You are partially covered in molten
                  | scales. (AC +2) [potion of mutation]
 70078 | D:10     | Gained mutation: You are robust. (+10% HP) [potion of
                  | mutation]
 70078 | D:10     | Gained mutation: You are partially covered in thin metallic
                  | scales. (AC +2) [potion of mutation]
 70079 | D:10     | Lost mutation: Your body sometimes deteriorates upon taking
                  | damage. [potion of mutation]
 70079 | D:10     | Lost mutation: You are partially covered in molten scales.
                  | (AC +2) [potion of mutation]
 70079 | D:10     | Lost mutation: You are dopey. (Int -2) [potion of mutation]
 70079 | D:10     | Lost mutation: Potions are less effective at restoring your
                  | health. [potion of mutation]
 70079 | D:10     | Gained mutation: You are clumsy. (Dex -2) [potion of
                  | mutation]
 70079 | D:10     | Gained mutation: You are very robust. (+20% HP) [potion of
                  | mutation]
 70313 | Depths:1 | Voluntarily entered the Abyss.
 70750 | Abyss:1  | Found a corrupted altar of Lugonu.
 70763 | Abyss:1  | Reached skill level 5 in Transmutations
 70765 | Abyss:1  | Found a transporter.
 70765 | Abyss:1  | Found a transporter.
 70776 | Abyss:1  | Got a steaming ivory ring
 71012 | Abyss:2  | Identified Ickasto's Catalogue of Darkness
 71020 | Abyss:2  | Found a corrupted altar of Lugonu.
 71027 | Abyss:2  | Learned a level 5 spell: Borgnjor's Vile Clutch
 71035 | Abyss:3  | Found a corrupted altar of Lugonu.
 71146 | Abyss:3  | Reached skill level 1 in Necromancy
 71169 | Abyss:3  | Got an abyssal rune of Zot
 71173 | Depths:1 | Escaped the Abyss
 71268 | Depths:1 | Identified the ring of Belefin {Wiz rC++} (You found it on
                  | level 1 of the Abyss)
 71432 | Depths:3 | Learned a level 8 spell: Necromutation
 71442 | Depths:3 | Learned a level 9 spell: Absolute Zero
 71445 | Zig:1    | Entered Level 1 of a ziggurat
 71647 | Zig:2    | Entered Level 2 of a ziggurat
 71667 | Zig:3    | Entered Level 3 of a ziggurat
 71705 | Zig:4    | Entered Level 4 of a ziggurat
 71841 | Zig:5    | Entered Level 5 of a ziggurat
 71965 | Zig:6    | Entered Level 6 of a ziggurat
 72025 | Zig:7    | Entered Level 7 of a ziggurat
 72056 | Zig:7    | Found the ring of Phasing {EV+8}
 72060 | Zig:7    | Identified the Catalogue of Confrontation and the Rocks
 72067 | Zig:7    | Identified the Grimoire of Displacement
 72106 | Zig:8    | Entered Level 8 of a ziggurat
 72117 | Zig:8    | Reached skill level 5 in Necromancy
 72118 | Zig:8    | Found the +9 staff of Olgreb {rPois∞}
 72231 | Zig:8    | Got a steaming silver ring
 72232 | Zig:8    | Identified the ring "Ivioqol" {rPois rF+ Stlth+} (You found
                  | it on level 8 of a ziggurat)
 72252 | Zig:9    | Entered Level 9 of a ziggurat
 72443 | Zig:9    | Identified the Tome of Dislocated Darkness
 72456 | Zig:10   | Entered Level 10 of a ziggurat
 72465 | Zig:10   | Noticed an ancient lich
 72468 | Zig:10   | Killed an ancient lich
 72542 | Zig:10   | Identified the cursed +1 leather armour "Yjeoribi" {Int+4}
                  | (You found it on level 10 of a ziggurat)
 72545 | Zig:10   | Got a clouded copper ring
 72546 | Zig:10   | Identified the ring of Esegi {rN+ MP+9} (You found it on
                  | level 10 of a ziggurat)
 72550 | Zig:10   | Got a slimy lead amulet
 72551 | Zig:10   | Identified the amulet of Cegikh {RegenMP rElec rC+ Int+2
                  | Dex+3} (You found it on level 10 of a ziggurat)
 72673 | Zig:11   | Entered Level 11 of a ziggurat
 72700 | Zig:11   | Got a transparent granite ring
 72701 | Zig:11   | Identified the ring "Firiom" {rPois rN+} (You found it on
                  | level 11 of a ziggurat)
 72704 | Zig:11   | Identified Sif Muna's Almanac of Flying Snow
 72764 | Zig:12   | Entered Level 12 of a ziggurat
 72779 | Zig:12   | Reached skill level 10 in Transmutations
 72831 | Zig:13   | Entered Level 13 of a ziggurat
 72845 | Zig:13   | Noticed Ecoh the pandemonium lord
 72845 | Zig:13   | Noticed Magrih the pandemonium lord
 72845 | Zig:13   | Noticed Halay the pandemonium lord
 72845 | Zig:13   | Noticed Gaoshot the pandemonium lord
 72851 | Zig:13   | Killed Gaoshot the pandemonium lord
 72855 | Zig:13   | Killed Ecoh the pandemonium lord
 72858 | Zig:13   | Killed Magrih the pandemonium lord
 72859 | Zig:13   | Reached skill level 10 in Necromancy
 72875 | Zig:13   | Killed Halay the pandemonium lord
 73135 | Zig:13   | Identified the -6 kite shield of the Gate {rPois rN+ rCorr}
                  | (You found it on level 13 of a ziggurat)
 73277 | Zig:14   | Entered Level 14 of a ziggurat
 73346 | Zig:14   | Identified the Grimoire of Mutagenic Weightlessness
 73352 | Zig:14   | Got a clouded glass ring
 73353 | Zig:14   | Identified the ring "Plog" {rC+ MR+ Int+2 Dex+5} (You found
                  | it on level 14 of a ziggurat)
 73371 | Zig:15   | Entered Level 15 of a ziggurat
 73455 | Zig:15   | Got a pitted ivory ring
 73456 | Zig:15   | Identified the ring "Noyttemo" {rElec Int-3 Dex+6 Slay+5
                  | SInv} (You found it on level 15 of a ziggurat)
 73476 | Zig:15   | Identified the Catalogue of Companions and the Glacier
 73483 | Zig:15   | Got a brightly glowing iron amulet
 73484 | Zig:15   | Identified the amulet of the Suburbs {Acrobat Int+4} (You
                  | found it on level 15 of a ziggurat)
 73490 | Zig:16   | Entered Level 16 of a ziggurat
 73673 | Zig:16   | Identified the +3 leather armour of Daisies {rC+ MR- Str+3
                  | Slay+2} (You found it on level 16 of a ziggurat)
 73682 | Zig:17   | Entered Level 17 of a ziggurat
 73748 | Zig:17   | Identified Dotiz's Compendium of the Supportive Oath
 73773 | Zig:18   | Entered Level 18 of a ziggurat
 73798 | Zig:18   | Reached skill level 15 in Necromancy
 73843 | Zig:18   | Identified Sif Muna's Papyrus of the Voyage and Beguiling
 73884 | Zig:19   | Entered Level 19 of a ziggurat
 73920 | Zig:19   | Got a smoking bronze ring
 73921 | Zig:19   | Identified the ring "Yrghinue" {MR+ Str+3} (You found it on
                  | level 19 of a ziggurat)
 74049 | Zig:19   | Identified the cursed +0 buckler "Gijam" {Int+4} (You found
                  | it on level 19 of a ziggurat)
 74059 | Zig:20   | Entered Level 20 of a ziggurat
 74124 | Zig:20   | Identified the Volume of the Mountains and Moulding
 74129 | Zig:20   | Identified Pysmial's Collected Works on the Noxious
                  | Traveller
 74165 | Zig:21   | Entered Level 21 of a ziggurat
 74196 | Zig:21   | Found the +3 warlock's mirror {reflect}
 74200 | Zig:21   | Identified the Disquisition on Dislocated Heat
 74239 | Zig:21   | Identified Sif Muna's Catalogue of the Bruised Blessings
 74241 | Zig:21   | Identified the Disquisition on the Rocks and Toxins
 74250 | Zig:22   | Entered Level 22 of a ziggurat
 74278 | Zig:22   | Reached skill level 1 in Ice Magic
 74415 | Zig:22   | Got a faintly glowing lead ring
 74416 | Zig:22   | Identified the ring "Olanutan" {*Tele +Blink rC+ Str-4
                  | Dex+2} (You found it on level 22 of a ziggurat)
 74422 | Zig:22   | Identified the Collected Works on the Captivating Birds
 74444 | Zig:22   | Identified the Guide on Bewitching Stones
 74459 | Zig:23   | Entered Level 23 of a ziggurat
 74494 | Zig:23   | Noticed Qugofoik the pandemonium lord
 74498 | Zig:23   | Gained mutation: You tend to lose your temper in combat. [a
                  | cacodemon]
 74507 | Zig:23   | Reached skill level 5 in Ice Magic
 74514 | Zig:23   | Killed Qugofoik the pandemonium lord
 75000 | Zig:24   | Entered Level 24 of a ziggurat
 75056 | Zig:24   | Identified the Grimoire of Evil Poison
 75081 | Zig:24   | Identified the Catalogue of Supportive Combat Magic
 75260 | Zig:25   | Entered Level 25 of a ziggurat
 75274 | Zig:25   | Noticed a juggernaut
 75276 | Zig:25   | Noticed a juggernaut
 75278 | Zig:25   | Noticed a juggernaut
 75279 | Zig:25   | Killed a juggernaut
 75279 | Zig:25   | Killed a juggernaut
 75279 | Zig:25   | Noticed a juggernaut
 75281 | Zig:25   | Killed a juggernaut
 75282 | Zig:25   | Killed a juggernaut
 75283 | Zig:25   | Noticed a juggernaut
 75284 | Zig:25   | Noticed a juggernaut
 75287 | Zig:25   | Killed a juggernaut
 75288 | Zig:25   | Killed a juggernaut
 75289 | Zig:25   | Reached skill level 10 in Ice Magic
 75289 | Zig:25   | Noticed a juggernaut
 75293 | Zig:25   | Killed a juggernaut
 75323 | Zig:25   | Got a sparkling granite ring
 75324 | Zig:25   | Identified the ring "Iptaff" {Wiz +Inv rC++} (You found it
                  | on level 25 of a ziggurat)
 75338 | Zig:25   | Learned a level 9 spell: Death's Door
 75351 | Zig:25   | Identified Sif Muna's Almanac of Orientation and
                  | Bewitchment
 75362 | Zig:25   | Identified the Compendium of Creation and Combat Magic
 75370 | Zig:25   | Identified Sif Muna's Guide on Creative Displacement
 75374 | Zig:26   | Entered Level 26 of a ziggurat
 75396 | Zig:26   | Noticed Bext the pandemonium lord
 75402 | Zig:26   | Killed Bext the pandemonium lord
 75831 | Zig:26   | Found the +18 shield of the Gong {rElec rN+ MR+ EV-5}
 75883 | Zig:27   | Entered Level 27 of a ziggurat
 75899 | Zig:27   | Noticed an ancient lich
 75904 | Zig:27   | Killed an ancient lich
 75911 | Zig:27   | Noticed an ancient lich
 75911 | Zig:27   | Noticed an ancient lich
 75911 | Zig:27   | Noticed an ancient lich
 75912 | Zig:27   | Noticed an ancient lich
 75914 | Zig:27   | Killed an ancient lich
 75914 | Zig:27   | Killed an ancient lich
 75915 | Zig:27   | Killed an ancient lich
 75918 | Zig:27   | Killed an ancient lich
 75981 | Zig:27   | Found the +5 demon whip "Spellbinder" {antimagic, MR+}
 75987 | Zig:27   | Identified the cursed +1 quarterstaff of Midnight {vorpal,
                  | rN+ MP+9 Str+3} (You found it on level 27 of a ziggurat)
 75995 | Zig:27   | Identified the cursed -1 pair of boots of a bazaar
                  | {*Corrode rElec rC+} (You found it on level 27 of a
                  | ziggurat)
 75997 | Zig:27   | Identified Tympiez's Compendium of Enchantment and Air
 76014 | Zig:27   | Got a clouded bronze ring
 76015 | Zig:27   | Identified the ring of the Pure Portals {rN+ Dex+6} (You
                  | found it on level 27 of a ziggurat)
 76043 | Zig:27   | Reached skill level 15 in Ice Magic
 76121 | Zig:1    | Entered Level 1 of a ziggurat
 76141 | Zig:2    | Entered Level 2 of a ziggurat
 76156 | Zig:3    | Entered Level 3 of a ziggurat
 76172 | Zig:4    | Entered Level 4 of a ziggurat
 76232 | Zig:5    | Entered Level 5 of a ziggurat
 76234 | Zig:5    | Noticed an ancient lich
 76236 | Zig:5    | Found the +9 heavy crossbow "Sniper" {vorpal, Acc+∞ SInv}
 76237 | Zig:5    | Killed an ancient lich
 76362 | Zig:6    | Entered Level 6 of a ziggurat
 76385 | Zig:6    | Got a shimmering iron ring
 76386 | Zig:6    | Identified the ring "Etior" {*Tele rElec} (You found it on
                  | level 6 of a ziggurat)
 76396 | Zig:7    | Entered Level 7 of a ziggurat
 76428 | Zig:7    | Got a brightly glowing platinum ring
 76429 | Zig:7    | Identified the ring "Hurif" {+Inv +Fly rPois Str-4 Dex+6
                  | Stlth-} (You found it on level 7 of a ziggurat)
 76459 | Zig:8    | Entered Level 8 of a ziggurat
 76474 | Zig:8    | Found the +6 Majin-Bo {vamp, MP+6 Int+6}
 76499 | Zig:9    | Entered Level 9 of a ziggurat
 76551 | Zig:9    | Acquired 822 gold pieces
 76567 | Zig:10   | Entered Level 10 of a ziggurat
 76625 | Zig:10   | Got a pitted amethyst amulet
 76626 | Zig:10   | Identified the amulet of Axioceax {Spirit *Contam rF++
                  | Int+7} (You found it on level 10 of a ziggurat)
 76631 | Zig:11   | Entered Level 11 of a ziggurat
 76673 | Zig:11   | Got a scintillating bronze amulet
 76678 | Zig:11   | Identified the amulet "Ekehiw" {Faith Dex+2} (You found it
                  | on level 11 of a ziggurat)
 76687 | Zig:11   | Got a steaming ivory ring
 76690 | Zig:11   | Identified the ring "Qanuch" {rF+ rC+ Slay+3 Stlth+} (You
                  | found it on level 11 of a ziggurat)
 76722 | Zig:12   | Entered Level 12 of a ziggurat
 76735 | Zig:12   | Noticed an ancient lich
 76735 | Zig:12   | Noticed an ancient lich
 76737 | Zig:12   | Killed an ancient lich
 76738 | Zig:12   | Killed an ancient lich
 76833 | Zig:12   | Got a heavily runed marble ring
 76834 | Zig:12   | Identified the ring "Leurch" {rC+ Str+6 Slay+2 Stlth-} (You
                  | found it on level 12 of a ziggurat)
 76838 | Zig:13   | Entered Level 13 of a ziggurat
 76883 | Zig:13   | Identified the Almanac of Egomania
 76907 | Zig:14   | Entered Level 14 of a ziggurat
 76985 | Zig:14   | Found the +2 Maxwell's thermic engine {flame, freeze}
 76989 | Zig:14   | Got a glittering silver ring
 76990 | Zig:14   | Identified the ring "Jearieb" {+Fly rF+ rC- Str-4 Int+7}
                  | (You found it on level 14 of a ziggurat)
 77026 | Zig:15   | Entered Level 15 of a ziggurat
 77056 | Zig:15   | Found the +3 sling "Punk" {acid, rCorr}
 77067 | Zig:15   | Acquired 807 gold pieces
 77079 | Zig:15   | Identified the Reference Book on Burning Transmigration
 77090 | Zig:15   | Got a steaming ivory ring
 77091 | Zig:15   | Identified the ring of Rinker {Dex+6 SInv} (You found it on
                  | level 15 of a ziggurat)
 77095 | Zig:16   | Entered Level 16 of a ziggurat
 77113 | Zig:16   | Noticed an ancient lich
 77119 | Zig:16   | Killed an ancient lich
 77125 | Zig:16   | Reached skill level 27 in Fighting
 77133 | Zig:16   | Got a warped crystal amulet
 77134 | Zig:16   | Identified the amulet "Puhuck" {RegenMP rPois MR+ Str+4}
                  | (You found it on level 16 of a ziggurat)
 77180 | Zig:17   | Entered Level 17 of a ziggurat
 77196 | Zig:17   | Noticed an ancient lich
 77197 | Zig:17   | Killed an ancient lich
 77227 | Zig:17   | Identified the +2 cloak of Untruth {+Fly Dex+5} (You found
                  | it on level 17 of a ziggurat)
 77256 | Zig:18   | Entered Level 18 of a ziggurat
 77275 | Zig:18   | Noticed an ancient lich
 77278 | Zig:18   | Killed an ancient lich
 77278 | Zig:18   | Noticed an ancient lich
 77279 | Zig:18   | Killed an ancient lich
 77281 | Zig:18   | Noticed an ancient lich
 77282 | Zig:18   | Noticed an ancient lich
 77283 | Zig:18   | Killed an ancient lich
 77284 | Zig:18   | Killed an ancient lich
 77284 | Zig:18   | Noticed an ancient lich
 77287 | Zig:18   | Killed an ancient lich
 77430 | Zig:18   | Found the +10 zealot's sword {holy, *Rage rN+ EV+3}
 77472 | Zig:18   | Got a twitching golden ring
 77473 | Zig:18   | Identified the ring of Satyriasis {rC+ rN+} (You found it
                  | on level 18 of a ziggurat)
 77490 | Zig:19   | Entered Level 19 of a ziggurat
 77609 | Zig:19   | Found the cursed necklace of Bloodlust {*Rage +Rage MR++
                  | Int-3 Slay+6 *Curse}
 77626 | Zig:19   | Identified the +0 helmet of Resilience {rElec Dex+4 Slay-2}
                  | (You found it on level 19 of a ziggurat)
 77653 | Zig:20   | Entered Level 20 of a ziggurat
 77678 | Zig:20   | Reached skill level 27 in Spellcasting
 77945 | Zig:20   | Found the +2 hat of the Bear Spirit {Spirit, +Rage rN+
                  | MR++}
 77966 | Zig:20   | Got a wavering platinum ring
 77967 | Zig:20   | Identified the ring of Happiness {Ice MR+ MP+9 Int+2} (You
                  | found it on level 20 of a ziggurat)
 77972 | Zig:20   | Identified the Volume of Dark Confrontation
 77996 | Zig:21   | Entered Level 21 of a ziggurat
 78046 | Zig:21   | Got a shimmering golden ring
 78047 | Zig:21   | Identified the ring of Vocyrgh {+Blink rN+ Int+6} (You
                  | found it on level 21 of a ziggurat)
 78059 | Zig:21   | Identified the Handbook of Destiny
 78084 | Zig:22   | Entered Level 22 of a ziggurat
 78154 | Zig:22   | Got a glittering platinum ring
 78155 | Zig:22   | Identified the ring "Kocuv" {+Blink rPois rN++ AC+4 Dex+2}
                  | (You found it on level 22 of a ziggurat)
 78158 | Zig:22   | Identified the Papyrus of Heat and Creation
 78174 | Zig:22   | Got a smoking golden ring
 78175 | Zig:22   | Identified the ring "Qeopor" {+Fly rF+ MR- Dex+4} (You
                  | found it on level 22 of a ziggurat)
 78205 | Zig:23   | Entered Level 23 of a ziggurat
 78221 | Zig:23   | Noticed a juggernaut
 78225 | Zig:23   | Killed a juggernaut
 78225 | Zig:23   | Noticed a juggernaut
 78229 | Zig:23   | Killed a juggernaut
 78288 | Zig:23   | Identified the Reference Book on Scorching Confrontation
 78295 | Zig:23   | Identified the Compendium of Scorching Attacks
 78304 | Zig:24   | Entered Level 24 of a ziggurat
 78334 | Zig:24   | Reached skill level 15 in Evocations
 78471 | Zig:24   | Identified the Compendium of Snow
 78476 | Zig:24   | Got a glittering copper amulet
 78477 | Zig:24   | Identified the amulet of Truth {*Contam Regen+ Str+6 Dex+4}
                  | (You found it on level 24 of a ziggurat)
 78483 | Zig:24   | Got a scorched platinum ring
 78484 | Zig:24   | Identified the ring "Qulurch" {+Fly MR+ Str+3 Dex+3 Stlth-}
                  | (You found it on level 24 of a ziggurat)
 78488 | Zig:24   | Got a sparkling marble ring
 78489 | Zig:24   | Identified the ring "Boregen" {rElec MR+ Dex+6 Stlth-} (You
                  | found it on level 24 of a ziggurat)
 78507 | Zig:25   | Entered Level 25 of a ziggurat
 78594 | Zig:25   | Identified the +0 helmet of the Snake Pit {Str+7 Dex+4}
                  | (You found it on level 25 of a ziggurat)
 78605 | Zig:25   | Identified the +4 kite shield of Fallacy {Harm +Inv rPois}
                  | (You found it on level 25 of a ziggurat)
 78615 | Zig:25   | Got a wavering steel ring
 78616 | Zig:25   | Identified the ring of Athraeto {rPois rF- Int+6 Slay+3
                  | SInv} (You found it on level 25 of a ziggurat)
 78624 | Zig:25   | Got a fine amber ring
 78625 | Zig:25   | Identified the ring of Plog {rN+ Stlth+} (You found it on
                  | level 25 of a ziggurat)
 78641 | Zig:26   | Entered Level 26 of a ziggurat
 78706 | Zig:26   | Found the +3 hat of Pondering {ponderous, MR+ MP+10 Int+5}
 78716 | Zig:26   | Got a warped jade ring
 78731 | Zig:26   | Identified the ring of Division {rElec rF- Str+4 Stlth-}
                  | (You found it on level 26 of a ziggurat)
 78779 | Zig:26   | Identified Ryuwoj's Grimoire of Earth
 78787 | Zig:27   | Entered Level 27 of a ziggurat
 78818 | Zig:27   | Noticed Keabiob the pandemonium lord
 78831 | Zig:27   | Killed Keabiob the pandemonium lord
 78837 | Zig:27   | Gained mutation: You do not regenerate when monsters are
                  | visible. [a cacodemon]
 78839 | Zig:27   | Gained mutation: You are weak. (Str -2) [a cacodemon]
 79365 | Zig:27   | Got a scorched turquoise ring
 79366 | Zig:27   | Identified the ring "Gievil" {+Fly rElec MP+9 Int+3 Dex-4}
                  | (You found it on level 27 of a ziggurat)
 79397 | Zig:27   | Got a vibrating bronze ring
 79398 | Zig:27   | Identified the ring of Temptation {MR+ Dex+4 Slay+2} (You
                  | found it on level 27 of a ziggurat)
 79401 | Zig:27   | Got a twitching ivory amulet
 79402 | Zig:27   | Identified the amulet of Oreudado {Spirit rElec Int+2
                  | Slay+2} (You found it on level 27 of a ziggurat)
 79431 | D:15     | Lost mutation: You are weak. (Str -2) [potion of mutation]
 79431 | D:15     | Lost mutation: You are very robust. (+20% HP) [potion of
                  | mutation]
 79431 | D:15     | Lost mutation: You are clumsy. (Dex -2) [potion of
                  | mutation]
 79431 | D:15     | Gained mutation: You are very robust. (+20% HP) [potion of
                  | mutation]
 79432 | D:15     | Lost mutation: You tend to lose your temper in combat.
                  | [potion of mutation]
 79432 | D:15     | Lost mutation: You have an increased reservoir of magic.
                  | (+10% MP) [potion of mutation]
 79432 | D:15     | Lost mutation: You do not regenerate when monsters are
                  | visible. [potion of mutation]
 79432 | D:15     | Gained mutation: You possess an exceptional clarity of
                  | mind. [potion of mutation]
 79473 | Zig:1    | Entered Level 1 of a ziggurat
 79651 | Zig:1    | Learned a level 9 spell: Tornado
 79655 | Zig:2    | Entered Level 2 of a ziggurat
 79660 | Zig:2    | Reached skill level 1 in Air Magic
 79693 | Zig:3    | Entered Level 3 of a ziggurat
 79722 | Zig:4    | Entered Level 4 of a ziggurat
 79846 | Zig:4    | Identified the Collected Works on Feathery Stolen Souls
 79856 | Zig:5    | Entered Level 5 of a ziggurat
 79861 | Zig:5    | Reached skill level 5 in Air Magic
 79889 | Zig:6    | Entered Level 6 of a ziggurat
 79896 | Zig:6    | Noticed a royal mummy
 79897 | Zig:6    | Noticed a royal mummy
 79898 | Zig:6    | Killed a royal mummy
 79899 | Zig:6    | Killed a royal mummy
 80081 | Zig:7    | Entered Level 7 of a ziggurat
 80157 | Zig:7    | Identified the Grimoire of Entrancing Weightlessness
 80173 | Zig:8    | Entered Level 8 of a ziggurat
 80178 | Zig:8    | Found the +3 giant club "Skullcrusher" {speed, Str+7}
 80184 | Zig:8    | Reached skill level 10 in Air Magic
 80216 | Zig:8    | Identified the cursed +2 quarterstaff "Killer Bee's Doom"
                  | {vorpal, +Inv rElec} (You found it on level 8 of a
                  | ziggurat)
 80232 | Zig:8    | Got a glittering wooden ring
 80233 | Zig:8    | Identified the cursed ring of the Serpent {rPois rC- Str-4
                  | Int+5} (You found it on level 8 of a ziggurat)
 80244 | Zig:8    | Identified the Tome of Moulding and Snow
 80248 | Zig:9    | Entered Level 9 of a ziggurat
 80290 | Zig:10   | Entered Level 10 of a ziggurat
 80299 | Zig:10   | Noticed Ehosimp the pandemonium lord
 80301 | Zig:10   | Killed Ehosimp the pandemonium lord
 80550 | Zig:10   | Got a clouded silver ring
 80551 | Zig:10   | Identified the ring "Yhadeeg" {+Fly rC+} (You found it on
                  | level 10 of a ziggurat)
 80655 | Zig:11   | Entered Level 11 of a ziggurat
 80660 | Zig:11   | Noticed a juggernaut
 80664 | Zig:11   | Killed a juggernaut
 80686 | Zig:11   | Got a sparkling garnet amulet
 80688 | Zig:11   | Identified the amulet "Xayzeabu" {Reflect Fragile rC- Str+9
                  | SH+5 Stlth+} (You found it on level 11 of a ziggurat)
 80693 | Zig:11   | Got a fine platinum ring
 80694 | Zig:11   | Identified the ring of the Evening {Ice MR++} (You found it
                  | on level 11 of a ziggurat)
 80706 | Zig:12   | Entered Level 12 of a ziggurat
 80757 | Zig:12   | Found the +8 glaive of the Guard {elec, +Rage AC+5 SInv}
 80794 | Zig:13   | Entered Level 13 of a ziggurat
 80800 | Zig:13   | Reached skill level 15 in Air Magic
 80840 | Zig:13   | Got a fine steel ring
 80841 | Zig:13   | Identified the ring "Ymnom" {Ice MR+ Int+3 Dex+4} (You
                  | found it on level 13 of a ziggurat)
 80848 | Zig:14   | Entered Level 14 of a ziggurat
 80876 | Zig:14   | Found the amulet of Vitality {Regen+ HP+15}
 80954 | Zig:15   | Entered Level 15 of a ziggurat
 80962 | Zig:15   | Noticed an ancient lich
 80962 | Zig:15   | Noticed an ancient lich
 80964 | Zig:15   | Noticed an ancient lich
 80965 | Zig:15   | Killed an ancient lich
 80966 | Zig:15   | Killed an ancient lich
 80966 | Zig:15   | Killed an ancient lich
 80972 | Zig:15   | Found the +5 robe of Night {Dark MR+ SInv}
 80972 | Zig:15   | Found the +0 pair of fencer's gloves {Riposte Dex+3}
 81019 | Zig:15   | Identified the Collected Works on Attacks
 81032 | Zig:15   | Identified the Reference Book on Ghastly Clay
 81041 | Zig:15   | Identified the Almanac of Spatial Calling
 81045 | Zig:16   | Entered Level 16 of a ziggurat
 81051 | Zig:16   | Noticed a royal mummy
 81052 | Zig:16   | Noticed a royal mummy
 81054 | Zig:16   | Killed a royal mummy
 81058 | Zig:16   | Noticed a royal mummy
 81059 | Zig:16   | Killed a royal mummy
 81060 | Zig:16   | Killed a royal mummy
 81060 | Zig:16   | Noticed a royal mummy
 81060 | Zig:16   | Noticed a royal mummy
 81063 | Zig:16   | Killed a royal mummy
 81066 | Zig:16   | Noticed a royal mummy
 81068 | Zig:16   | Killed a royal mummy
 81069 | Zig:16   | Killed a royal mummy
 81069 | Zig:16   | Noticed a royal mummy
 81069 | Zig:16   | Noticed a royal mummy
 81069 | Zig:16   | Noticed a royal mummy
 81070 | Zig:16   | Noticed a royal mummy
 81071 | Zig:16   | Killed a royal mummy
 81071 | Zig:16   | Killed a royal mummy
 81073 | Zig:16   | Killed a royal mummy
 81073 | Zig:16   | Killed a royal mummy
 81210 | Zig:16   | Got a pitted golden ring
 81211 | Zig:16   | Identified the ring of the Bull {*Tele rC+ Slay+2} (You
                  | found it on level 16 of a ziggurat)
 81217 | Zig:17   | Entered Level 17 of a ziggurat
 81255 | Zig:17   | Found the +8 frozen axe "Frostbite" {freezing cloud, *Noise
                  | +Fly rC+}
 81276 | Zig:17   | Identified Cyth's Volume of Dark Arts and the Blaze
 81284 | Zig:18   | Entered Level 18 of a ziggurat
 81340 | Zig:18   | Got a heavily runed steel ring
 81341 | Zig:18   | Identified the ring "Nesk" {rPois rC+ Str+4 Int+2} (You
                  | found it on level 18 of a ziggurat)
 81389 | Zig:19   | Entered Level 19 of a ziggurat
 81413 | Zig:19   | Found the brooch of Shielding {Spirit SH+8}
 81419 | Zig:19   | Identified the Catalogue of the Unstable Volcanoes
 81434 | Zig:19   | Identified the cursed +0 eveningstar of Hainyn {flame, rF+
                  | SInv Stlth+} (You found it on level 19 of a ziggurat)
 81446 | Zig:19   | Identified Sif Muna's Catalogue of Freezing Contamination
 81454 | Zig:20   | Entered Level 20 of a ziggurat
 81518 | Zig:20   | Got a serpentine lapis lazuli ring
 81519 | Zig:20   | Identified the ring of Pieler {rN+ MR+ Slay+3 Stlth+} (You
                  | found it on level 20 of a ziggurat)
 81526 | Zig:20   | Reached skill level 15 in Staves
 81537 | Zig:20   | Identified the +11 quarterstaff of Voerchit {vamp, rF- rC+
                  | Dex+4} (You found it on level 20 of a ziggurat)
 81552 | Zig:21   | Entered Level 21 of a ziggurat
 81706 | Zig:21   | Identified the Tome of Combat Magic
 81740 | Zig:21   | Identified the Volume of Companions and the Frostbite
 81759 | Zig:21   | Got a warped steel ring
 81760 | Zig:21   | Identified the ring of Levity {rC+ rN+ Int-5 SInv} (You
                  | found it on level 21 of a ziggurat)
 81802 | Zig:22   | Entered Level 22 of a ziggurat
 81830 | Zig:22   | Reached skill level 27 in Conjurations
 81863 | Zig:22   | Found the +10 morningstar "Eos" {elec, Halo rElec}
 81867 | Zig:22   | Got a scintillating iron ring
 81868 | Zig:22   | Identified the ring of Xom's Amusement {MP+9 Dex+3} (You
                  | found it on level 22 of a ziggurat)
 81874 | Zig:22   | Identified the Collected Works on Stolen Souls and
                  | Companions
 81896 | Zig:22   | Got a glittering lapis lazuli ring
 81897 | Zig:22   | Identified the ring "Ukhures" {MR+ rCorr} (You found it on
                  | level 22 of a ziggurat)
 81899 | Zig:22   | Identified the Tome of Confrontation and the Mountains
 81934 | Zig:23   | Entered Level 23 of a ziggurat
 81939 | Zig:23   | Noticed a royal mummy
 81939 | Zig:23   | Noticed a royal mummy
 81941 | Zig:23   | Noticed a royal mummy
 81941 | Zig:23   | Noticed a royal mummy
 81941 | Zig:23   | Noticed a royal mummy
 81941 | Zig:23   | Noticed a royal mummy
 81941 | Zig:23   | Noticed a royal mummy
 81941 | Zig:23   | Noticed a royal mummy
 81941 | Zig:23   | Noticed a royal mummy
 81941 | Zig:23   | Noticed a royal mummy
 81941 | Zig:23   | Noticed a royal mummy
 81942 | Zig:23   | Killed a royal mummy
 81942 | Zig:23   | Killed a royal mummy
 81942 | Zig:23   | Killed a royal mummy
 81942 | Zig:23   | Killed a royal mummy
 81942 | Zig:23   | Noticed a royal mummy
 81943 | Zig:23   | Reached skill level 27 in Earth Magic
 81943 | Zig:23   | Killed a royal mummy
 81943 | Zig:23   | Killed a royal mummy
 81943 | Zig:23   | Killed a royal mummy
 81943 | Zig:23   | Killed a royal mummy
 81943 | Zig:23   | Noticed a royal mummy
 81943 | Zig:23   | Noticed a royal mummy
 81943 | Zig:23   | Noticed a royal mummy
 81943 | Zig:23   | Noticed a royal mummy
 81944 | Zig:23   | Killed a royal mummy
 81944 | Zig:23   | Killed a royal mummy
 81944 | Zig:23   | Noticed a royal mummy
 81944 | Zig:23   | Noticed a royal mummy
 81945 | Zig:23   | Killed a royal mummy
 81945 | Zig:23   | Killed a royal mummy
 81946 | Zig:23   | Reached skill level 27 in Fire Magic
 81948 | Zig:23   | Killed a royal mummy
 81952 | Zig:23   | Killed a royal mummy
 81953 | Zig:23   | Killed a royal mummy
 81954 | Zig:23   | Killed a royal mummy
 81956 | Zig:23   | Killed a royal mummy
 81960 | Zig:23   | Noticed a royal mummy
 81960 | Zig:23   | Noticed a royal mummy
 81961 | Zig:23   | Killed a royal mummy
 81961 | Zig:23   | Killed a royal mummy
 81962 | Zig:23   | Killed a royal mummy
 81974 | Zig:23   | Found the +8 arc blade {discharge, rElec}
 82370 | Zig:24   | Entered Level 24 of a ziggurat
 82388 | Zig:24   | Noticed Cohigg the pandemonium lord
 82391 | Zig:24   | Killed Cohigg the pandemonium lord
 82603 | Zig:24   | Identified Qioz's Papyrus of Displacement
 82610 | Zig:24   | Got a flickering pewter amulet
 82611 | Zig:24   | Identified the amulet "Sudikhlu" {RegenMP *Slow rPois rF+
                  | rC++} (You found it on level 24 of a ziggurat)
 82623 | Zig:25   | Entered Level 25 of a ziggurat
 82663 | Zig:25   | Found the +6 lightning scales {run, rElec}
 82669 | Zig:25   | Identified Hepnu's Volume of Transmutation
 82686 | Zig:25   | Identified Viuvotz's Guide on Air and Creation
 82703 | Zig:25   | Identified the cursed +0 pair of boots of the Heavens {rF+
                  | rN++} (You found it on level 25 of a ziggurat)
 82712 | Zig:26   | Entered Level 26 of a ziggurat
 82719 | Zig:26   | Noticed a royal mummy
 82720 | Zig:26   | Noticed a royal mummy
 82720 | Zig:26   | Noticed a royal mummy
 82720 | Zig:26   | Noticed a royal mummy
 82720 | Zig:26   | Noticed a royal mummy
 82721 | Zig:26   | Noticed a royal mummy
 82722 | Zig:26   | Noticed a royal mummy
 82724 | Zig:26   | Killed a royal mummy
 82724 | Zig:26   | Killed a royal mummy
 82724 | Zig:26   | Noticed a royal mummy
 82725 | Zig:26   | Killed a royal mummy
 82725 | Zig:26   | Killed a royal mummy
 82725 | Zig:26   | Killed a royal mummy
 82725 | Zig:26   | Noticed a royal mummy
 82725 | Zig:26   | Killed a royal mummy
 82726 | Zig:26   | Killed a royal mummy
 82727 | Zig:26   | Killed a royal mummy
 82728 | Zig:26   | Killed a royal mummy
 82729 | Zig:26   | Reached skill level 27 in Air Magic
 82730 | Zig:26   | Noticed a royal mummy
 82730 | Zig:26   | Noticed a royal mummy
 82730 | Zig:26   | Noticed a royal mummy
 82730 | Zig:26   | Noticed a royal mummy
 82731 | Zig:26   | Noticed a royal mummy
 82731 | Zig:26   | Noticed a royal mummy
 82732 | Zig:26   | Noticed a royal mummy
 82733 | Zig:26   | Killed a royal mummy
 82733 | Zig:26   | Killed a royal mummy
 82734 | Zig:26   | Killed a royal mummy
 82734 | Zig:26   | Killed a royal mummy
 82734 | Zig:26   | Noticed a royal mummy
 82734 | Zig:26   | Noticed a royal mummy
 82734 | Zig:26   | Noticed a royal mummy
 82734 | Zig:26   | Noticed a royal mummy
 82735 | Zig:26   | Killed a royal mummy
 82735 | Zig:26   | Noticed a royal mummy
 82735 | Zig:26   | Noticed a royal mummy
 82736 | Zig:26   | Killed a royal mummy
 82736 | Zig:26   | Killed a royal mummy
 82736 | Zig:26   | Killed a royal mummy
 82736 | Zig:26   | Noticed an ancient lich
 82736 | Zig:26   | Noticed a royal mummy
 82737 | Zig:26   | Killed a royal mummy
 82737 | Zig:26   | Noticed a royal mummy
 82738 | Zig:26   | Killed a royal mummy
 82738 | Zig:26   | Killed a royal mummy
 82738 | Zig:26   | Killed a royal mummy
 82739 | Zig:26   | Killed a royal mummy
 82739 | Zig:26   | Killed a royal mummy
 82739 | Zig:26   | Killed an ancient lich
 82739 | Zig:26   | Noticed a royal mummy
 82739 | Zig:26   | Noticed a royal mummy
 82740 | Zig:26   | Noticed a royal mummy
 82741 | Zig:26   | Killed a royal mummy
 82741 | Zig:26   | Killed a royal mummy
 82741 | Zig:26   | Noticed a royal mummy
 82742 | Zig:26   | Noticed a royal mummy
 82742 | Zig:26   | Killed a royal mummy
 82742 | Zig:26   | Noticed a royal mummy
 82743 | Zig:26   | Killed a royal mummy
 82744 | Zig:26   | Killed a royal mummy
 82744 | Zig:26   | Killed a royal mummy
 82745 | Zig:26   | Killed a royal mummy
 82912 | Zig:26   | Found the +12 glaive of Prune {vorpal}
 82954 | Zig:26   | Got a shimmering amethyst amulet
 82955 | Zig:26   | Identified the amulet "Wolikuv" {RegenMP Int+2} (You found
                  | it on level 26 of a ziggurat)
 82960 | Zig:26   | Got a transparent jade ring
 82961 | Zig:26   | Identified the ring "Xuogg" {*Contam rElec rPois rC+
                  | Stlth+} (You found it on level 26 of a ziggurat)
 82970 | Zig:26   | Got a heavily runed golden ring
 82971 | Zig:26   | Identified the ring "Baymah" {rC+ MR+ Int+4} (You found it
                  | on level 26 of a ziggurat)
 82981 | Zig:26   | Identified the Volume of the Rocks and the Escort
 83093 | Zig:27   | Entered Level 27 of a ziggurat
 83244 | Zig:27   | Got a shimmering glass ring
 83245 | Zig:27   | Identified the ring of Fedhas's Regard {Str+5 Dex+6} (You
                  | found it on level 27 of a ziggurat)
 83254 | Zig:27   | Identified the Tome of Toxic Blows and Bruises
 83376 | Zot:1    | Entered Level 1 of the Realm of Zot
 83376 | Zot:1    | Found a transporter.
 83376 | Zot:1    | Noticed Doptycau's ghost (legendary OpEE)
 83389 | Zot:1    | Killed Doptycau's ghost
 83808 | Zot:1    | Found the +9 scales of the Dragon King {rPois rF+ rC+ MR+}
 83971 | Zot:1    | Found a transporter.
 84024 | Zot:1    | Got a sparkling silver amulet
 84026 | Zot:1    | Identified the amulet "Qisawnac" {Acrobat *Corrode rPois
                  | MR+ Dex+2} (You found it on level 1 of the Realm of Zot)
 85669 | Zot:3    | Found a transporter.
 85682 | Zot:3    | Noticed Doptycau's ghost (legendary OpEE)
 85713 | Zot:3    | Found a transporter.
 85717 | Zot:3    | Killed Doptycau's ghost
 86888 | Zot:4    | Reached skill level 27 in Ice Magic
 87572 | Zot:5    | Entered Level 5 of the Realm of Zot
 87819 | Zot:5    | Found an ancient bone altar of Kikubaaqudgha.
 87819 | Zot:5    | Noticed an ancient lich
 87819 | Zot:5    | Noticed an ancient lich
 87819 | Zot:5    | Noticed voshxx's ghost (legendary GrEE)
 87820 | Zot:5    | Found a runed translucent gate.
 87820 | Zot:5    | Found a runed translucent gate.
 87820 | Zot:5    | Found a runed translucent gate.
 87820 | Zot:5    | Noticed an ancient lich
 87820 | Zot:5    | Noticed an ancient lich
 87838 | Zot:5    | Learned a level 8 spell: Lehudib's Crystal Spear
 87842 | Zot:5    | Killed an ancient lich
 87843 | Zot:5    | Killed an ancient lich
 87843 | Zot:5    | Killed an ancient lich
 87845 | Zot:5    | Killed voshxx's ghost
 87846 | Zot:5    | Killed an ancient lich
 87855 | Zot:5    | Got a translucent copper ring
 87856 | Zot:5    | Identified the ring "Paymu" {Dex+2 Stlth-} (You found it on
                  | level 5 of the Realm of Zot)
 87861 | Zot:5    | Identified the +0 helmet "Ipotreept" {Dex+4} (You found it
                  | on level 5 of the Realm of Zot)
 88341 | Zot:5    | Noticed an ancient lich
 88343 | Zot:5    | Killed an ancient lich
 88347 | Zot:5    | Noticed an orb of fire
 88350 | Zot:5    | Noticed an orb of fire
 88358 | Zot:5    | Killed an orb of fire
 88364 | Zot:5    | Killed an orb of fire
 88367 | Zot:5    | Noticed an orb of fire
 88370 | Zot:5    | Gained mutation: Armour fits poorly on your strangely
                  | shaped body. [an orb of fire]
 88371 | Zot:5    | Killed an orb of fire
 88712 | Zot:5    | Noticed an orb of fire
 88715 | Zot:5    | Killed an orb of fire
 88743 | Zot:5    | Noticed an orb of fire
 88745 | Zot:5    | Killed an orb of fire
 89205 | Pan      | Entered Pandemonium
 89254 | Pan      | Gained mutation: Your body sometimes deteriorates upon
                  | taking damage. [a cacodemon]
 89257 | Pan      | Gained mutation: You are weak. (Str -2) [a cacodemon]
 89543 | Pan      | Noticed Napp the pandemonium lord
 89546 | Pan      | Killed Napp the pandemonium lord
 89555 | Pan      | Got a demonic rune of Zot
 90011 | Pan      | Gained mutation: You are very weak. (Str -4) [a neqoxec]
 90101 | Pan      | Noticed Otiomadu the pandemonium lord
 90102 | Pan      | Killed Otiomadu the pandemonium lord
 90288 | Pan      | Noticed Foot Epif the pandemonium lord
 90292 | Pan      | Killed Foot Epif the pandemonium lord
 90312 | Pan      | Entered the realm of Cerebov.
 90356 | Pan      | Reached skill level 27 in Staves
 90489 | Pan      | Identified the +6 sword of Cerebov {flame}
 90489 | Pan      | Noticed Cerebov
 90493 | Pan      | Killed Cerebov
 90496 | Pan      | Reached skill level 5 in Stealth
 90509 | Pan      | Got a fiery rune of Zot
 90620 | Pan      | Got a brightly glowing brass amulet
 90621 | Pan      | Identified the amulet "Oroxt" {Faith *Slow rElec rC-
                  | Slay+6} (You found it in Pandemonium)
 90664 | Pan      | Got a clouded platinum ring
 90665 | Pan      | Identified the ring of Noren {*Tele *Drain +Inv MR+} (You
                  | found it in Pandemonium)
 90702 | Pan      | Got a transparent zirconium amulet
 90703 | Pan      | Identified the amulet "Xoalocui" {Regen+ Str+3 Dex+4} (You
                  | found it in Pandemonium)
 90726 | Pan      | Identified the Incunabulum of the Voyage and Hexes
 90757 | Pan      | Identified Sobunaug's Disquisition on Dislocation and Fire
 90845 | Pan      | Reached skill level 15 in Shields
 90852 | Pan      | Entered the realm of Gloorx Vloq.
 91006 | Pan      | Noticed Gloorx Vloq
 91011 | Pan      | Killed Gloorx Vloq
 91015 | Pan      | Got a dark rune of Zot
 91033 | Pan      | Entered the realm of Mnoleg.
 91048 | Pan      | Gained mutation: Your body often deteriorates upon taking
                  | damage. [a cacodemon]
 91229 | Pan      | Gained mutation: Scrolls take you a little longer to read.
                  | [a neqoxec]
 91241 | Pan      | Gained mutation: You passively map a small area around you.
                  | [a neqoxec]
 91246 | Pan      | Noticed Mnoleg
 91249 | Pan      | Killed Mnoleg
 91250 | Pan      | Gained mutation: Potions are less effective at restoring
                  | your health. [a cacodemon]
 91256 | Pan      | Gained mutation: You are dopey. (Int -2) [a neqoxec]
 91265 | Pan      | Got a glowing rune of Zot
 91279 | Pan      | Reached skill level 10 in Stealth
 91367 | Pan      | Gained mutation: Scrolls take you longer to read. [a
                  | neqoxec]
 91385 | Pan      | Entered the realm of Lom Lobon.
 91397 | Pan      | Noticed Lom Lobon
 91400 | Pan      | Killed Lom Lobon
 91422 | Pan      | Got a magical rune of Zot
 91613 | Pan      | Found an exit through the horrors of the Abyss.
 91704 | Pan      | Noticed Wexzurchu the pandemonium lord
 91712 | Pan      | Killed Wexzurchu the pandemonium lord
 91759 | Pan      | Noticed Wievuifo the pandemonium lord
 91761 | Pan      | Killed Wievuifo the pandemonium lord
 91779 | Depths:1 | Escaped Pandemonium
 91916 | Depths:1 | Lost mutation: Armour fits poorly on your strangely shaped
                  | body. [potion of mutation]
 91916 | Depths:1 | Lost mutation: Your body often deteriorates upon taking
                  | damage. [potion of mutation]
 91916 | Depths:1 | Lost mutation: Your flesh is very heat resistant. (rF++)
                  | [potion of mutation]
 91916 | Depths:1 | Gained mutation: You expend magic power (3 MP) to
                  | strengthen your wands. [potion of mutation]
 91917 | Depths:1 | Lost mutation: Scrolls take you longer to read. [potion of
                  | mutation]
 91917 | Depths:1 | Lost mutation: You possess an exceptional clarity of mind.
                  | [potion of mutation]
 91917 | Depths:1 | Lost mutation: You are dopey. (Int -2) [potion of mutation]
 91917 | Depths:1 | Lost mutation: Your body sometimes deteriorates upon taking
                  | damage. [potion of mutation]
 91917 | Depths:1 | Lost mutation: Scrolls take you a little longer to read.
                  | [potion of mutation]
 91918 | Depths:1 | Lost mutation: You expend magic power (3 MP) to strengthen
                  | your wands. [potion of mutation]
 91918 | Depths:1 | Lost mutation: You are very robust. (+20% HP) [potion of
                  | mutation]
 91918 | Depths:1 | Lost mutation: You are very weak. (Str -4) [potion of
                  | mutation]
 91918 | Depths:1 | Gained mutation: You have a pair of small horns on your
                  | head. [potion of mutation]
 91918 | Depths:1 | Gained mutation: You are partially covered in yellow
                  | scales. (AC +2) [potion of mutation]
 91919 | Depths:1 | Lost mutation: You are weak. (Str -2) [potion of mutation]
 91919 | Depths:1 | Lost mutation: You are robust. (+10% HP) [potion of
                  | mutation]
 91919 | Depths:1 | Gained mutation: Your movements are slightly less
                  | encumbered by armour. (ER -2) [potion of mutation]
 91920 | Depths:1 | Lost mutation: Your flesh is heat resistant. (rF+) [potion
                  | of mutation]
 91920 | Depths:1 | Lost mutation: Potions are less effective at restoring your
                  | health. [potion of mutation]
 91920 | Depths:1 | Lost mutation: You have a pair of small horns on your head.
                  | [potion of mutation]
 91920 | Depths:1 | Gained mutation: You have a pair of small horns on your
                  | head. [potion of mutation]
 91933 | Zig:1    | Entered Level 1 of a ziggurat
 92054 | Zig:2    | Entered Level 2 of a ziggurat
 92080 | Zig:3    | Entered Level 3 of a ziggurat
 92118 | Zig:4    | Entered Level 4 of a ziggurat
 92170 | Zig:5    | Entered Level 5 of a ziggurat
 92355 | Zig:6    | Entered Level 6 of a ziggurat
 92412 | Zig:7    | Entered Level 7 of a ziggurat
 92456 | Zig:7    | Identified the -3 buckler of Honour {rF+} (You found it on
                  | level 7 of a ziggurat)
 92465 | Zig:8    | Entered Level 8 of a ziggurat
 92504 | Zig:8    | Got a twitching bone amulet
 92505 | Zig:8    | Identified the amulet "Ommoilepp" {Spirit +Fly Str+3} (You
                  | found it on level 8 of a ziggurat)
 92519 | Zig:8    | Got a crude bronze amulet
 92520 | Zig:8    | Identified the amulet "Itaegha" {Inacc rElec rN+ Stlth+}
                  | (You found it on level 8 of a ziggurat)
 92525 | Zig:9    | Entered Level 9 of a ziggurat
 92533 | Zig:9    | Reached skill level 15 in Stealth
 92619 | Zig:10   | Entered Level 10 of a ziggurat
 92624 | Zig:10   | Noticed an ancient lich
 92626 | Zig:10   | Killed an ancient lich
 92628 | Zig:10   | Noticed an ancient lich
 92628 | Zig:10   | Noticed an ancient lich
 92630 | Zig:10   | Killed an ancient lich
 92631 | Zig:10   | Killed an ancient lich
 92722 | Zig:11   | Entered Level 11 of a ziggurat
 92726 | Zig:11   | Noticed an ancient lich
 92727 | Zig:11   | Noticed an ancient lich
 92727 | Zig:11   | Noticed an ancient lich
 92729 | Zig:11   | Killed an ancient lich
 92729 | Zig:11   | Killed an ancient lich
 92729 | Zig:11   | Killed an ancient lich
 92797 | Zig:11   | Identified the Incunabulum of the Compass
 92864 | Zig:12   | Entered Level 12 of a ziggurat
 92897 | Zig:12   | Identified the Tome of Curses
 92900 | Zig:12   | Got a brightly glowing silver ring
 92901 | Zig:12   | Identified the ring of Xegrigou {+Blink rPois} (You found
                  | it on level 12 of a ziggurat)
 92940 | Zig:13   | Entered Level 13 of a ziggurat
 92943 | Zig:13   | Noticed an ancient lich
 92944 | Zig:13   | Noticed an ancient lich
 92945 | Zig:13   | Noticed an ancient lich
 92947 | Zig:13   | Killed an ancient lich
 92947 | Zig:13   | Killed an ancient lich
 92947 | Zig:13   | Killed an ancient lich
 92963 | Zig:13   | Found the ring of Robustness {AC+8}
 92987 | Zig:13   | Identified Pajepn's Grimoire of Darkness
 93001 | Zig:13   | Got a coiled zirconium amulet
 93002 | Zig:13   | Identified the amulet of Himumagh {Spirit rN+ MR++ Slay+6}
                  | (You found it on level 13 of a ziggurat)
 93016 | Zig:14   | Entered Level 14 of a ziggurat
 93022 | Zig:14   | Noticed an ancient lich
 93025 | Zig:14   | Noticed an ancient lich
 93026 | Zig:14   | Killed an ancient lich
 93027 | Zig:14   | Killed an ancient lich
 93029 | Zig:14   | Noticed an ancient lich
 93030 | Zig:14   | Noticed an ancient lich
 93033 | Zig:14   | Killed an ancient lich
 93034 | Zig:14   | Killed an ancient lich
 93066 | Zig:14   | Got a sparkling steel ring
 93068 | Zig:14   | Identified the ring "Isaoghe" {Ice Int+6} (You found it on
                  | level 14 of a ziggurat)
 93092 | Zig:14   | Identified the +4 quarterstaff of Wig Jeux {speed, *Contam
                  | MP+9 Str+6 Stlth+} (You found it on level 14 of a ziggurat)
 93108 | Zig:15   | Entered Level 15 of a ziggurat
 93112 | Zig:15   | Noticed an ancient lich
 93113 | Zig:15   | Noticed an ancient lich
 93113 | Zig:15   | Noticed an ancient lich
 93114 | Zig:15   | Noticed an ancient lich
 93116 | Zig:15   | Killed an ancient lich
 93116 | Zig:15   | Noticed an ancient lich
 93117 | Zig:15   | Killed an ancient lich
 93117 | Zig:15   | Killed an ancient lich
 93118 | Zig:15   | Killed an ancient lich
 93118 | Zig:15   | Killed an ancient lich
 93227 | Zig:15   | Identified Gozxy's Incunabulum of Bewitchment
 93235 | Zig:15   | Got a serpentine granite ring
 93236 | Zig:15   | Identified the ring of Awe {Int+5 Stlth+} (You found it on
                  | level 15 of a ziggurat)
 93260 | Zig:16   | Entered Level 16 of a ziggurat
 93267 | Zig:16   | Noticed Erhaimih's ghost (legendary DDNe)
 93267 | Zig:16   | Noticed Zorhyraw's ghost (legendary GrEE)
 93268 | Zig:16   | Noticed Ihoic's ghost (legendary SpEn)
 93268 | Zig:16   | Noticed Ihoic's ghost (legendary SpEn)
 93268 | Zig:16   | Noticed Wougrad's ghost (legendary GrEE)
 93268 | Zig:16   | Noticed Umoqal's ghost (legendary DEEE)
 93269 | Zig:16   | Noticed Dyryt's ghost (legendary GrEE)
 93269 | Zig:16   | Noticed Erhaimih's ghost (legendary DDNe)
 93269 | Zig:16   | Noticed Ygonacw's ghost (legendary GrEE)
 93269 | Zig:16   | Noticed Muffal's ghost (legendary FoFi)
 93269 | Zig:16   | Noticed Rotwopom's ghost (legendary NaVM)
 93270 | Zig:16   | Noticed Icuofef's ghost (veteran SpEn)
 93273 | Zig:17   | Entered Level 17 of a ziggurat
 93283 | Zig:17   | Noticed a juggernaut
 93288 | Zig:17   | Killed a juggernaut
 93289 | Zig:17   | Noticed a juggernaut
 93289 | Zig:17   | Noticed a juggernaut
 93291 | Zig:17   | Noticed a juggernaut
 93292 | Zig:17   | Killed a juggernaut
 93293 | Zig:17   | Killed a juggernaut
 93295 | Zig:17   | Killed a juggernaut
 93337 | Zig:17   | Acquired 581 gold pieces
 93341 | Zig:17   | Acquired 1021 gold pieces
 93395 | Zig:18   | Entered Level 18 of a ziggurat
 93397 | Zig:18   | Noticed a royal mummy
 93398 | Zig:18   | Noticed a royal mummy
 93399 | Zig:18   | Noticed a royal mummy
 93399 | Zig:18   | Noticed a royal mummy
 93399 | Zig:18   | Noticed an ancient lich
 93400 | Zig:18   | Noticed a royal mummy
 93400 | Zig:18   | Noticed a royal mummy
 93400 | Zig:18   | Noticed a royal mummy
 93400 | Zig:18   | Noticed a royal mummy
 93400 | Zig:18   | Noticed a royal mummy
 93401 | Zig:18   | Found the +4 robe of Augmentation {Str+4 Int+4 Dex+4}
 93401 | Zig:18   | Noticed a royal mummy
 93401 | Zig:18   | Killed a royal mummy
 93401 | Zig:18   | Killed a royal mummy
 93401 | Zig:18   | Noticed a royal mummy
 93401 | Zig:18   | Noticed a royal mummy
 93402 | Zig:18   | Noticed a royal mummy
 93402 | Zig:18   | Noticed a royal mummy
 93402 | Zig:18   | Noticed a royal mummy
 93403 | Zig:18   | Found the -2 hat of the Alchemist {rElec rPois rF+ rC+ rN+
                  | MR+ rMut rCorr}
 93403 | Zig:18   | Killed a royal mummy
 93403 | Zig:18   | Killed a royal mummy
 93403 | Zig:18   | Killed a royal mummy
 93403 | Zig:18   | Killed a royal mummy
 93403 | Zig:18   | Killed a royal mummy
 93403 | Zig:18   | Killed a royal mummy
 93403 | Zig:18   | Killed a royal mummy
 93403 | Zig:18   | Killed a royal mummy
 93403 | Zig:18   | Killed a royal mummy
 93403 | Zig:18   | Killed a royal mummy
 93404 | Zig:18   | Reached skill level 27 in Shields
 93404 | Zig:18   | Killed a royal mummy
 93404 | Zig:18   | Killed an ancient lich
 93404 | Zig:18   | Killed a royal mummy
 93405 | Zig:18   | Killed a royal mummy
 93544 | Zig:18   | Identified the cursed +0 pair of gloves "Ykeivuw" {*Slow
                  | rElec Dex+6 SInv} (You found it on level 18 of a ziggurat)
 93553 | Zig:18   | Identified the Compendium of the Dropbear
 93556 | Zig:18   | Identified the Papyrus of the Flamy Compass
 93575 | Zig:18   | Identified Icauwn's Collected Works on Curses and the
                  | Glacier
 93591 | Zig:19   | Entered Level 19 of a ziggurat
 93603 | Zig:19   | Reached skill level 27 in Dodging
 93656 | Zig:19   | Got a scintillating turquoise ring
 93657 | Zig:19   | Identified the ring of Katutwawn {rF++ rN+} (You found it
                  | on level 19 of a ziggurat)
 93676 | Zig:20   | Entered Level 20 of a ziggurat
 93686 | Zig:20   | Reached skill level 27 in Stealth
 93689 | Zig:20   | Reached skill level 10 in Armour
 93702 | Zig:20   | Reached skill level 15 in Armour
 93761 | Zig:20   | Acquired 821 gold pieces
 93773 | Zig:20   | Identified the cursed +3 quarterstaff "Udorrah" {spect, rF+
                  | rC+} (You found it on level 20 of a ziggurat)
 93780 | Zig:20   | Identified the +3 quarterstaff of Wu Jian's Castigation
                  | {speed, rElec Dex+3 SInv Stlth+} (You found it on level 20
                  | of a ziggurat)
 93789 | Zig:20   | Identified the +8 quarterstaff "Undertaker" {freeze, *Noise
                  | Str+9 Dex-3} (You found it on level 20 of a ziggurat)
 93794 | Zig:21   | Entered Level 21 of a ziggurat
 93800 | Zig:21   | Noticed an ancient lich
 93802 | Zig:21   | Noticed an ancient lich
 93804 | Zig:21   | Killed an ancient lich
 93805 | Zig:21   | Killed an ancient lich
 93808 | Zig:21   | Noticed an ancient lich
 93809 | Zig:21   | Noticed an ancient lich
 93811 | Zig:21   | Killed an ancient lich
 93811 | Zig:21   | Noticed an ancient lich
 93812 | Zig:21   | Killed an ancient lich
 93812 | Zig:21   | Killed an ancient lich
 93815 | Zig:21   | Noticed an ancient lich
 93818 | Zig:21   | Killed an ancient lich
 93821 | Zig:21   | Noticed an ancient lich
 93823 | Zig:21   | Killed an ancient lich
 93865 | Zig:21   | Got a sparkling bronze ring
 93870 | Zig:21   | Got a shimmering pewter ring
 93876 | Zig:21   | Identified the ring of the Catfish {EV+4 Str+2} (You found
                  | it on level 21 of a ziggurat)
 93878 | Zig:21   | Identified the ring "Quodakex" {rCorr Dex+3} (You found it
                  | on level 21 of a ziggurat)
 93891 | Zig:22   | Entered Level 22 of a ziggurat
 94007 | Zig:22   | Identified Sif Muna's Catalogue of Creation
 94015 | Zig:22   | Identified the Disquisition on Conjuration
 94025 | Zig:22   | Got a shimmering golden ring
 94026 | Zig:22   | Identified the ring of Gohaptor {rF+ MP+9 Str+2 Int+3
                  | Dex-2} (You found it on level 22 of a ziggurat)
 94032 | Zig:22   | Got a heavily runed pewter amulet
 94033 | Zig:22   | Identified the amulet of Umeohy {Reflect Str+4 SH+5 Stlth+}
                  | (You found it on level 22 of a ziggurat)
 94062 | Zig:22   | Got a scintillating brass ring
 94063 | Zig:22   | Identified the ring of Dyaricod {rElec Stlth-} (You found
                  | it on level 22 of a ziggurat)
 94067 | Zig:23   | Entered Level 23 of a ziggurat
 94222 | Zig:23   | Found the +8 trident of the Octopus King {venom, rElec
                  | rPois MR+}
 94255 | Zig:23   | Acquired a manual of Maces & Flails
 94260 | Zig:23   | Got a translucent turquoise ring
 94263 | Zig:23   | Identified the ring "Tuonkoma" {MR+ Dex+2} (You found it on
                  | level 23 of a ziggurat)
 94271 | Zig:24   | Entered Level 24 of a ziggurat
 94283 | Zig:24   | Reached skill level 27 in Armour
 94312 | Zig:24   | Found the +15 Maxwell's patent armour {-Cast -Tele rElec
                  | MR+ rCorr}
 94426 | Zig:24   | Got a smoking amber ring
 94427 | Zig:24   | Identified the ring of Gimola {rC+ SInv} (You found it on
                  | level 24 of a ziggurat)
 94435 | Zig:24   | Got a coiled steel ring
 94436 | Zig:24   | Identified the ring "Erexuf" {rElec rPois rN+} (You found
                  | it on level 24 of a ziggurat)
 94441 | Zig:25   | Entered Level 25 of a ziggurat
 94506 | Zig:25   | Identified the +3 cloak of Fortitude {Harm *Slow Dex+4}
                  | (You found it on level 25 of a ziggurat)
 94512 | Zig:25   | Identified the Disquisition on Sinister Stones
 94521 | Zig:25   | Identified the Papyrus of Clay
 94527 | Zig:25   | Identified the Tome of Contamination and the Frostbite
 94536 | Zig:25   | Got a smoking bone ring
 94537 | Zig:25   | Identified the ring of Qazlal's Esteem {MR- Str+7 Stlth-}
                  | (You found it on level 25 of a ziggurat)
 94546 | Zig:26   | Entered Level 26 of a ziggurat
 94556 | Zig:26   | Noticed an ancient lich
 94557 | Zig:26   | Noticed an ancient lich
 94559 | Zig:26   | Killed an ancient lich
 94560 | Zig:26   | Killed an ancient lich
 94561 | Zig:26   | Noticed an ancient lich
 94562 | Zig:26   | Noticed an ancient lich
 94563 | Zig:26   | Killed an ancient lich
 94563 | Zig:26   | Noticed an ancient lich
 94563 | Zig:26   | Noticed an ancient lich
 94564 | Zig:26   | Killed an ancient lich
 94564 | Zig:26   | Noticed an ancient lich
 94564 | Zig:26   | Noticed an ancient lich
 94565 | Zig:26   | Noticed an ancient lich
 94566 | Zig:26   | Noticed an ancient lich
 94566 | Zig:26   | Killed an ancient lich
 94566 | Zig:26   | Killed an ancient lich
 94566 | Zig:26   | Killed an ancient lich
 94566 | Zig:26   | Killed an ancient lich
 94567 | Zig:26   | Reached skill level 27 in Evocations
 94567 | Zig:26   | Killed an ancient lich
 94568 | Zig:26   | Killed an ancient lich
 94569 | Zig:26   | Noticed an ancient lich
 94569 | Zig:26   | Noticed an ancient lich
 94571 | Zig:26   | Killed an ancient lich
 94571 | Zig:26   | Killed an ancient lich
 94573 | Zig:26   | Noticed an ancient lich
 94574 | Zig:26   | Killed an ancient lich
 94574 | Zig:26   | Noticed an ancient lich
 94575 | Zig:26   | Noticed an ancient lich
 94575 | Zig:26   | Noticed an ancient lich
 94576 | Zig:26   | Killed an ancient lich
 94578 | Zig:26   | Noticed an ancient lich
 94579 | Zig:26   | Killed an ancient lich
 94579 | Zig:26   | Killed an ancient lich
 94581 | Zig:26   | Killed an ancient lich
 94593 | Zig:26   | Found the +7 captain's cutlass {speed, disarm}
 94615 | Zig:26   | Identified the cursed +1 quarterstaff "Rios" {drain, +Blink
                  | rElec rC++ Int-2} (You found it on level 26 of a ziggurat)
 94634 | Zig:26   | Identified Niokyll's Guide on Changing and the Blaze
 94637 | Zig:26   | Got a scorched lead ring
 94638 | Zig:26   | Identified the cursed ring of Temptation {Str-4 Int-2
                  | Dex+5} (You found it on level 26 of a ziggurat)
 94678 | Zig:26   | Identified the Handbook of Vitriolic Conjuration
 94682 | Zig:27   | Entered Level 27 of a ziggurat
 94705 | Zig:27   | Reached skill level 15 in Transmutations
 94737 | Zig:27   | Found the ring of Shadows {Umbra +Inv Stlth+}
 94756 | Zig:27   | Identified the Guide on Cloudy Displacement
 94783 | Zig:1    | Entered Level 1 of a ziggurat
 94899 | Zig:2    | Entered Level 2 of a ziggurat
 95080 | Zig:3    | Entered Level 3 of a ziggurat
 95139 | Zig:3    | Identified the cursed +0 quarterstaff of Crawling {protect,
                  | rC++ SInv} (You found it on level 3 of a ziggurat)
 95142 | Zig:4    | Entered Level 4 of a ziggurat
 95143 | Zig:4    | Noticed an ancient lich
 95145 | Zig:4    | Killed an ancient lich
 95146 | Zig:4    | Reached skill level 27 in Necromancy
 95204 | Zig:4    | Identified the Tome of the Doomed Mountains
 95206 | Zig:4    | Identified the Handbook of Evil Weightlessness
 95210 | Zig:5    | Entered Level 5 of a ziggurat
 95246 | Zig:6    | Entered Level 6 of a ziggurat
 95425 | Zig:6    | Found the +7 pair of quick blades "Gyre" and "Gimble"
                  | {protect}
 95451 | Zig:7    | Entered Level 7 of a ziggurat
 95457 | Zig:7    | Found the +7 Spriggan's Knife {stab, EV+4 Stlth+}
 95557 | Zig:7    | Identified the Incunabulum of the Freezing Rocks
 95566 | Zig:8    | Entered Level 8 of a ziggurat
 95601 | Zig:9    | Entered Level 9 of a ziggurat
 95766 | Zig:10   | Entered Level 10 of a ziggurat
 95773 | Zig:10   | Noticed an ancient lich
 95775 | Zig:10   | Noticed an ancient lich
 95794 | Zig:10   | Killed an ancient lich
 95794 | Zig:10   | Killed an ancient lich
 95797 | Zig:10   | Noticed an ancient lich
 95797 | Zig:10   | Noticed an ancient lich
 95799 | Zig:10   | Killed an ancient lich
 95799 | Zig:10   | Killed an ancient lich
 95849 | Zig:10   | Got a wavering silver ring
 95851 | Zig:10   | Identified the ring of Qihufuad {+Blink EV+4 Stlth+} (You
                  | found it on level 10 of a ziggurat)
 95877 | Zig:10   | Got a clouded pewter amulet
 95878 | Zig:10   | Identified the amulet "Legaklew" {Inacc Fragile rElec MR+
                  | Int+2} (You found it on level 10 of a ziggurat)
 95915 | Zig:11   | Entered Level 11 of a ziggurat
 96064 | Zig:11   | Found the +2 robe of Vines {NoPotionHeal Regen+7}
 96081 | Zig:12   | Entered Level 12 of a ziggurat
 96161 | Zig:12   | Identified the Papyrus of the Disturbing Hosts
 96172 | Zig:13   | Entered Level 13 of a ziggurat
 96358 | Zig:14   | Entered Level 14 of a ziggurat
 96437 | Zig:14   | Got a vibrating wooden ring
 96442 | Zig:14   | Identified the ring of Lecza {rPois rF+ rN+} (You found it
                  | on level 14 of a ziggurat)
 96452 | Zig:15   | Entered Level 15 of a ziggurat
 96478 | Zig:15   | Killed a starcursed mass
 96605 | Zig:15   | Got a pitted golden ring
 96606 | Zig:15   | Identified the ring "Amaong" {+Fly rElec MP+9 Int-2 Dex+9}
                  | (You found it on level 15 of a ziggurat)
 96609 | Zig:15   | Identified the Volume of Arcane Weapons and the Snowflakes
 96623 | Zig:16   | Entered Level 16 of a ziggurat
 96629 | Zig:16   | Noticed a juggernaut
 96631 | Zig:16   | Noticed a juggernaut
 96634 | Zig:16   | Killed a juggernaut
 96634 | Zig:16   | Killed a juggernaut
 96635 | Zig:16   | Noticed a juggernaut
 96637 | Zig:16   | Noticed a juggernaut
 96638 | Zig:16   | Noticed a juggernaut
 96639 | Zig:16   | Killed a juggernaut
 96639 | Zig:16   | Noticed a juggernaut
 96639 | Zig:16   | Noticed a juggernaut
 96641 | Zig:16   | Killed a juggernaut
 96642 | Zig:16   | Killed a juggernaut
 96642 | Zig:16   | Killed a juggernaut
 96643 | Zig:16   | Killed a juggernaut
 96660 | Zig:16   | Reached skill level 27 in Transmutations
 96816 | Zig:16   | Found the +7 lajatang of Order {silver, rMut}
 96835 | Zig:16   | Got a twitching jade ring
 96836 | Zig:16   | Identified the ring "Jifaoxati" {MR+ Str+6} (You found it
                  | on level 16 of a ziggurat)
 96842 | Zig:16   | Identified Jeas's Catalogue of Ice
 96874 | Zig:17   | Entered Level 17 of a ziggurat
 96896 | Zig:17   | Reached skill level 10 in Polearms
 96904 | Zig:17   | Reached skill level 15 in Maces & Flails
 96910 | Zig:17   | Found the +8 autumn katana {vorpal, Clar}
 96922 | Zig:17   | Got a pitted platinum ring
 96923 | Zig:17   | Identified the ring of Amneylou {*Tele rC+ Slay+2} (You
                  | found it on level 17 of a ziggurat)
 96932 | Zig:17   | Identified Geumav's Incunabulum of the Torrid Birds
 96951 | Zig:17   | Got a pitted turquoise ring
 96952 | Zig:17   | Identified the ring of Syown {rN+ rCorr Str+2 Dex-4} (You
                  | found it on level 17 of a ziggurat)
 96994 | Zig:18   | Entered Level 18 of a ziggurat
 97002 | Zig:18   | Noticed Jeschoeda the pandemonium lord
 97004 | Zig:18   | Noticed Sulimor the pandemonium lord
 97006 | Zig:18   | Noticed Muegima the pandemonium lord
 97006 | Zig:18   | Noticed Negruaf the pandemonium lord
 97006 | Zig:18   | Noticed Duucwuz the pandemonium lord
 97006 | Zig:18   | Noticed Sexousix the pandemonium lord
 97006 | Zig:18   | Noticed Qooshra the pandemonium lord
 97006 | Zig:18   | Noticed Toamet the pandemonium lord
 97007 | Zig:18   | Noticed Qiucant the pandemonium lord
 97007 | Zig:18   | Noticed Azetoj the pandemonium lord
 97007 | Zig:18   | Noticed Zojen the pandemonium lord
 97007 | Zig:18   | Noticed Anuast the pandemonium lord
 97007 | Zig:18   | Noticed Onoxut the pandemonium lord
 97007 | Zig:18   | Noticed Dipuklo the pandemonium lord
 97007 | Zig:18   | Noticed Kezeq the pandemonium lord
 97007 | Zig:18   | Noticed Piush the pandemonium lord
 97007 | Zig:18   | Noticed Cigay the pandemonium lord
 97007 | Zig:18   | Noticed Wach the pandemonium lord
 97007 | Zig:18   | Noticed Otail the pandemonium lord
 97007 | Zig:18   | Noticed Riduted the pandemonium lord
 97007 | Zig:18   | Noticed Peqaf the pandemonium lord
 97007 | Zig:18   | Noticed Umnasyaz the pandemonium lord
 97007 | Zig:18   | Noticed Asoiqonan the pandemonium lord
 97007 | Zig:18   | Noticed Udweutos the pandemonium lord
 97007 | Zig:18   | Noticed Xaligoogog the pandemonium lord
 97007 | Zig:18   | Noticed Rucwi the pandemonium lord
 97007 | Zig:18   | Noticed Agoseyr the pandemonium lord
 97008 | Zig:18   | Found the +6 shillelagh "Devastator" {shatter}
 97008 | Zig:18   | Killed Anuast the pandemonium lord
 97008 | Zig:18   | Killed Asoiqonan the pandemonium lord
 97008 | Zig:18   | Killed Toamet the pandemonium lord
 97008 | Zig:18   | Killed Piush the pandemonium lord
 97009 | Zig:18   | Killed Wach the pandemonium lord
 97009 | Zig:18   | Killed Duucwuz the pandemonium lord
 97009 | Zig:18   | Noticed Nipi the pandemonium lord
 97010 | Zig:18   | Killed Xaligoogog the pandemonium lord
 97010 | Zig:18   | Killed Qiucant the pandemonium lord
 97010 | Zig:18   | Killed Dipuklo the pandemonium lord
 97012 | Zig:18   | Killed Udweutos the pandemonium lord
 97013 | Zig:18   | Killed Sexousix the pandemonium lord
 97013 | Zig:18   | Killed Muegima the pandemonium lord
 97013 | Zig:18   | Killed Riduted the pandemonium lord
 97013 | Zig:18   | Killed Peqaf the pandemonium lord
 97014 | Zig:18   | Killed Azetoj the pandemonium lord
 97015 | Zig:18   | Killed Qooshra the pandemonium lord
 97015 | Zig:18   | Killed Zojen the pandemonium lord
 97016 | Zig:18   | Killed Umnasyaz the pandemonium lord
 97016 | Zig:18   | Killed Cigay the pandemonium lord
 97016 | Zig:18   | Killed Kezeq the pandemonium lord
 97016 | Zig:18   | Killed Nipi the pandemonium lord
 97016 | Zig:18   | Killed Agoseyr the pandemonium lord
 97017 | Zig:18   | Killed Jeschoeda the pandemonium lord
 97017 | Zig:18   | Killed Negruaf the pandemonium lord
 97017 | Zig:18   | Killed Onoxut the pandemonium lord
 97023 | Zig:18   | Killed Sulimor the pandemonium lord
 97024 | Zig:18   | Killed Rucwi the pandemonium lord
 97024 | Zig:18   | Killed Otail the pandemonium lord
 97285 | Zig:18   | Got a transparent brass ring
 97286 | Zig:18   | Identified the ring "Ystraig" {rF+ rC- Str+3 Slay+3 Stlth+}
                  | (You found it on level 18 of a ziggurat)
 97313 | Zig:18   | Identified the Papyrus of Supportive Ignition
 97345 | Zig:19   | Entered Level 19 of a ziggurat
 97356 | Zig:19   | Noticed a royal mummy
 97356 | Zig:19   | Noticed a royal mummy
 97356 | Zig:19   | Noticed a royal mummy
 97358 | Zig:19   | Noticed a royal mummy
 97358 | Zig:19   | Noticed a royal mummy
 97358 | Zig:19   | Noticed a royal mummy
 97358 | Zig:19   | Noticed a royal mummy
 97358 | Zig:19   | Noticed a royal mummy
 97358 | Zig:19   | Noticed a royal mummy
 97358 | Zig:19   | Noticed a royal mummy
 97358 | Zig:19   | Noticed a royal mummy
 97358 | Zig:19   | Noticed a royal mummy
 97358 | Zig:19   | Noticed a royal mummy
 97359 | Zig:19   | Killed a royal mummy
 97359 | Zig:19   | Killed a royal mummy
 97359 | Zig:19   | Killed a royal mummy
 97359 | Zig:19   | Killed a royal mummy
 97359 | Zig:19   | Killed a royal mummy
 97359 | Zig:19   | Killed a royal mummy
 97359 | Zig:19   | Killed a royal mummy
 97359 | Zig:19   | Killed a royal mummy
 97359 | Zig:19   | Noticed a royal mummy
 97359 | Zig:19   | Noticed a royal mummy
 97360 | Zig:19   | Killed a royal mummy
 97360 | Zig:19   | Killed a royal mummy
 97360 | Zig:19   | Killed a royal mummy
 97360 | Zig:19   | Killed a royal mummy
 97360 | Zig:19   | Noticed a royal mummy
 97361 | Zig:19   | Noticed a royal mummy
 97361 | Zig:19   | Noticed a royal mummy
 97361 | Zig:19   | Noticed a royal mummy
 97361 | Zig:19   | Noticed a royal mummy
 97362 | Zig:19   | Killed a royal mummy
 97362 | Zig:19   | Killed a royal mummy
 97362 | Zig:19   | Killed a royal mummy
 97362 | Zig:19   | Killed a royal mummy
 97362 | Zig:19   | Killed a royal mummy
 97364 | Zig:19   | Killed a royal mummy
 97366 | Zig:19   | Killed a royal mummy
 97375 | Zig:19   | Killed a royal mummy
 97521 | Zig:19   | Identified the Guide on Bewitchment and Fire
 97526 | Zig:19   | Got a shimmering bone amulet
 97527 | Zig:19   | Identified the amulet of Hadwour {Faith rF+ Str+3 Int-2
                  | Dex+8} (You found it on level 19 of a ziggurat)
 97534 | Zig:19   | Got a faintly glowing copper ring
 97535 | Zig:19   | Identified the ring "Obuefej" {+Blink rC+ rN+} (You found
                  | it on level 19 of a ziggurat)
 97575 | Zig:20   | Entered Level 20 of a ziggurat
 97593 | Zig:20   | Noticed an ancient lich
 97594 | Zig:20   | Noticed an ancient lich
 97594 | Zig:20   | Noticed an ancient lich
 97594 | Zig:20   | Noticed an ancient lich
 97595 | Zig:20   | Noticed an ancient lich
 97597 | Zig:20   | Killed an ancient lich
 97597 | Zig:20   | Noticed an ancient lich
 97597 | Zig:20   | Noticed an ancient lich
 97598 | Zig:20   | Killed an ancient lich
 97598 | Zig:20   | Killed an ancient lich
 97598 | Zig:20   | Killed an ancient lich
 97598 | Zig:20   | Killed an ancient lich
 97598 | Zig:20   | Noticed an ancient lich
 97599 | Zig:20   | Killed an ancient lich
 97599 | Zig:20   | Killed an ancient lich
 97600 | Zig:20   | Noticed an ancient lich
 97600 | Zig:20   | Noticed an ancient lich
 97601 | Zig:20   | Killed an ancient lich
 97602 | Zig:20   | Noticed an ancient lich
 97603 | Zig:20   | Killed an ancient lich
 97603 | Zig:20   | Noticed an ancient lich
 97604 | Zig:20   | Killed an ancient lich
 97604 | Zig:20   | Killed an ancient lich
 97604 | Zig:20   | Noticed an ancient lich
 97605 | Zig:20   | Noticed an ancient lich
 97605 | Zig:20   | Killed an ancient lich
 97607 | Zig:20   | Killed an ancient lich
 97607 | Zig:20   | Killed an ancient lich
 97740 | Zig:20   | Identified the Almanac of Captivating Attacks
 97754 | Zig:20   | Got a flickering pewter amulet
 97755 | Zig:20   | Identified the amulet "Gaqolir" {RegenMP Str+3} (You found
                  | it on level 20 of a ziggurat)
 97815 | Zig:21   | Entered Level 21 of a ziggurat
 97834 | Zig:21   | Noticed an ancient lich
 97835 | Zig:21   | Noticed an ancient lich
 97835 | Zig:21   | Noticed an ancient lich
 97835 | Zig:21   | Noticed an ancient lich
 97835 | Zig:21   | Noticed an ancient lich
 97835 | Zig:21   | Noticed an ancient lich
 97835 | Zig:21   | Noticed an ancient lich
 97835 | Zig:21   | Noticed an ancient lich
 97836 | Zig:21   | Killed an ancient lich
 97836 | Zig:21   | Noticed an ancient lich
 97837 | Zig:21   | Killed an ancient lich
 97837 | Zig:21   | Killed an ancient lich
 97837 | Zig:21   | Killed an ancient lich
 97837 | Zig:21   | Killed an ancient lich
 97837 | Zig:21   | Killed an ancient lich
 97837 | Zig:21   | Noticed an ancient lich
 97838 | Zig:21   | Reached skill level 27 in Maces & Flails
 97838 | Zig:21   | Killed an ancient lich
 97838 | Zig:21   | Killed an ancient lich
 97838 | Zig:21   | Killed an ancient lich
 97839 | Zig:21   | Killed an ancient lich
 98055 | Zig:21   | Got a slimy steel ring
 98078 | Zig:21   | Got a shimmering lapis lazuli ring
 98102 | Zig:21   | Identified the ring "Qijur" {rF++ Int+6 Dex+5 Slay-2} (You
                  | found it on level 21 of a ziggurat)
 98104 | Zig:21   | Identified the ring "Ciraga Usuu" {rC+ Str-4 Dex+5 SInv}
                  | (You found it on level 21 of a ziggurat)
 98121 | Zig:22   | Entered Level 22 of a ziggurat
 98132 | Zig:22   | Noticed an ancient lich
 98134 | Zig:22   | Noticed an ancient lich
 98134 | Zig:22   | Noticed an ancient lich
 98134 | Zig:22   | Noticed an ancient lich
 98134 | Zig:22   | Noticed an ancient lich
 98136 | Zig:22   | Killed an ancient lich
 98136 | Zig:22   | Killed an ancient lich
 98136 | Zig:22   | Killed an ancient lich
 98136 | Zig:22   | Killed an ancient lich
 98136 | Zig:22   | Noticed an ancient lich
 98137 | Zig:22   | Killed an ancient lich
 98137 | Zig:22   | Noticed an ancient lich
 98137 | Zig:22   | Noticed an ancient lich
 98137 | Zig:22   | Noticed an ancient lich
 98137 | Zig:22   | Noticed an ancient lich
 98139 | Zig:22   | Reached skill level 27 in Polearms
 98139 | Zig:22   | Killed an ancient lich
 98139 | Zig:22   | Killed an ancient lich
 98139 | Zig:22   | Killed an ancient lich
 98140 | Zig:22   | Killed an ancient lich
 98140 | Zig:22   | Killed an ancient lich
 98141 | Zig:22   | Noticed an ancient lich
 98142 | Zig:22   | Noticed an ancient lich
 98143 | Zig:22   | Killed an ancient lich
 98144 | Zig:22   | Reached skill level 10 in Axes
 98144 | Zig:22   | Noticed an ancient lich
 98144 | Zig:22   | Noticed an ancient lich
 98145 | Zig:22   | Killed an ancient lich
 98145 | Zig:22   | Killed an ancient lich
 98146 | Zig:22   | Killed an ancient lich
 98147 | Zig:22   | Noticed an ancient lich
 98147 | Zig:22   | Noticed an ancient lich
 98149 | Zig:22   | Killed an ancient lich
 98149 | Zig:22   | Killed an ancient lich
 98169 | Zig:22   | Found the +3 pair of gauntlets of War {Slay+5}
 98204 | Zig:22   | Got a flickering copper amulet
 98205 | Zig:22   | Identified the amulet of Pivaocott {Faith Str+4 SInv} (You
                  | found it on level 22 of a ziggurat)
 98215 | Zig:23   | Entered Level 23 of a ziggurat
 98236 | Zig:23   | Reached skill level 15 in Axes
 98284 | Zig:23   | Found the +7 great mace "Undeadhunter" {disrupt, rN+}
 98301 | Zig:23   | Identified Pukh's Incunabulum of Dislocated Flight
 98321 | Zig:23   | Acquired 331 gold pieces
 98348 | Zig:24   | Entered Level 24 of a ziggurat
 98362 | Zig:24   | Noticed an ancient lich
 98366 | Zig:24   | Killed an ancient lich
 98367 | Zig:24   | Noticed an ancient lich
 98368 | Zig:24   | Noticed an ancient lich
 98369 | Zig:24   | Noticed an ancient lich
 98370 | Zig:24   | Killed an ancient lich
 98370 | Zig:24   | Noticed an ancient lich
 98371 | Zig:24   | Noticed an ancient lich
 98371 | Zig:24   | Killed an ancient lich
 98371 | Zig:24   | Noticed an ancient lich
 98373 | Zig:24   | Killed an ancient lich
 98374 | Zig:24   | Noticed an ancient lich
 98374 | Zig:24   | Noticed an ancient lich
 98375 | Zig:24   | Killed an ancient lich
 98375 | Zig:24   | Killed an ancient lich
 98375 | Zig:24   | Killed an ancient lich
 98376 | Zig:24   | Killed an ancient lich
 98376 | Zig:24   | Noticed an ancient lich
 98377 | Zig:24   | Noticed an ancient lich
 98377 | Zig:24   | Killed an ancient lich
 98377 | Zig:24   | Noticed an ancient lich
 98381 | Zig:24   | Killed an ancient lich
 98385 | Zig:24   | Killed an ancient lich
 98386 | Zig:24   | Killed an ancient lich
 98582 | Zig:24   | Found the ring of the Octopus King
 98583 | Zig:24   | Found the ring of the Mage {Wiz MR++ Int+3}
 98585 | Zig:24   | Found the +7 Singing Sword {vorpal, sonic wave}
 98588 | Zig:24   | Got a heavily runed lapis lazuli ring
 98589 | Zig:24   | Identified the ring of Votopt {*Drain rPois rF- MP+9
                  | Stlth-} (You found it on level 24 of a ziggurat)
 98600 | Zig:24   | Got a ring of the Octopus King
 98650 | Zig:24   | Identified the Catalogue of Conjuration and Contamination
 98669 | Zig:24   | Identified the Papyrus of Excruciating Weightlessness
 98679 | Zig:25   | Entered Level 25 of a ziggurat
 98699 | Zig:25   | Noticed an ancient lich
 98704 | Zig:25   | Killed an ancient lich
 98705 | Zig:25   | Noticed an ancient lich
 98706 | Zig:25   | Killed an ancient lich
 98707 | Zig:25   | Noticed an ancient lich
 98708 | Zig:25   | Noticed an ancient lich
 98709 | Zig:25   | Killed an ancient lich
 98711 | Zig:25   | Killed an ancient lich
 98711 | Zig:25   | Noticed an ancient lich
 98712 | Zig:25   | Noticed an ancient lich
 98714 | Zig:25   | Killed an ancient lich
 98715 | Zig:25   | Noticed an ancient lich
 98715 | Zig:25   | Killed an ancient lich
 98715 | Zig:25   | Noticed an ancient lich
 98716 | Zig:25   | Killed an ancient lich
 98717 | Zig:25   | Killed an ancient lich
 98724 | Zig:25   | Reached skill level 27 in Axes
 98772 | Zig:25   | Acquired 808 gold pieces
 98777 | Zig:25   | Got a steaming wooden ring
 98778 | Zig:25   | Identified the ring of Midnight {Fire MR+ MP+9 Int+3} (You
                  | found it on level 25 of a ziggurat)
 98800 | Zig:26   | Entered Level 26 of a ziggurat
 98825 | Zig:26   | Reached skill level 15 in Long Blades
 98840 | Zig:26   | Paralysed by a floating eye for 3 turns
 98878 | Zig:26   | Found the +11 plutonium sword {*Contam Stlth-}
 98972 | Zig:26   | Got a coiled amber ring
 98973 | Zig:26   | Identified the ring of Xom's Malicious Joy {rCorr Int+3}
                  | (You found it on level 26 of a ziggurat)
 98981 | Zig:26   | Identified the Guide on Gliding Summoning
 98984 | Zig:26   | Got a coiled brass ring
 98985 | Zig:26   | Identified the ring "Dacsaank" {Wiz +Inv +Fly Int+3 SInv}
                  | (You found it on level 26 of a ziggurat)
 98997 | Zig:26   | Acquired 748 gold pieces
 98998 | Zig:26   | Acquired 814 gold pieces
 99025 | Zig:27   | Entered Level 27 of a ziggurat
 99275 | Zig:27   | Found the +9 sword of Zonguldrok {reap}
 99290 | Zig:27   | Identified Liwaock's Compendium of Heat and Earth
 99307 | Zig:27   | Got a scintillating golden amulet
 99308 | Zig:27   | Identified the amulet "Tecibb" {Faith rN+} (You found it on
                  | level 27 of a ziggurat)
 99339 | Zig:1    | Entered Level 1 of a ziggurat
 99366 | Zig:2    | Entered Level 2 of a ziggurat
 99426 | Zig:3    | Entered Level 3 of a ziggurat
 99448 | Zig:3    | Identified the Collected Works on Twisted Enchantment
 99458 | Zig:4    | Entered Level 4 of a ziggurat
 99462 | Zig:4    | Found the +0 staff of Battle
 99552 | Zig:5    | Entered Level 5 of a ziggurat
 99648 | Zig:6    | Entered Level 6 of a ziggurat
 99750 | Zig:7    | Entered Level 7 of a ziggurat
 99865 | Zig:8    | Entered Level 8 of a ziggurat
 99865 | Zig:8    | Noticed a royal mummy
 99867 | Zig:8    | Noticed a royal mummy
 99867 | Zig:8    | Noticed a royal mummy
 99869 | Zig:8    | Killed a royal mummy
 99869 | Zig:8    | Killed a royal mummy
 99869 | Zig:8    | Noticed a royal mummy
 99870 | Zig:8    | Killed a royal mummy
 99871 | Zig:8    | Killed a royal mummy
 99871 | Zig:8    | Noticed a royal mummy
 99871 | Zig:8    | Noticed a royal mummy
 99871 | Zig:8    | Noticed a royal mummy
 99874 | Zig:8    | Killed a royal mummy
 99874 | Zig:8    | Noticed a royal mummy
 99874 | Zig:8    | Killed a royal mummy
 99874 | Zig:8    | Killed a royal mummy
 99877 | Zig:8    | Killed a royal mummy
 99957 | Zig:9    | Entered Level 9 of a ziggurat
 99957 | Zig:9    | Noticed a juggernaut
 99962 | Zig:9    | Killed a juggernaut
 99962 | Zig:9    | Noticed a juggernaut
 99965 | Zig:9    | Killed a juggernaut
 99975 | Zig:9    | Reached skill level 27 in Long Blades
 99977 | Zig:9    | Reached skill level 1 in Summonings
 99996 | Zig:9    | Got a pitted granite ring
 99998 | Zig:9    | Identified the ring "Hecuaz" {Fire +Blink Str+3 Int-3
                  | Dex+2} (You found it on level 9 of a ziggurat)
100037 | Zig:10   | Entered Level 10 of a ziggurat
100043 | Zig:10   | Reached skill level 10 in Summonings
100053 | Zig:10   | Found the +0 sword of Power
100071 | Zig:10   | Identified the Compendium of Unstable Unholy Arts
100101 | Zig:11   | Entered Level 11 of a ziggurat
100128 | Zig:11   | Found the +7 Kryia's mail coat {PotionHeal*2 rC+}
100137 | Zig:11   | Identified the +4 quarterstaff of Izenk {vorpal, rC+ rN+}
                  | (You found it on level 11 of a ziggurat)
100162 | Zig:12   | Entered Level 12 of a ziggurat
100250 | Zig:13   | Entered Level 13 of a ziggurat
100287 | Zig:13   | Identified the Catalogue of Spatial Snow
100298 | Zig:13   | Got a flickering platinum amulet
100300 | Zig:13   | Identified the amulet of Tihergh {Spirit Int-4 Dex+6} (You
                  | found it on level 13 of a ziggurat)
100319 | Zig:14   | Entered Level 14 of a ziggurat
100369 | Zig:14   | Got a translucent steel ring
100370 | Zig:14   | Identified the ring of Rumocog {Fire *Corrode +Inv Str-5
                  | Int+8} (You found it on level 14 of a ziggurat)
100383 | Zig:14   | Identified Dayshreh's Reference Book on the Blaze and the
                  | Compass
100446 | Zig:15   | Entered Level 15 of a ziggurat
100503 | Zig:15   | Identified the Volume of the Displaced Oath
100513 | Zig:16   | Entered Level 16 of a ziggurat
100680 | Zig:16   | Got a shimmering tin ring
100681 | Zig:16   | Identified the ring "Rooten" {rF+ Slay+3} (You found it on
                  | level 16 of a ziggurat)
100701 | Zig:16   | Got a scintillating jade ring
100705 | Zig:16   | Identified the ring "Soasch" {Int+3 Dex+4 Slay+3 SInv
                  | Stlth-} (You found it on level 16 of a ziggurat)
100711 | Zig:16   | Got a sparkling lead amulet
100712 | Zig:16   | Identified the amulet of Ryivol Roqir {Inacc rC++ Str+3
                  | Dex-5} (You found it on level 16 of a ziggurat)
100747 | Zig:17   | Entered Level 17 of a ziggurat
100749 | Zig:17   | Noticed a juggernaut
100752 | Zig:17   | Killed a juggernaut
100752 | Zig:17   | Noticed a juggernaut
100754 | Zig:17   | Noticed a juggernaut
100756 | Zig:17   | Killed a juggernaut
100756 | Zig:17   | Noticed a juggernaut
100758 | Zig:17   | Killed a juggernaut
100759 | Zig:17   | Noticed a juggernaut
100759 | Zig:17   | Killed a juggernaut
100760 | Zig:17   | Noticed a juggernaut
100763 | Zig:17   | Killed a juggernaut
100764 | Zig:17   | Killed a juggernaut
100765 | Zig:17   | Reached skill level 27 in Summonings
100781 | Zig:17   | Found the ring of the Octopus King
100786 | Zig:17   | Identified the Grimoire of the Sailor
100789 | Zig:17   | Got a coiled marble ring
100790 | Zig:17   | Identified the ring of Zin's Wrath {rC+ Str+3 Slay-2 SInv}
                  | (You found it on level 17 of a ziggurat)
100811 | Zig:17   | Got a ring of the Octopus King
100851 | Zig:18   | Entered Level 18 of a ziggurat
100860 | Zig:18   | Reached skill level 5 in Short Blades
100867 | Zig:18   | Reached skill level 10 in Short Blades
101139 | Zig:18   | Got a scorched marble ring
101140 | Zig:18   | Identified the ring of Freedom {Wiz rElec rC++ Dex+2} (You
                  | found it on level 18 of a ziggurat)
101153 | Zig:18   | Got a sparkling steel ring
101154 | Zig:18   | Identified the ring "Qeynlecs" {+Blink rPois rC+ Stlth-}
                  | (You found it on level 18 of a ziggurat)
101207 | Zig:19   | Entered Level 19 of a ziggurat
101215 | Zig:19   | Reached skill level 15 in Short Blades
101340 | Zig:19   | Got a sparkling lead ring
101349 | Zig:19   | Identified the ring of the Lusting Messenger {rPois rF+
                  | Int+2} (You found it on level 19 of a ziggurat)
101373 | Zig:19   | Identified the Collected Works on Evil Cold
101383 | Zig:19   | Got a flickering marble ring
101384 | Zig:19   | Identified the ring "Nado" {Ice Dex+4} (You found it on
                  | level 19 of a ziggurat)
101393 | Zig:19   | Got an ancient golden ring
101394 | Zig:19   | Identified the ring "Okim" {*Tele rN+ Dex+3} (You found it
                  | on level 19 of a ziggurat)
101421 | Zig:20   | Entered Level 20 of a ziggurat
101427 | Zig:20   | Noticed Rotwopom's ghost (legendary NaVM)
101427 | Zig:20   | Noticed Ereufydu's ghost (legendary VSGl)
101427 | Zig:20   | Noticed Icuofef's ghost (veteran SpEn)
101427 | Zig:20   | Noticed Xiorchab's ghost (legendary VSFi)
101428 | Zig:20   | Noticed Zorhyraw's ghost (legendary GrEE)
101429 | Zig:20   | Noticed Xiorchab's ghost (legendary VSFi)
101429 | Zig:20   | Noticed Xiorchab's ghost (legendary VSFi)
101430 | Zig:20   | Noticed Saonuxt's ghost (legendary DsFi)
101430 | Zig:20   | Noticed Saonuxt's ghost (legendary DsFi)
101430 | Zig:20   | Noticed Erhaimih's ghost (legendary DDNe)
101430 | Zig:20   | Noticed Gishoal's ghost (legendary KoBr)
101430 | Zig:20   | Noticed Rotwopom's ghost (legendary NaVM)
101430 | Zig:20   | Noticed Ereufydu's ghost (legendary VSGl)
101430 | Zig:20   | Noticed Icuofef's ghost (veteran SpEn)
101430 | Zig:20   | Noticed Ihoic's ghost (legendary SpEn)
101430 | Zig:20   | Noticed Gishoal's ghost (legendary KoBr)
101430 | Zig:20   | Noticed Qumaaz's ghost (legendary HuIE)
101430 | Zig:20   | Noticed Xootouk's ghost (master SpEn)
101430 | Zig:20   | Noticed Ereufydu's ghost (legendary VSGl)
101430 | Zig:20   | Noticed Poybuibi's ghost (veteran MiMo)
101430 | Zig:20   | Noticed Xootouk's ghost (master SpEn)
101430 | Zig:20   | Noticed Erhaimih's ghost (legendary DDNe)
101430 | Zig:20   | Noticed Gishoal's ghost (legendary KoBr)
101430 | Zig:20   | Noticed Gishoal's ghost (legendary KoBr)
101430 | Zig:20   | Noticed Icuofef's ghost (veteran SpEn)
101430 | Zig:20   | Noticed Wougrad's ghost (legendary GrEE)
101430 | Zig:20   | Noticed Ahek's ghost (legendary GnTm)
101430 | Zig:20   | Noticed Erhaimih's ghost (legendary DDNe)
101430 | Zig:20   | Noticed Poybuibi's ghost (veteran MiMo)
101430 | Zig:20   | Noticed Xootouk's ghost (master SpEn)
101430 | Zig:20   | Noticed Saonuxt's ghost (legendary DsFi)
101430 | Zig:20   | Noticed Cygay's ghost (legendary GrEE)
101431 | Zig:20   | Killed Xootouk's ghost
101431 | Zig:20   | Killed Xootouk's ghost
101431 | Zig:20   | Killed Xootouk's ghost
101431 | Zig:20   | Noticed Muffal's ghost (legendary FoFi)
101432 | Zig:20   | Noticed Umoqal's ghost (legendary DEEE)
101433 | Zig:20   | Killed Icuofef's ghost
101433 | Zig:20   | Killed Icuofef's ghost
101433 | Zig:20   | Killed Ihoic's ghost
101434 | Zig:20   | Killed Cygay's ghost
101434 | Zig:20   | Killed Icuofef's ghost
101436 | Zig:21   | Entered Level 21 of a ziggurat
101470 | Zig:21   | Noticed Goehom the pandemonium lord
101470 | Zig:21   | Gained mutation: You are clumsy. (Dex -2) [a cacodemon]
101473 | Zig:21   | Killed Goehom the pandemonium lord
101473 | Zig:21   | Gained mutation: You do not regenerate when monsters are
                  | visible. [a cacodemon]
101480 | Zig:21   | Found the +8 lance "Wyrmbane" {slay drac, rPois rF+ rC+
                  | AC+3}
101480 | Zig:21   | Found the +8 demon trident "Rift" {distort, reach+}
101732 | Zig:21   | Identified the cursed +0 cloak of the Twenty Hosts {rElec
                  | Dex+7} (You found it on level 21 of a ziggurat)
101742 | Zig:21   | Identified the Volume of Warped Toxins
101765 | Zig:22   | Entered Level 22 of a ziggurat
101770 | Zig:22   | Noticed a royal mummy
101770 | Zig:22   | Noticed a royal mummy
101770 | Zig:22   | Noticed a royal mummy
101770 | Zig:22   | Noticed a royal mummy
101770 | Zig:22   | Noticed a royal mummy
101770 | Zig:22   | Noticed a royal mummy
101770 | Zig:22   | Noticed a royal mummy
101770 | Zig:22   | Noticed a royal mummy
101770 | Zig:22   | Noticed a royal mummy
101770 | Zig:22   | Noticed a royal mummy
101770 | Zig:22   | Noticed a royal mummy
101770 | Zig:22   | Noticed a royal mummy
101770 | Zig:22   | Noticed a royal mummy
101770 | Zig:22   | Noticed a royal mummy
101770 | Zig:22   | Noticed a royal mummy
101771 | Zig:22   | Killed a royal mummy
101771 | Zig:22   | Killed a royal mummy
101771 | Zig:22   | Killed a royal mummy
101771 | Zig:22   | Killed a royal mummy
101771 | Zig:22   | Killed a royal mummy
101771 | Zig:22   | Killed a royal mummy
101771 | Zig:22   | Killed a royal mummy
101771 | Zig:22   | Killed a royal mummy
101771 | Zig:22   | Killed a royal mummy
101771 | Zig:22   | Killed a royal mummy
101771 | Zig:22   | Killed a royal mummy
101771 | Zig:22   | Killed a royal mummy
101771 | Zig:22   | Noticed a royal mummy
101771 | Zig:22   | Noticed a royal mummy
101772 | Zig:22   | Noticed a royal mummy
101772 | Zig:22   | Noticed a royal mummy
101772 | Zig:22   | Noticed a royal mummy
101772 | Zig:22   | Noticed a royal mummy
101772 | Zig:22   | Noticed a royal mummy
101772 | Zig:22   | Noticed a royal mummy
101772 | Zig:22   | Noticed a royal mummy
101772 | Zig:22   | Noticed a royal mummy
101772 | Zig:22   | Noticed a royal mummy
101772 | Zig:22   | Noticed a royal mummy
101772 | Zig:22   | Noticed a royal mummy
101772 | Zig:22   | Noticed a royal mummy
101772 | Zig:22   | Noticed a royal mummy
101772 | Zig:22   | Noticed a royal mummy
101772 | Zig:22   | Noticed a royal mummy
101773 | Zig:22   | Killed a royal mummy
101773 | Zig:22   | Killed a royal mummy
101773 | Zig:22   | Killed a royal mummy
101773 | Zig:22   | Killed a royal mummy
101773 | Zig:22   | Killed a royal mummy
101773 | Zig:22   | Killed a royal mummy
101773 | Zig:22   | Killed a royal mummy
101773 | Zig:22   | Killed a royal mummy
101773 | Zig:22   | Killed a royal mummy
101773 | Zig:22   | Killed a royal mummy
101773 | Zig:22   | Killed a royal mummy
101773 | Zig:22   | Killed a royal mummy
101773 | Zig:22   | Killed a royal mummy
101773 | Zig:22   | Killed a royal mummy
101773 | Zig:22   | Killed a royal mummy
101773 | Zig:22   | Noticed a royal mummy
101773 | Zig:22   | Noticed a royal mummy
101774 | Zig:22   | Killed a royal mummy
101774 | Zig:22   | Killed a royal mummy
101774 | Zig:22   | Killed a royal mummy
101774 | Zig:22   | Killed a royal mummy
101775 | Zig:22   | Killed a royal mummy
101775 | Zig:22   | Killed a royal mummy
101775 | Zig:22   | Killed a royal mummy
101776 | Zig:22   | Reached skill level 27 in Short Blades
101776 | Zig:22   | Reached skill level 5 in Unarmed Combat
101780 | Zig:22   | Noticed a royal mummy
101783 | Zig:22   | Killed a royal mummy
101878 | Zig:22   | Got a steaming pewter ring
101879 | Zig:22   | Identified the ring of Nufibukk {rElec MR- EV+4 Str+7} (You
                  | found it on level 22 of a ziggurat)
101882 | Zig:22   | Identified the +1 pair of boots of the Foremost Things
                  | {rElec rPois Str-5 Int+3} (You found it on level 22 of a
                  | ziggurat)
101893 | Zig:23   | Entered Level 23 of a ziggurat
101901 | Zig:23   | Reached skill level 15 in Unarmed Combat
101983 | Zig:23   | Found the +8 Wrath of Trog {antimagic, *Rage}
102072 | Zig:23   | Identified Paxi's Guide on Captivating Poison
102094 | Zig:24   | Entered Level 24 of a ziggurat
102140 | Zig:24   | Found the +2 ratskin cloak {*Rats rPois rN+ Str-1 Int-1
                  | Dex+1}
102233 | Zig:24   | Identified Muag's Reference Book on Ghastly Orientation
102237 | Zig:24   | Identified the Guide on Enchanting Clay
102251 | Zig:25   | Entered Level 25 of a ziggurat
102290 | Zig:25   | Reached skill level 27 in Unarmed Combat
102333 | Zig:25   | Found the amulet of the Air {Inacc +Fly rElec EV+5 RMsl}
102334 | Zig:25   | Found the amulet of the Four Winds {rN+ MR+++ Clar}
102355 | Zig:25   | Got a shimmering golden ring
102356 | Zig:25   | Identified the ring "Mygret" {Fire rElec Str-2 SInv Stlth+}
                  | (You found it on level 25 of a ziggurat)
102379 | Zig:25   | Identified the +3 cloak "Foidemp" {Str+4} (You found it on
                  | level 25 of a ziggurat)
102400 | Zig:26   | Entered Level 26 of a ziggurat
102407 | Zig:26   | Noticed an ancient lich
102408 | Zig:26   | Noticed an ancient lich
102409 | Zig:26   | Noticed an ancient lich
102409 | Zig:26   | Noticed an ancient lich
102409 | Zig:26   | Noticed an ancient lich
102411 | Zig:26   | Killed an ancient lich
102411 | Zig:26   | Killed an ancient lich
102411 | Zig:26   | Noticed an ancient lich
102411 | Zig:26   | Noticed an ancient lich
102412 | Zig:26   | Noticed an ancient lich
102412 | Zig:26   | Killed an ancient lich
102412 | Zig:26   | Killed an ancient lich
102412 | Zig:26   | Killed an ancient lich
102412 | Zig:26   | Noticed an ancient lich
102414 | Zig:26   | Noticed an ancient lich
102414 | Zig:26   | Noticed an ancient lich
102414 | Zig:26   | Noticed an ancient lich
102414 | Zig:26   | Noticed an ancient lich
102414 | Zig:26   | Noticed an ancient lich
102414 | Zig:26   | Noticed an ancient lich
102414 | Zig:26   | Noticed an ancient lich
102414 | Zig:26   | Noticed an ancient lich
102414 | Zig:26   | Noticed an ancient lich
102414 | Zig:26   | Noticed an ancient lich
102414 | Zig:26   | Noticed an ancient lich
102414 | Zig:26   | Noticed an ancient lich
102414 | Zig:26   | Noticed an ancient lich
102415 | Zig:26   | Noticed an ancient lich
102415 | Zig:26   | Killed an ancient lich
102416 | Zig:26   | Killed an ancient lich
102416 | Zig:26   | Killed an ancient lich
102416 | Zig:26   | Killed an ancient lich
102416 | Zig:26   | Killed an ancient lich
102416 | Zig:26   | Killed an ancient lich
102416 | Zig:26   | Killed an ancient lich
102416 | Zig:26   | Killed an ancient lich
102416 | Zig:26   | Killed an ancient lich
102416 | Zig:26   | Killed an ancient lich
102416 | Zig:26   | Killed an ancient lich
102416 | Zig:26   | Killed an ancient lich
102416 | Zig:26   | Killed an ancient lich
102416 | Zig:26   | Killed an ancient lich
102417 | Zig:26   | Killed an ancient lich
102417 | Zig:26   | Killed an ancient lich
102417 | Zig:26   | Killed an ancient lich
102417 | Zig:26   | Killed an ancient lich
102417 | Zig:26   | Noticed an ancient lich
102417 | Zig:26   | Noticed an ancient lich
102417 | Zig:26   | Noticed an ancient lich
102418 | Zig:26   | Reached skill level 15 in Crossbows
102418 | Zig:26   | Reached skill level 15 in Throwing
102423 | Zig:26   | Killed an ancient lich
102423 | Zig:26   | Killed an ancient lich
102425 | Zig:26   | Killed an ancient lich
102924 | Zig:26   | Got a smoking ivory amulet
102925 | Zig:26   | Identified the amulet "Murph" {Reflect MP+9 Dex+7 SH+5}
                  | (You found it on level 26 of a ziggurat)
102967 | Zig:27   | Entered Level 27 of a ziggurat
102985 | Zig:27   | Reached skill level 15 in Slings
103251 | Zig:27   | Identified Sif Muna's Tome of Frigorific Dislocation
103267 | Zig:27   | Acquired 1220 gold pieces
103277 | Zig:27   | Identified the +3 buckler "Rousom" {Harm rPois} (You found
                  | it on level 27 of a ziggurat)
103281 | Zig:27   | Identified the +1 quarterstaff of the Little People {venom,
                  | rC+ MR+ Int-5} (You found it on level 27 of a ziggurat)
103286 | Zig:27   | Identified the Tome of Spatial Unholy Arts
103578 | Tomb:1   | Entered Level 1 of the Tomb of the Ancients
103592 | Tomb:1   | Noticed a royal mummy
103594 | Tomb:1   | Killed a royal mummy
103600 | Tomb:1   | Noticed a royal mummy
103603 | Tomb:1   | Noticed a royal mummy
103604 | Tomb:1   | Killed a royal mummy
103607 | Tomb:1   | Noticed a royal mummy
103609 | Tomb:1   | Killed a royal mummy
103610 | Tomb:1   | Noticed a royal mummy
103613 | Tomb:1   | Noticed a royal mummy
103616 | Tomb:1   | Noticed a royal mummy
103621 | Tomb:1   | Killed a royal mummy
103622 | Tomb:1   | Killed a royal mummy
103624 | Tomb:1   | Noticed a royal mummy
103625 | Tomb:1   | Killed a royal mummy
103768 | Tomb:1   | Killed a royal mummy
103781 | Tomb:1   | Noticed a royal mummy
103786 | Tomb:1   | Noticed a royal mummy
103800 | Tomb:1   | Killed a royal mummy
103800 | Tomb:1   | Killed a royal mummy
103806 | Tomb:1   | Killed a royal mummy
104073 | Tomb:1   | Noticed a royal mummy
104077 | Tomb:1   | Killed a royal mummy
104239 | Tomb:1   | Noticed a royal mummy
104242 | Tomb:1   | Killed a royal mummy
104348 | Tomb:1   | Noticed a royal mummy
104348 | Tomb:1   | Noticed a royal mummy
104351 | Tomb:1   | Killed a royal mummy
104353 | Tomb:1   | Noticed a royal mummy
104355 | Tomb:1   | Killed a royal mummy
104368 | Tomb:1   | Killed a royal mummy
104568 | Tomb:1   | Noticed a royal mummy
104571 | Tomb:1   | Killed a royal mummy
105178 | Tomb:1   | Noticed Mennas
105179 | Tomb:1   | Killed Mennas
105236 | Tomb:1   | Noticed a royal mummy
105238 | Tomb:1   | Killed a royal mummy
105450 | Tomb:2   | Noticed a royal mummy
105453 | Tomb:2   | Noticed a royal mummy
105456 | Tomb:2   | Noticed a royal mummy
105457 | Tomb:2   | Killed a royal mummy
105457 | Tomb:2   | Noticed a royal mummy
105458 | Tomb:2   | Killed a royal mummy
105460 | Tomb:2   | Noticed a royal mummy
105461 | Tomb:2   | Killed a royal mummy
105462 | Tomb:2   | Killed a royal mummy
105464 | Tomb:2   | Killed a royal mummy
106124 | Tomb:3   | Entered Level 3 of the Tomb of the Ancients
106133 | Tomb:3   | Noticed a royal mummy
106133 | Tomb:3   | Noticed an ancient lich
106137 | Tomb:3   | Killed an ancient lich
106137 | Tomb:3   | Killed a royal mummy
106137 | Tomb:3   | Noticed a royal mummy
106139 | Tomb:3   | Noticed a royal mummy
106141 | Tomb:3   | Killed a royal mummy
106142 | Tomb:3   | Killed a royal mummy
106142 | Tomb:3   | Noticed a royal mummy
106145 | Tomb:3   | Noticed a royal mummy
106147 | Tomb:3   | Noticed a royal mummy
106148 | Tomb:3   | Noticed a royal mummy
106149 | Tomb:3   | Killed a royal mummy
106150 | Tomb:3   | Killed a royal mummy
106150 | Tomb:3   | Killed a royal mummy
106151 | Tomb:3   | Killed a royal mummy
106151 | Tomb:3   | Noticed a royal mummy
106155 | Tomb:3   | Killed a royal mummy
106254 | Tomb:3   | Got an ancient bronze amulet
106255 | Tomb:3   | Identified the amulet of Plog {Acrobat Dex+5} (You found it
                  | on level 3 of the Tomb of the Ancients)
106259 | Tomb:3   | Identified Sif Muna's Incunabulum of Gliding Necromancy
106263 | Tomb:3   | Identified the +1 pair of gloves of Ben Vots {Str+7} (You
                  | found it on level 3 of the Tomb of the Ancients)
106277 | Tomb:3   | Identified the Compendium of Displacement and Unholy Rites
106320 | Tomb:3   | Got a clouded silver ring
106321 | Tomb:3   | Identified the ring "Qyraduinn" {AC+4 Int+2} (You found it
                  | on level 3 of the Tomb of the Ancients)
106323 | Tomb:3   | Identified Sif Muna's Incunabulum of the Traveller
106476 | Tomb:3   | Learned a level 8 spell: Discord
106609 | Tomb:3   | Got a golden rune of Zot
107013 | Zig:1    | Entered Level 1 of a ziggurat
107020 | Zig:2    | Entered Level 2 of a ziggurat
107022 | Zig:2    | Reached skill level 5 in Hexes
107041 | Zig:3    | Entered Level 3 of a ziggurat
107041 | Zig:3    | Noticed a juggernaut
107041 | Zig:3    | Noticed a juggernaut
107043 | Zig:3    | Killed a juggernaut
107044 | Zig:3    | Killed a juggernaut
107072 | Zig:4    | Entered Level 4 of a ziggurat
107072 | Zig:4    | Found the ring of the Octopus King
107074 | Zig:4    | Reached skill level 10 in Hexes
107100 | Zig:4    | Got a ring of the Octopus King
107112 | Zig:5    | Entered Level 5 of a ziggurat
107163 | Zig:6    | Entered Level 6 of a ziggurat
107217 | Zig:7    | Entered Level 7 of a ziggurat
107223 | Zig:7    | Reached skill level 15 in Hexes
107297 | Zig:8    | Entered Level 8 of a ziggurat
107667 | Zig:8    | Got a sparkling bronze amulet
107668 | Zig:8    | Identified the amulet "Dokk" {RegenMP +Inv} (You found it
                  | on level 8 of a ziggurat)
107671 | Zig:8    | Identified the cursed +0 helmet of the First Snow {Int+7}
                  | (You found it on level 8 of a ziggurat)
107692 | Zig:9    | Entered Level 9 of a ziggurat
107718 | Zig:9    | Found the +9 staff of Wucad Mu {channel}
107733 | Zig:9    | Identified the Papyrus of the Icy Escort
107748 | Zig:9    | Got a bound silver ring
107749 | Zig:9    | Identified the ring of Liberalism {rN++ MR- rCorr Int+8
                  | Stlth-} (You found it on level 9 of a ziggurat)
107769 | Zig:10   | Entered Level 10 of a ziggurat
107795 | Zig:10   | Identified the Grimoire of Shifting Poisoning
107809 | Zig:10   | Got a slimy amber ring
107810 | Zig:10   | Identified the ring "Yseomale" {MR- rCorr Int+4} (You found
                  | it on level 10 of a ziggurat)
107872 | Zig:11   | Entered Level 11 of a ziggurat
107881 | Zig:11   | Noticed an ancient lich
107882 | Zig:11   | Killed an ancient lich
107997 | Zig:11   | Identified the Volume of Evil Hexes
108010 | Zig:11   | Identified the cursed +0 helmet "Viegob" {rPois rC++ Int-3
                  | Dex-2} (You found it on level 11 of a ziggurat)
108025 | Zig:12   | Entered Level 12 of a ziggurat
108428 | Zig:12   | Identified Ysubrofu's Volume of Nocuous Moulding
108437 | Zig:13   | Entered Level 13 of a ziggurat
108441 | Zig:13   | Noticed a juggernaut
108441 | Zig:13   | Noticed a juggernaut
108442 | Zig:13   | Noticed a juggernaut
108443 | Zig:13   | Noticed a juggernaut
108443 | Zig:13   | Killed a juggernaut
108444 | Zig:13   | Killed a juggernaut
108444 | Zig:13   | Killed a juggernaut
108445 | Zig:13   | Killed a juggernaut
108447 | Zig:13   | Noticed a juggernaut
108450 | Zig:13   | Noticed a juggernaut
108451 | Zig:13   | Noticed a juggernaut
108452 | Zig:13   | Killed a juggernaut
108454 | Zig:13   | Killed a juggernaut
108454 | Zig:13   | Killed a juggernaut
108479 | Zig:13   | Identified the cursed +0 pair of gloves of Insurance {rElec
                  | rN++ Int-4 Dex+4} (You found it on level 13 of a ziggurat)
108483 | Zig:13   | Identified the Compendium of Hurtful Calling
108516 | Zig:13   | Identified the +7 demon whip "Haifycs" {venom, rF- Dex+7}
                  | (You found it on level 13 of a ziggurat)
108520 | Zig:14   | Entered Level 14 of a ziggurat
108555 | Zig:14   | Found the +7 great mace "Firestarter" {inner flame, rF++}
108613 | Zig:15   | Entered Level 15 of a ziggurat
108618 | Zig:15   | Noticed a royal mummy
108618 | Zig:15   | Noticed a royal mummy
108620 | Zig:15   | Noticed a royal mummy
108620 | Zig:15   | Noticed a royal mummy
108620 | Zig:15   | Noticed a royal mummy
108620 | Zig:15   | Noticed a royal mummy
108620 | Zig:15   | Noticed a royal mummy
108620 | Zig:15   | Noticed a royal mummy
108620 | Zig:15   | Noticed a royal mummy
108620 | Zig:15   | Noticed a royal mummy
108620 | Zig:15   | Noticed a royal mummy
108620 | Zig:15   | Noticed a royal mummy
108620 | Zig:15   | Noticed a royal mummy
108621 | Zig:15   | Noticed a royal mummy
108622 | Zig:15   | Noticed a royal mummy
108623 | Zig:15   | Killed a royal mummy
108623 | Zig:15   | Killed a royal mummy
108623 | Zig:15   | Killed a royal mummy
108623 | Zig:15   | Killed a royal mummy
108623 | Zig:15   | Killed a royal mummy
108623 | Zig:15   | Killed a royal mummy
108623 | Zig:15   | Killed a royal mummy
108623 | Zig:15   | Killed a royal mummy
108623 | Zig:15   | Killed a royal mummy
108623 | Zig:15   | Killed a royal mummy
108623 | Zig:15   | Noticed a royal mummy
108624 | Zig:15   | Reached skill level 27 in Hexes
108624 | Zig:15   | Noticed a royal mummy
108624 | Zig:15   | Noticed a royal mummy
108624 | Zig:15   | Noticed a royal mummy
108625 | Zig:15   | Killed a royal mummy
108626 | Zig:15   | Noticed a royal mummy
108626 | Zig:15   | Noticed a royal mummy
108627 | Zig:15   | Killed a royal mummy
108628 | Zig:15   | Killed a royal mummy
108628 | Zig:15   | Killed a royal mummy
108628 | Zig:15   | Killed a royal mummy
108628 | Zig:15   | Killed a royal mummy
108628 | Zig:15   | Killed a royal mummy
108628 | Zig:15   | Noticed a royal mummy
108629 | Zig:15   | Killed a royal mummy
108645 | Zig:15   | Noticed a royal mummy
108651 | Zig:15   | Killed a royal mummy
108651 | Zig:15   | Killed a royal mummy
108652 | Zig:15   | Killed a royal mummy
108654 | Zig:15   | Killed a royal mummy
108657 | Zig:15   | Killed a royal mummy
108746 | Zig:15   | Acquired 572 gold pieces
108764 | Zig:15   | Identified Witchcraft, Part Two
108771 | Zig:16   | Entered Level 16 of a ziggurat
108780 | Zig:16   | Noticed Wougrad's ghost (legendary GrEE)
108780 | Zig:16   | Noticed Rotwopom's ghost (legendary NaVM)
108780 | Zig:16   | Noticed Xiorchab's ghost (legendary VSFi)
108780 | Zig:16   | Noticed Zorhyraw's ghost (legendary GrEE)
108780 | Zig:16   | Noticed Ygonacw's ghost (legendary GrEE)
108780 | Zig:16   | Noticed Muffal's ghost (legendary FoFi)
108780 | Zig:16   | Noticed Ihoic's ghost (legendary SpEn)
108780 | Zig:16   | Noticed Rotwopom's ghost (legendary NaVM)
108781 | Zig:16   | Noticed Saonuxt's ghost (legendary DsFi)
108781 | Zig:16   | Noticed Ihoic's ghost (legendary SpEn)
108781 | Zig:16   | Noticed Saonuxt's ghost (legendary DsFi)
108781 | Zig:16   | Noticed Gishoal's ghost (legendary KoBr)
108782 | Zig:16   | Noticed Ihoic's ghost (legendary SpEn)
108783 | Zig:16   | Noticed Qumaaz's ghost (legendary HuIE)
108783 | Zig:16   | Noticed Erhaimih's ghost (legendary DDNe)
108783 | Zig:16   | Noticed Sobuoh's ghost (legendary GrEE)
108783 | Zig:16   | Noticed Umoqal's ghost (legendary DEEE)
108783 | Zig:16   | Noticed Erhaimih's ghost (legendary DDNe)
108783 | Zig:16   | Noticed Cygay's ghost (legendary GrEE)
108783 | Zig:16   | Noticed Sobuoh's ghost (legendary GrEE)
108783 | Zig:16   | Noticed Xiorchab's ghost (legendary VSFi)
108784 | Zig:16   | Found the +6 arbalest "Damnation" {damnation}
108785 | Zig:16   | Noticed Gishoal's ghost (legendary KoBr)
108785 | Zig:16   | Noticed Cygay's ghost (legendary GrEE)
108786 | Zig:16   | Noticed Icuofef's ghost (veteran SpEn)
108787 | Zig:16   | Killed Ihoic's ghost
108788 | Zig:16   | Killed Cygay's ghost
108788 | Zig:16   | Killed Ihoic's ghost
108788 | Zig:16   | Noticed Cygay's ghost (legendary GrEE)
108788 | Zig:16   | Noticed Xiorchab's ghost (legendary VSFi)
108788 | Zig:16   | Noticed Ereufydu's ghost (legendary VSGl)
108788 | Zig:16   | Noticed Erhaimih's ghost (legendary DDNe)
108789 | Zig:16   | Killed Ihoic's ghost
108789 | Zig:16   | Noticed Gishoal's ghost (legendary KoBr)
108790 | Zig:16   | Noticed Ereufydu's ghost (legendary VSGl)
108790 | Zig:16   | Killed Gishoal's ghost
108790 | Zig:16   | Killed Icuofef's ghost
108790 | Zig:16   | Killed Saonuxt's ghost
108790 | Zig:16   | Killed Umoqal's ghost
108790 | Zig:16   | Killed Gishoal's ghost
108790 | Zig:16   | Killed Cygay's ghost
108791 | Zig:16   | Killed Muffal's ghost
108791 | Zig:16   | Killed Xiorchab's ghost
108791 | Zig:16   | Killed Saonuxt's ghost
108791 | Zig:16   | Killed Sobuoh's ghost
108791 | Zig:16   | Killed Ygonacw's ghost
108791 | Zig:16   | Killed Zorhyraw's ghost
108791 | Zig:16   | Killed Xiorchab's ghost
108791 | Zig:16   | Killed Sobuoh's ghost
108791 | Zig:16   | Killed Ereufydu's ghost
108791 | Zig:16   | Killed Gishoal's ghost
108791 | Zig:16   | Killed Cygay's ghost
108791 | Zig:16   | Killed Qumaaz's ghost
108791 | Zig:16   | Killed Ereufydu's ghost
108792 | Zig:16   | Noticed Rotwopom's ghost (legendary NaVM)
108792 | Zig:16   | Killed Erhaimih's ghost
108793 | Zig:16   | Killed Erhaimih's ghost
108794 | Zig:16   | Killed Erhaimih's ghost
108794 | Zig:16   | Killed Rotwopom's ghost
108795 | Zig:16   | Killed Rotwopom's ghost
108795 | Zig:16   | Killed Wougrad's ghost
108796 | Zig:16   | Killed Xiorchab's ghost
108806 | Zig:16   | Killed Rotwopom's ghost
109195 | Zig:16   | Identified the cursed +0 pair of boots "Puetoor" {rF+} (You
                  | found it on level 16 of a ziggurat)
109224 | Zig:16   | Identified the Handbook of Creation and Confrontation
109226 | Zig:16   | Identified Ynopar's Reference Book on Congealing
                  | Enchantment
109240 | Zig:16   | Got a smoking ivory ring
109241 | Zig:16   | Identified the ring of Qups {rC+ MR+ SInv} (You found it on
                  | level 16 of a ziggurat)
109281 | Zig:17   | Entered Level 17 of a ziggurat
109286 | Zig:17   | Noticed Kijot the pandemonium lord
109286 | Zig:17   | Noticed Hatuon the pandemonium lord
109287 | Zig:17   | Noticed Lajyus Ydob the pandemonium lord
109287 | Zig:17   | Noticed Igharikh the pandemonium lord
109287 | Zig:17   | Noticed Ereilo the pandemonium lord
109287 | Zig:17   | Noticed Qorhum the pandemonium lord
109287 | Zig:17   | Noticed Matzep the pandemonium lord
109287 | Zig:17   | Noticed Lipuzuy the pandemonium lord
109287 | Zig:17   | Noticed Hiniyra the pandemonium lord
109287 | Zig:17   | Noticed Coeriunoa the pandemonium lord
109287 | Zig:17   | Noticed Hynouvet the pandemonium lord
109287 | Zig:17   | Noticed Voethox the pandemonium lord
109287 | Zig:17   | Noticed Cuihiets the pandemonium lord
109287 | Zig:17   | Noticed Vunnippa the pandemonium lord
109288 | Zig:17   | Noticed Hewamad the pandemonium lord
109289 | Zig:17   | Noticed Sudaluuff the pandemonium lord
109289 | Zig:17   | Noticed Xoygues the pandemonium lord
109289 | Zig:17   | Noticed Duufremo the pandemonium lord
109289 | Zig:17   | Noticed Ujolao the pandemonium lord
109290 | Zig:17   | Killed Ereilo the pandemonium lord
109290 | Zig:17   | Noticed Qoxt the pandemonium lord
109291 | Zig:17   | Noticed Mieqeo the pandemonium lord
109291 | Zig:17   | Killed Matzep the pandemonium lord
109291 | Zig:17   | Killed Hewamad the pandemonium lord
109291 | Zig:17   | Killed Lipuzuy the pandemonium lord
109291 | Zig:17   | Noticed Kiogeoxt the pandemonium lord
109292 | Zig:17   | Noticed Horpheptatu the pandemonium lord
109292 | Zig:17   | Noticed Yrautaen the pandemonium lord
109292 | Zig:17   | Noticed Ituoc the pandemonium lord
109292 | Zig:17   | Noticed Opnusefogu the pandemonium lord
109292 | Zig:17   | Noticed Wadorph the pandemonium lord
109292 | Zig:17   | Noticed Hoahuxt the pandemonium lord
109292 | Zig:17   | Noticed Omuth the pandemonium lord
109292 | Zig:17   | Noticed Tiocux Xutuwk the pandemonium lord
109292 | Zig:17   | Noticed Vidaps Odwu the pandemonium lord
109292 | Zig:17   | Noticed Kymonoesm the pandemonium lord
109293 | Zig:17   | Noticed Ocwann the pandemonium lord
109293 | Zig:17   | Killed Cuihiets the pandemonium lord
109294 | Zig:17   | Killed Hiniyra the pandemonium lord
109294 | Zig:17   | Killed Horpheptatu the pandemonium lord
109294 | Zig:17   | Killed Coeriunoa the pandemonium lord
109294 | Zig:17   | Killed Ituoc the pandemonium lord
109295 | Zig:17   | Reached skill level 27 in Crossbows
109295 | Zig:17   | Killed Voethox the pandemonium lord
109295 | Zig:17   | Killed Duufremo the pandemonium lord
109297 | Zig:17   | Killed Opnusefogu the pandemonium lord
109297 | Zig:17   | Killed Yrautaen the pandemonium lord
109298 | Zig:17   | Reached skill level 27 in Throwing
109298 | Zig:17   | Killed Qoxt the pandemonium lord
109298 | Zig:17   | Killed Xoygues the pandemonium lord
109298 | Zig:17   | Killed Ujolao the pandemonium lord
109298 | Zig:17   | Killed Kiogeoxt the pandemonium lord
109298 | Zig:17   | Killed Qorhum the pandemonium lord
109298 | Zig:17   | Killed Mieqeo the pandemonium lord
109298 | Zig:17   | Killed Omuth the pandemonium lord
109298 | Zig:17   | Killed Vidaps Odwu the pandemonium lord
109298 | Zig:17   | Killed Sudaluuff the pandemonium lord
109298 | Zig:17   | Killed Lajyus Ydob the pandemonium lord
109298 | Zig:17   | Killed Tiocux Xutuwk the pandemonium lord
109298 | Zig:17   | Killed Hynouvet the pandemonium lord
109299 | Zig:17   | Killed Ocwann the pandemonium lord
109299 | Zig:17   | Killed Kymonoesm the pandemonium lord
109301 | Zig:17   | Killed Hatuon the pandemonium lord
109301 | Zig:17   | Killed Hoahuxt the pandemonium lord
109302 | Zig:17   | Killed Vunnippa the pandemonium lord
109304 | Zig:17   | Killed Wadorph the pandemonium lord
109305 | Zig:17   | Killed Kijot the pandemonium lord
109306 | Zig:17   | Killed Igharikh the pandemonium lord
109307 | Zig:17   | Reached skill level 27 in Slings
109661 | Zig:18   | Entered Level 18 of a ziggurat
109671 | Zig:18   | Found the ring of the Octopus King
109674 | Zig:18   | Noticed Jetisane the pandemonium lord
109675 | Zig:18   | Reached skill level 5 in Bows
109675 | Zig:18   | Reached skill level 5 in Poison Magic
109675 | Zig:18   | Reached skill level 5 in Invocations
109676 | Zig:18   | Reached skill level 5 in Translocations
109683 | Zig:18   | Killed Jetisane the pandemonium lord
109937 | Zig:18   | Got a ring of the Octopus King
109954 | Zig:18   | Identified the Reference Book on Ignition and the Escort
109963 | Zig:18   | Got an ancient bronze amulet
109964 | Zig:18   | Identified the amulet "Yseo" {Acrobat rF- MR+ Int+4 Dex+4}
                  | (You found it on level 18 of a ziggurat)
109983 | Zig:19   | Entered Level 19 of a ziggurat
109996 | Zig:19   | Noticed Onaggei the pandemonium lord
109997 | Zig:19   | Reached skill level 10 in Poison Magic
109999 | Zig:19   | Reached skill level 10 in Translocations
110009 | Zig:19   | Killed Onaggei the pandemonium lord
110256 | Zig:19   | Identified the Compendium of Dislocated Venom
110259 | Zig:19   | Got a coiled ivory ring
110268 | Zig:19   | Identified the ring of Moderation {*Contam +Fly rElec rPois
                  | rC+} (You found it on level 19 of a ziggurat)
110293 | Zig:19   | Got a pitted golden ring
110294 | Zig:19   | Identified the ring of Zin's Inspiration {+Blink rF+ rC+
                  | Int+6} (You found it on level 19 of a ziggurat)
110315 | Zig:19   | Acquired 616 gold pieces
110319 | Zig:19   | Acquired the +1 hat of Axeh {+Inv rN+ Int+3}
110352 | Zig:20   | Entered Level 20 of a ziggurat
110386 | Zig:20   | Reached skill level 15 in Invocations
110448 | Zig:20   | Reached skill level 15 in Bows
110452 | Zig:20   | Reached skill level 15 in Poison Magic
110498 | Zig:20   | Got a wavering tin ring
110499 | Zig:20   | Identified the ring "Pasaisoth" {Ice Str+3} (You found it
                  | on level 20 of a ziggurat)
110505 | Zig:20   | Got a scintillating golden amulet
110506 | Zig:20   | Identified the amulet of Kusch {Regen+ MP+9 Dex+2} (You
                  | found it on level 20 of a ziggurat)
110530 | Zig:20   | Lost mutation: You passively map a small area around you.
                  | [potion of mutation]
110530 | Zig:20   | Lost mutation: You have a pair of small horns on your head.
                  | [potion of mutation]
110530 | Zig:20   | Lost mutation: You are partially covered in thin metallic
                  | scales. (AC +2) [potion of mutation]
110530 | Zig:20   | Gained mutation: You have sharp fingernails. [potion of
                  | mutation]
110531 | Zig:20   | Lost mutation: You are clumsy. (Dex -2) [potion of
                  | mutation]
110531 | Zig:20   | Lost mutation: You do not regenerate when monsters are
                  | visible. [potion of mutation]
110531 | Zig:20   | Lost mutation: You have sharp fingernails. [potion of
                  | mutation]
110531 | Zig:20   | Lost mutation: You are partially covered in yellow scales.
                  | (AC +2) [potion of mutation]
110531 | Zig:20   | Gained mutation: You are agile. (Dex +2) [potion of
                  | mutation]
110531 | Zig:20   | Gained mutation: You are partially covered in molten
                  | scales. (AC +2) [potion of mutation]
110531 | Zig:20   | Gained mutation: You are partially covered in large bone
                  | plates. (SH +4) [potion of mutation]
110535 | Zig:21   | Entered Level 21 of a ziggurat
110547 | Zig:21   | Noticed a royal mummy
110547 | Zig:21   | Noticed a royal mummy
110547 | Zig:21   | Noticed a royal mummy
110548 | Zig:21   | Noticed a royal mummy
110548 | Zig:21   | Noticed a royal mummy
110548 | Zig:21   | Noticed a royal mummy
110548 | Zig:21   | Noticed a royal mummy
110548 | Zig:21   | Noticed a royal mummy
110550 | Zig:21   | Noticed a royal mummy
110550 | Zig:21   | Noticed a royal mummy
110550 | Zig:21   | Noticed a royal mummy
110550 | Zig:21   | Noticed a royal mummy
110550 | Zig:21   | Noticed a royal mummy
110550 | Zig:21   | Noticed a royal mummy
110550 | Zig:21   | Noticed a royal mummy
110550 | Zig:21   | Noticed a royal mummy
110551 | Zig:21   | Killed a royal mummy
110551 | Zig:21   | Killed a royal mummy
110551 | Zig:21   | Killed a royal mummy
110551 | Zig:21   | Killed a royal mummy
110551 | Zig:21   | Killed a royal mummy
110551 | Zig:21   | Killed a royal mummy
110551 | Zig:21   | Noticed a royal mummy
110551 | Zig:21   | Noticed a royal mummy
110552 | Zig:21   | Killed a royal mummy
110552 | Zig:21   | Killed a royal mummy
110552 | Zig:21   | Killed a royal mummy
110552 | Zig:21   | Killed a royal mummy
110552 | Zig:21   | Killed a royal mummy
110552 | Zig:21   | Noticed a royal mummy
110552 | Zig:21   | Noticed a royal mummy
110552 | Zig:21   | Noticed a royal mummy
110552 | Zig:21   | Noticed a royal mummy
110553 | Zig:21   | Reached skill level 15 in Translocations
110554 | Zig:21   | Killed a royal mummy
110554 | Zig:21   | Killed a royal mummy
110554 | Zig:21   | Killed a royal mummy
110554 | Zig:21   | Killed a royal mummy
110554 | Zig:21   | Killed a royal mummy
110554 | Zig:21   | Killed a royal mummy
110554 | Zig:21   | Killed a royal mummy
110554 | Zig:21   | Killed a royal mummy
110554 | Zig:21   | Noticed a royal mummy
110555 | Zig:21   | Noticed a royal mummy
110555 | Zig:21   | Noticed a royal mummy
110555 | Zig:21   | Noticed a royal mummy
110555 | Zig:21   | Noticed a royal mummy
110555 | Zig:21   | Noticed a royal mummy
110555 | Zig:21   | Noticed a royal mummy
110555 | Zig:21   | Noticed a royal mummy
110555 | Zig:21   | Noticed a royal mummy
110555 | Zig:21   | Noticed a royal mummy
110555 | Zig:21   | Noticed a royal mummy
110556 | Zig:21   | Found the ring of the Octopus King
110556 | Zig:21   | Found the +4 dagger "Morg" {pain, MR+ Int+5}
110556 | Zig:21   | Killed a royal mummy
110556 | Zig:21   | Killed a royal mummy
110556 | Zig:21   | Killed a royal mummy
110556 | Zig:21   | Noticed a royal mummy
110557 | Zig:21   | Killed a royal mummy
110557 | Zig:21   | Killed a royal mummy
110557 | Zig:21   | Killed a royal mummy
110557 | Zig:21   | Killed a royal mummy
110557 | Zig:21   | Killed a royal mummy
110557 | Zig:21   | Noticed a royal mummy
110557 | Zig:21   | Noticed a royal mummy
110557 | Zig:21   | Noticed a royal mummy
110557 | Zig:21   | Noticed a royal mummy
110558 | Zig:21   | Killed a royal mummy
110558 | Zig:21   | Killed a royal mummy
110558 | Zig:21   | Killed a royal mummy
110558 | Zig:21   | Killed a royal mummy
110558 | Zig:21   | Killed a royal mummy
110558 | Zig:21   | Noticed a royal mummy
110558 | Zig:21   | Noticed a royal mummy
110559 | Zig:21   | Killed a royal mummy
110570 | Zig:21   | Killed a royal mummy
110578 | Zig:21   | Killed a royal mummy
110579 | Zig:21   | Noticed a royal mummy
110581 | Zig:21   | Killed a royal mummy
110581 | Zig:21   | Killed a royal mummy
110581 | Zig:21   | Killed a royal mummy
110582 | Zig:21   | Killed a royal mummy
110594 | Zig:21   | Killed a royal mummy
110609 | Zig:21   | Killed a royal mummy
110704 | Zig:21   | Got a vibrating granite ring
110706 | Zig:21   | Identified the ring "Furgheuci" {+Blink rPois Str+4 SInv}
                  | (You found it on level 21 of a ziggurat)
110708 | Zig:21   | Identified the Collected Works on the Traveller and the
                  | Mountains
110766 | Zig:22   | Entered Level 22 of a ziggurat
110777 | Zig:22   | Noticed an ancient lich
110781 | Zig:22   | Noticed an ancient lich
110782 | Zig:22   | Killed an ancient lich
110782 | Zig:22   | Noticed an ancient lich
110782 | Zig:22   | Noticed an ancient lich
110785 | Zig:22   | Killed an ancient lich
110785 | Zig:22   | Killed an ancient lich
110785 | Zig:22   | Killed an ancient lich
110785 | Zig:22   | Noticed an ancient lich
110786 | Zig:22   | Noticed an ancient lich
110786 | Zig:22   | Noticed an ancient lich
110786 | Zig:22   | Noticed an ancient lich
110787 | Zig:22   | Noticed an ancient lich
110788 | Zig:22   | Noticed an ancient lich
110788 | Zig:22   | Killed an ancient lich
110788 | Zig:22   | Killed an ancient lich
110788 | Zig:22   | Killed an ancient lich
110788 | Zig:22   | Killed an ancient lich
110789 | Zig:22   | Noticed an ancient lich
110790 | Zig:22   | Killed an ancient lich
110790 | Zig:22   | Killed an ancient lich
110790 | Zig:22   | Noticed an ancient lich
110791 | Zig:22   | Killed an ancient lich
110791 | Zig:22   | Noticed an ancient lich
110792 | Zig:22   | Noticed an ancient lich
110793 | Zig:22   | Killed an ancient lich
110793 | Zig:22   | Killed an ancient lich
110793 | Zig:22   | Killed an ancient lich
110795 | Zig:22   | Noticed an ancient lich
110796 | Zig:22   | Killed an ancient lich
110796 | Zig:22   | Noticed an ancient lich
110798 | Zig:22   | Killed an ancient lich
110807 | Zig:22   | Found the +27 Lear's hauberk
110903 | Zig:22   | Got a fine glass ring
110904 | Zig:22   | Identified the ring "Neebaum" {*Slow rPois rC+ rN+ EV+4}
                  | (You found it on level 22 of a ziggurat)
110924 | Zig:22   | Identified the Almanac of Transmutation and Fire
110948 | Zig:22   | Identified the Handbook of the Ageless Lives
110967 | Zig:23   | Entered Level 23 of a ziggurat
111243 | Zig:23   | Identified Sif Muna's Handbook of Creation and Air
111259 | Zig:23   | Got a scorched iron ring
111261 | Zig:23   | Identified the ring of Xom Nosk {*Contam Str+4 SInv} (You
                  | found it on level 23 of a ziggurat)
111264 | Zig:23   | Identified Ucaodasch's Catalogue of Gliding Stones
111279 | Zig:24   | Entered Level 24 of a ziggurat
111441 | Zig:25   | Entered Level 25 of a ziggurat
111461 | Zig:25   | Gained mutation: Scrolls take you a little longer to read.
                  | [a cacodemon]
111466 | Zig:25   | Noticed Wedaff the pandemonium lord
111469 | Zig:25   | Killed Wedaff the pandemonium lord
111477 | Zig:25   | Killed from afar by a balrug

Illustrated notes

Levels and vault maps discovered:
D:1:      mrwooster_arrival_statue_2, layout_basic, minmay_hexomino_c4
D:2:      layout_basic
D:3:      layout_loops_cross
D:4:      layout_loops_ring, lemuel_crystal_altar, serial_shops,
          nicolae_shop_overgrown_old_shop, kennysheep_generic_room_12,
          uniq_sigmund, uniq_edmund
D:5:      layout_loops_ring, gup_sewer_entry_spiral, kennysheep_generic_room_5,
          uniq_grinder, uniq_pikel
D:6:      layout_gridville, minmay_temple_entry_offerings, uniq_duvessa,
          uniq_menkaure
D:7:      layout_gridville, basic_altar
D:8:      layout_loops_ring, nicolae_lava_and_water
D:9:      layout_roguey, serial_shops, nicolae_shop_waterfront,
          minmay_misc_feat_x, grunt_ministairs_5, chequers_jeans, minivault_29,
          uniq_erica
D:10:     cheibrodos_grave_circle, layout_rooms, david_lair_shrubbed,
          erik_orc_3, serial_shops, shop, uniq_grum
D:11:     layout_cave_pools, uniq_sonja
D:12:     layout_loops_ring, serial_shops, shop, lightli_corner_chamber,
          uniq_jorgrun
D:13:     layout_small_grid, grunt_vaults_entry_tiered, serial_shops,
          nicolae_shop_trees, hangedman_decor_clover_reticule,
          minmay_increasing_density, uniq_snorg
D:14:     layout_layer_cave, kennysheep_nondescript, st_stairs_4,
          serial_bayou_crossing, uniq_louise, uniq_nessos
D:15:     grunt_enter_depths_magical_seal, layout_basic, fedhas_altar_2,
          evilmike_ruin_ashenzari
Temple:   minmay_crystal_snake_temple
Lair:1:   layout_regular_city, lemuel_centaur_altar, grunt_megastairs_3,
          minmay_lair_oklob_chamber
Lair:2:   layout_regular_city, dummy_snake_entry, serial_bayou_shore_a,
          uniq_fannar
Lair:3:   layout_misc_corridors, swamp_mist, gauntlet_entry_generic,
          nicolae_volcano_entry_s_turn, minivault_11
Lair:4:   layout_loops_ring, grunt_megastairs_1
Lair:5:   layout_gridlike, wad_woods_road_01, grunt_megastairs_5
Lair:6:   evilmike_catoblepas_cave, layout_cellular_growth,
          nicolae_slime_entry_slimehenge, st_stairs_7
Swamp:1:  layout_falls_marsh, evilmike_swamp_ruin_house_2, kb_tengu_band
Swamp:2:  layout_falls_marsh, evilmike_swamp_ruin_house_1, swamp_pool1
Swamp:3:  layout_falls_marsh, evilmike_swamp_ruin_rubble_2,
          infiniplex_staircase_pool
Swamp:4:  swamp_old_school, layout_basic_swamp, gammafunk_ghost_split,
          swamp_pool1
Snake:1:  layout_chambers, uniq_frances
Snake:2:  layout_chambers, drop_trap, minmay_shop_star
Snake:3:  cheibrodos_forgotten_conduit, layout_cave_town,
          ebering_ghost_inner_flame, nicolae_snake_round_shape_thing,
          minmay_shop_grove, uniq_agnes
Snake:4:  snake_pit_salamanders_mu, layout_misc_corridors, lemuel_fruit_tree,
          uniq_aizul
Slime:1:  layout_caves
Slime:2:  layout_caves
Slime:3:  layout_caves, basic_altar
Slime:4:  layout_caves
Slime:5
Orc:1:    layout_caves, basic_altar
Orc:2:    st_orc_town, layout_diamond_mine, led_sif_book
Elf:1:    eino_elf_arrival_the_gate, layout_rooms, serial_shops, shop,
          serial_corexii_hall, chequers_hall_statues_y, corexii_hall_statues_t,
          minmay_elf_sorcery, st_stairs_4
Elf:2:    layout_loops_ring, serial_shops, shop_scrolls,
          serial_sigils_hangedman_gut
Elf:3:    minmay_elf_hall_furrowed, layout_gridlike, uniq_mara
Vaults:1: v_misc_11, vaults_dpeg_cross, nicolae_vaults_disjoint_gnomons,
          vaults_dpeg_hooks, v_misc_1, hangedman_vaults_unwind, st_diamondy,
          v_misc_18, vaults_room_fancy_cross, ontoclasm_vaults_decontamination,
          vaults_room_grunt_arrival_ludios, v_misc_16, layout_vaults_omnibox,
          serial_shops, nicolae_shop_window_shopping
Vaults:2: minmay_crypt_entry_necro_gods, vaults_room_glass_cross, v_rooms_1,
          vaults_room_mumra_shop_pool, nicolae_vaults_gold_heap,
          nicolae_vaults_border_crossing, v_misc_27,
          ontoclasm_vaults_ring_square, nicolae_vaults_asterisk,
          ontoclasm_vaults_chip, nicolae_vaults_stairing_the_circle,
          ontoclasm_vaults_misaligned, layout_vaults_omnicross
Vaults:3: nicolae_vaults_little_squares_3, ontoclasm_vaults_misaligned,
          nicolae_vaults_angled_halls, v_misc_22, v_pattern_5,
          hangedman_vaults_capsules, st_lattice, layout_vaults_omnigrid,
          uniq_boris
Vaults:4: vaults_room_door_hall, nicolae_vaults_little_squares_1,
          nicolae_vaults_bisected_exclaves, vaults_door_vault, v_misc_26,
          vaults_room_pool, v_misc_5, v_misc_27, hangedman_vaults_corner_blocks,
          vaults_mumra_hex, vaults_dpeg_diagonal, layout_vaults_big_room
Vaults:5
Crypt:1:  layout_misc_corridors, minmay_guarded_unrand_vampires_tooth,
          uniq_margery
Crypt:2:  layout_misc_corridors, grunt_megastairs_4
Crypt:3:  cryptofortress_bobbens
Tomb:1:   uniq_mennas
Tomb:2
Tomb:3
Depths:1: layout_cross, pan_entry, hell_entry, minmay_misc_feat_diagonals,
          abyss_entry_crystal, grunt_decor_one_mirror, minmay_misc_feat_five,
          solitary_fountain, uniq_enchantress
Depths:2: kennysheep_room_grid, layout_honeycomb, abyss_entry_small_statue_room,
          grunt_hell_entry_dis_grunt, serial_bayou_shore_b,
          rand_demon_pan_entry_9, tso_metal_star, infiniplex_staircase_zigzag_4
Depths:3: kennysheep_large_vault, layout_basic, enter_ziggurat_f,
          nicolae_abyss_entry_one_way_or_another, rand_demon_pan_entry_8,
          hell_entry, infiniplex_staircase_pool_2, serial_bayou_shore_b
Depths:4: grunt_profane_halls [grunt_profane_temple_geh,
          grunt_profane_temple_tar, grunt_profane_temple_coc,
          grunt_profane_temple_dis, grunt_profane_loot], pan_entry,
          serial_shops, abyss_entry, hell_entry
Depths:5: grunt_x_marks_the_spot, layout_gridville, hell_entry, abyss_entry,
          serial_bayou_pond_a, uniq_saint_roka, uniq_xtahua
Zot:1:    layout_misc_corridors, gammafunk_ghost_mausoleum
Zot:2:    layout_gridlike
Zot:3:    layout_misc_corridors, gammafunk_ghost_arena, grunt_megastairs_2
Zot:4:    layout_onion_interference, drop_trap, st_stairs_1, zot_minivault_3
Zot:5:    layout_basic, gammafunk_ghost_crypt, st_stairs_5, bh_zot_ikea_curve
Zig:25:   ziggurat_pillar_d, ziggurat_pillar_d, ziggurat_pillar_d,
          ziggurat_pillar_d, ziggurat_pillar_centre_dispersal,
          ziggurat_pillar_centre_dispersal, ziggurat_pillar_centre_dispersal,
          ziggurat_pillar_centre_dispersal

Skill      XL: |  1  2  3  4  5  6  7  8  9 10 11 12 13 14 15 16 17 18 19 20 21 22 23 24 25 26 27 |
---------------+----------------------------------------------------------------------------------+-----
Earth Magic    | 4 5 6 7 8 9 10 11 12 13 14 15 17 18 19 20 21 27 | 27.0
Spellcasting   | 3 4 5 6 7 8 9 10 11 12 13 14 15 16 27 | 27.0
Conjurations   | 1 3 5 6 7 8 9 10 11 12 13 14 15 16 17 18 27 | 27.0
Fighting       | 1 3 5 6 7 8 10 11 12 13 14 15 16 17 27 | 27.0
Armour         | 1 3 5 6 27 | 27.0
Maces & Flails | 1 3 4 5 7 8 27 | 27.0
Dodging        | 2 3 4 5 6 7 8 9 10 11 12 13 14 27 | 27.0
Evocations     | 2 3 5 6 7 8 9 10 27 | 27.0
Staves         | 3 5 6 7 8 9 10 27 | 27.0
Fire Magic     | 2 5 10 14 15 16 17 18 19 20 27 | 27.0
Transmutations | 27 | 27.0
Necromancy     | 27 | 27.0
Shields        | 27 | 27.0
Ice Magic      | 27 | 27.0
Air Magic      | 27 | 27.0
Stealth        | 27 | 27.0
Polearms       | 27 | 27.0
Axes           | 27 | 27.0
Long Blades    | 27 | 27.0
Summonings     | 27 | 27.0
Short Blades   | 27 | 27.0
Unarmed Combat | 27 | 27.0
Slings         | 27 | 27.0
Crossbows      | 27 | 27.0
Throwing       | 27 | 27.0
Hexes          | 27 | 27.0
Bows           | 24 | 24.0
Translocations | 22 | 22.1
Poison Magic   | 23 | 23.7
Invocations    | 25 | 25.4

Action                   |  1- 3 |  4- 6 |  7- 9 | 10-12 | 13-15 | 16-18 | 19-21 | 22-24 | 25-27 || total
-------------------------+-------+-------+-------+-------+-------+-------+-------+-------+-------++-------
Melee: Mace              |    95 |   120 |   383 |    14 |       |       |       |       |       ||   612
       Flail             |       |       |       |   506 |   176 |       |       |       |       ||   682
       Staff             |       |       |       |       |   644 |   691 |   465 |   261 |  1461 ||  3522
       Headbutt          |       |       |       |       |       |       |       |       |    36 ||    36
       Lance             |       |       |       |       |       |       |       |       |    19 ||    19
Throw: Throwing net      |       |       |       |       |       |       |       |     1 |       ||     1
 Cast: Sandblast         |    13 |    42 |    62 |    58 |    16 |    12 |     2 |       |       ||   205
       Stone Arrow       |       |       |    28 |    50 |    39 |       |       |       |       ||   117
       Lee's Rapid Decon |       |       |     4 |    59 |   106 |    37 |    51 |     5 |    27 ||   289
       Bolt of Magma     |       |       |       |       |    25 |    26 |     3 |     2 |     2 ||    58
       Iron Shot         |       |       |       |       |    31 |   246 |   172 |    66 |   209 ||   724
       Fireball          |       |       |       |       |       |    40 |    14 |     7 |       ||    61
       Irradiate         |       |       |       |       |       |    15 |     5 |     3 |       ||    23
       Ignition          |       |       |       |       |       |     3 |    56 |    24 |   498 ||   581
       Shatter           |       |       |       |       |       |       |       |    49 |  1585 ||  1634
       Fire Storm        |       |       |       |       |       |       |       |       |   491 ||   491
       Absolute Zero     |       |       |       |       |       |       |       |       |   288 ||   288
       Discord           |       |       |       |       |       |       |       |       |    44 ||    44
       Necromutation     |       |       |       |       |       |       |       |       |    28 ||    28
       Death's Door      |       |       |       |       |       |       |       |       |    16 ||    16
       Tornado           |       |       |       |       |       |       |       |       |     6 ||     6
       Lehudib's Crystal |       |       |       |       |       |       |       |       |     5 ||     5
 Abil: Evoke Invisibilit |       |       |       |       |     1 |     1 |       |       |    12 ||    14
       Fly               |       |       |       |       |     1 |       |       |       |       ||     1
       End Transformatio |       |       |       |       |       |       |       |       |     7 ||     7
Evoke: Wand              |       |       |       |     1 |     7 |     6 |     2 |       |     7 ||    23
       Condenser vane    |       |       |       |       |     3 |     4 |     2 |       |     9 ||    18
       Box of beasts     |       |       |       |       |     2 |       |       |       |     2 ||     4
       Tin of tremorston |       |       |       |       |       |       |     3 |       |     7 ||    10
       Figurine of a zig |       |       |       |       |       |       |       |       |     7 ||     7
  Use: Scroll            |       |    15 |     3 |    11 |    29 |    10 |     3 |     7 |   311 ||   389
       Potion            |       |       |       |     5 |     2 |     2 |     1 |     2 |   178 ||   190
 Stab: Sleeping          |     2 |     4 |     3 |     8 |     1 |     1 |       |     3 |     3 ||    25
       Confused          |       |       |       |       |     1 |       |       |       |     1 ||     2
       Distracted        |       |       |       |       |     1 |       |     1 |       |     4 ||     6
       Petrified         |       |       |       |       |     8 |       |       |       |       ||     8
       Invisible         |       |       |       |       |       |       |       |       |     1 ||     1
       Petrifying        |       |       |       |       |       |       |       |       |     1 ||     1
Armor: Robe              |    62 |    56 |   170 |   262 |   105 |       |       |       |       ||   655
       Troll leather arm |       |       |       |       |   388 |   495 |   317 |   170 |   352 ||  1722
       Acid dragon scale |       |       |       |       |       |       |       |       |  1899 ||  1899
Dodge: Dodged            |   109 |   118 |   354 |   476 |   858 |   633 |   369 |   171 |  3518 ||  6606
Block: Buckler           |       |       |       |       |       |       |       |       |  1674 ||  1674
       Reflection        |       |       |       |       |       |       |       |       |   297 ||   297

Table legend: (Time is in decaauts)
 A = Elapsed time spent in this place.
 B = Non-inter-level travel time spent in this place.
 C = Inter-level travel time spent in this place.
 D = Time resting spent in this place.
 E = Time spent auto-exploring this place.
 F = Levels seen in this place.
 G = Mean time per level.
                   A        B        C        D        E       F      G
               +--------+--------+--------+--------+--------+-----+--------+
         Total | 111350 | 105585 |   5765 |  28575 |  45454 | 267 |  417.0 |
       Dungeon |  24733 |  22887 |   1846 |   5124 |  13398 |  15 | 1648.9 |
        Temple |    260 |    223 |     37 |      0 |    212 |   1 |  260.0 |
          Lair |   6761 |   6010 |    751 |    550 |   4094 |   6 | 1126.8 |
         Swamp |   4377 |   4142 |    235 |   1554 |   1828 |   4 | 1094.2 |
     Snake Pit |   7423 |   6884 |    539 |   1605 |   4093 |   4 | 1855.8 |
    Slime Pits |   1439 |   1361 |     78 |    637 |    326 |   5 |  287.8 |
  Orcish Mines |   1467 |   1375 |     92 |     71 |    808 |   2 |  733.5 |
   Elven Halls |   3241 |   3147 |     94 |    496 |   1898 |   3 | 1080.3 |
        Vaults |   9366 |   8419 |    947 |   1621 |   5171 |   5 | 1873.2 |
         Crypt |   3360 |   3200 |    160 |    656 |   1537 |   3 | 1120.0 |
          Tomb |   2736 |   2635 |    101 |    389 |   1341 |   3 |  912.0 |
        Depths |   7469 |   6915 |    554 |   1330 |   4248 |   5 | 1493.8 |
           Zot |   5545 |   5219 |    326 |    207 |   4302 |   5 | 1109.0 |
         Abyss |    807 |    807 |      0 |     54 |    328 |   3 |  269.0 |
   Pandemonium |   2419 |   2419 |      0 |    470 |    452 |  13 |  186.1 |
      Ziggurat |  27762 |  27762 |      0 |  13633 |    268 | 187 |  148.5 |
         Sewer |   1352 |   1352 |      0 |      7 |    927 |   1 | 1352.0 |
       Volcano |    393 |    393 |      0 |     60 |     76 |   1 |  393.0 |
      Gauntlet |    432 |    432 |      0 |    108 |    145 |   1 |  432.0 |
               +--------+--------+--------+--------+--------+-----+--------+

Top non-repeatable levels by time:
    D:13: 3373 daAuts
Vaults:4: 2299 daAuts
 Snake:4: 2061 daAuts
    D:10: 2050 daAuts
Vaults:3: 2045 daAuts
  Zig:26: 2027 daAuts
     D:5: 1970 daAuts
 Snake:2: 1966 daAuts
Vaults:1: 1961 daAuts
  Zig:23: 1954 daAuts
    D:12: 1793 daAuts
    D:14: 1776 daAuts
 Snake:3: 1753 daAuts
Depths:3: 1724 daAuts
  Zig:27: 1709 daAuts
